Workbook

Sheet 教育扶持 (2)
A1: 化隆县“十三五”脱贫攻坚规划教育扶持专项工程建设项目及投资表
A2: 序号 | B2: 乡（镇）、村名 | C2: 教育扶持人、次 | G2: 建设性质 | H2: 建设年限 | I2: 规划内容与规模 | J2: 投资（万元）
C3: 小计 | D3: 本科生 | E3: 大专生 | F3: 高职校
A4: 全县合计 | C4: =C5+C11+C20+C46+C52 -> 5213 | D4: =D5+D11+D20+D46+D52 -> 2667 | E4: =E5+E11+E20+E46+E52 -> 1388 | F4: =F5+F11+F20+F46+F52 -> 1158 | J4: =J5+J11+J20+J46+J52 -> 5276.866
A5: 一 | B5: 困难学生补助 | C5: =SUM(C6:C10) -> 5213 | D5: =SUM(D6:D10) -> 2667 | E5: =SUM(E6:E10) -> 1388 | F5: =SUM(F6:F10) -> 1158 | J5: =SUM(J6:J10) -> 1849.75
A6: 1 | B6: 2016年教育补助费 | C6: =SUM(D6:F6) -> 1047 | D6: 496 | E6: 295 | F6: 256 | G6: 新建 | I6: 贫困学生救助 | J6: 352.05
A7: 2 | B7: 2017年教育补助费 | C7: =SUM(D7:F7) -> 986 | D7: 521 | E7: 253 | F7: 212 | G7: 新建 | I7: 贫困学生救助 | J7: 350.7
A8: 3 | B8: 2018年教育补助费 | C8: =SUM(D8:F8) -> 1010 | D8: 530 | E8: 260 | F8: 220 | G8: 新建 | I8: 贫困学生救助 | J8: 356
A9: 4 | B9: 2019年教育补助费 | C9: =SUM(D9:F9) -> 1060 | D9: 550 | E9: 280 | F9: 230 | G9: 新建 | I9: 贫困学生救助 | J9: 379
A10: 5 | B10: 2020年教育补助费 | C10: =SUM(D10:F10) -> 1110 | D10: 570 | E10: 300 | F10: 240 | G10: 新建 | I10: 贫困学生救助 | J10: 412
A11: 二 | B11: 2016年教育扶持项目 | J11: =SUM(J12:J19) -> 393.756
A12: 1 | B12: 巴燕镇什介列学校 | G12: 新建 | H12: 2016 | I12: 附属设施：新建围墙30m，饮水管网50m；购置设备：取暖设备1套、监控设施8处，太阳能路灯2盏。 | J12: 21.976
A13: 2 | B13: 昂思多镇牙什扎学校 | G13: 新建 | H13: 2016 | I13: 购置设备：取暖设备1套、课桌凳30张、办公桌2张、监控设施8处，太阳能路灯2盏。 | J13: 7.76
A14: 3 | B14: 昂思多镇尕什加学校 | G14: 新建 | H14: 2016 | I14: 购置设备：取暖设备1套、课桌凳20张、办公桌2张、监控设施8处，太阳能路灯2盏。 | J14: 7.48
A15: 4 | B15: 查甫乡跃洞学校 | G15: 维修改造 | H15: 2016 | I15: 维修校舍300m2。附属设施：新建围墙220m，硬化地坪2800m2、大门1座；购置设备：取暖设备1套、课桌凳75张、办公桌6张、监控设施16处、太阳能路灯4盏。 | J15: 129.64
A16: 5 | B16: 石大仓乡沙让学校 | G16: 新建 | H16: 2016 | I16: 购置设备：取暖设备1套、课桌凳50张、办公桌4张、监控设施8处，太阳能路灯2盏。 | J16: 23.16
A17: 6 | B17: 甘都镇东六学校 | G17: 新建 | H17: 2016 | I17: 购置设备：取暖设备1套、课桌凳30张、办公桌4张、监控设施8处，太阳能路灯2盏。 | J17: 14.2
A18: 7 | B18: 二塘乡科却学校 | G18: 维修改造 | H18: 2016 | I18: 维修校舍550m2。附属设施：硬化地坪2500m2、大门1座、饮水管网80m；购置设备：取暖设备1套、课桌凳70张、办公桌7张、监控设施8处、太阳能路灯2盏。 | J18: 109.84
A19: 8 | B19: 群科镇公义学校 | G19: 维修改造 | H19: 2016 | I19: 维修校舍240m2。附属设施：硬化地坪200m2、大门1座；购置设备：取暖设备1套、课桌凳50张、监控设施32处、太阳能路灯4盏。 | J19: 79.7
A20: 三 | B20: 2017年教育扶持项目 | J20: =SUM(J21:J45) -> 1659
A21: 1 | B21: 巴燕镇金家庄学校 | G21: 维修改造 | H21: 2017 | I21: 维修校舍853m2。购置取暖设施1套。 | J21: 89.77
A22: 2 | B22: 巴燕镇上拉干学校 | G22: 新建 | H22: 2017 | I22: 购置取暖设施1套。 | J22: 10
A23: 3 | B23: 巴燕镇马场学校 | G23: 新建 | H23: 2017 | I23: 新建附属设施；购置取暖设施1套、课桌凳30张、办公桌2张、监控设施8处。 | J23: 56.62
A24: 4 | B24: 巴燕镇上卷学校 | G24: 新建 | H24: 2017 | I24: 新建校舍200m2。新建附属设施；购置取暖设施1套。 | J24: 81.5
A25: 5 | B25: 昂思多镇关相口学校 | G25: 新建 | H25: 2017 | I25: 购置取暖设施1套、课桌凳20张、办公桌2张、监控设施8处。 | J25: 14.42
A26: 6 | B26: 昂思多镇德加落忙学校 | G26: 新建 | H26: 2017 | I26: 新建附属设施；购置取暖设施1套、课桌凳20张、办公桌2张、监控设施8处。 | J26: 28.44
A27: 7 | B27: 甘都镇甘都街学校 | G27: 新建 | H27: 2017 | I27: 购置取暖设施1套、办公桌4张、监控设施16处。 | J27: 48.4
A28: 8 | B28: 甘都镇关巴学校 | G28: 新建 | H28: 2017 | I28: 购置取暖设施1套、课桌凳60张。 | J28: 17.58
A29: 9 | B29: 群科镇安达其哈学校 | G29: 新建 | H29: 2017 | I29: 购置取暖设施1套、课桌凳40张、办公桌4张、监控设施8处。 | J29: 13.6
A30: 10 | B30: 群科镇雪什藏学校 | G30: 新建 | H30: 2017 | I30: 购置取暖设施1套、课桌凳560张、办公桌25张。 | J30: 119.18
A31: 11 | B31: 扎巴镇四哈宁学校 | G31: 新建 | H31: 2017 | I31: 购置取暖设施1套、课桌凳70张、办公桌4张。 | J31: 11.42
A32: 12 | B32: 扎巴镇南滩学校 | G32: 新建 | H32: 2017 | I32: 新建校舍1200m2。新建附属设施；购置取暖设施1套、课桌凳150张、办公桌10张。 | J32: 418.1
... A45: 25 | B45: 德恒隆乡德一学校 | G45: 新建 | H45: 2017 | I45: 购置课桌凳240张、办公桌15张、监控设施8处。 | J45: 11.22
A46: 四 | B46: 2018年教育扶持项目 | J46: =SUM(J47:J51) -> 811.36
A47: 1 | B47: 化隆县第四中学 | G47: 新建 | H47: 2018 | I47: 购置取暖设施1套。 | J47: 320
A48: 2 | B48: 金源乡旦麻学校 | G48: 新建 | H48: 2018 | I48: 新建校舍180m2。附属设施：新建围墙180m，硬化地坪1600m2。 | J48: 85.2
A49: 3 | B49: 群科镇舍仁学校 | G49: 新建 | H49: 2018 | I49: 新建校舍300m2。附属设施：新建围墙300m，硬化地坪4500m2、大门1座，饮水管网350m。 | J49: 171
A50: 4 | B50: 查甫乡东台学校 | G50: 新建 | H50: 2018 | I50: 新建校舍180m2。附属设施：新建围墙108m，硬化地坪600m2、大门1座；购置取暖设施1套。 | J50: 70.26
A51: 5 | B51: 德恒隆乡卡什代搬迁村学校 | G51: 新建 | H51: 2018 | I51: 新建校舍400m2。附属设施：新建围墙180m，硬化地坪1600m2。大门1座，饮水管网100m；购置取暖设施1套。 | J51: 164.9
A52: 五 | B52: 2019年教育扶持项目 | J52: =SUM(J53:J65) -> 563
A53: 1 | B53: 塔加乡塔加学校 | G53: 新建 | H53: 2019 | I53: 新建附属设施；购置取暖设施1套、课桌凳100张、监控设施12处。 | J53: 35
A54: 2 | B54: 群科镇格尔麻学校 | G54: 新建 | H54: 2019 | I54: 购置取暖设施1套、课桌凳60张。 | J54: 13.8
A55: 3 | B55: 甘都上四合生学校 | G55: 新建、维修 | H55: 2019 | I55: 新建校舍50m2、维修校舍540m2。新建附属设施；购置取暖设施1套、课桌凳70张、办公桌8张。 | J55: 79.6
A56: 4 | B56: 阿什努刘什洞学校 | G56: 新建 | H56: 2019 | I56: 购置取暖设施1套、课桌凳60张。 | J56: 14.1
A57: 5 | B57: 昂思多尕吾塘学校 | G57: 新建 | H57: 2019 | I57: 新建校舍27m2。新建附属设施；购置取暖设施1套、课桌凳20张、办公桌2张、监控设施8处。 | J57: 50
A58: 6 | B58: 昂思多先群学校 | G58: 新建 | H58: 2019 | I58: 新建校舍500m2。新建附属设施；购置办公桌10张。 | J58: 126.4
A59: 7 | B59: 查甫上曲加学校 | G59: 新建 | H59: 2019 | I59: 购置取暖设施1套、课桌凳50张、办公桌3张。 | J59: 18
A60: 8 | B60: 谢家滩窑隆学校 | G60: 新建 | H60: 2019 | I60: 新建附属设施；购置取暖设施1套、办公桌6张、监控设施8处。 | J60: 32.5
A61: 9 | B61: 二塘尕吾山学校 | G61: 新建 | H61: 2019 | I61: 购置取暖设施1套、课桌凳30张。 | J61: 13.3
A62: 10 | B62: 初麻沙尔洞学校 | G62: 维修 | H62: 2019 | I62: 维修校舍900m2。 | J62: 54
A63: 11 | B63: 沙连堡乡塔加学校 | G63: 新建 | H63: 2019 | I63: 新建校舍120m2。新建附属设施；购置办公桌8张。 | J63: 37.6
A64: 12 | B64: 甘都桥五学校(东七) | G64: 新建 | H64: 2019 | I64: 新建校舍60m2。新建附属设施。 | J64: 32.8
A65: 13 | B65: 昂思多尕什加学校 | G65: 维修 | H65: 2019 | I65: 维修校舍442m2。购置取暖设施1套、课桌凳20张、办公桌2张、监控设施8处。 | J65: 55.9

Sheet 交通 (2)
A1: 化隆县“十三五”脱贫攻坚规划交通专项工程建设项目及投资表
A2: 序号 | B2: 乡（镇）、村名 | C2: 项目受益贫困户 | E2: 建设性质 | F2: 建设年限 | G2: 规划内容与规模 | H2: 投资 （万元） | I2: 资金来源（万元）
C3: 户数 | D3: 人数 | I3: 专项资金 | J3: 国开行贷款
A4: 全县合计 | H4: 7435.29 | I4: 3954.09 | J4: 3481.495
A5: 一 | B5: 金源乡 | H5: =SUM(H6:H10) -> 399.43 | I5: =SUM(I6:I10) -> 346.48 | J5: =SUM(J6:J10) -> 52.95
A6: 1 | B6: 日古村 | E6: 新建 | F6: 2016 | G6: 完成村道硬化支线7.8km。 | H6: =SUM(I6:J6) -> 85.8 | I6: 85.8
A7: 2 | B7: 尖科 | E7: 改造 | F7: 2017 | G7: 完成村道硬化1km。 | H7: =SUM(I7:J7) -> 115 | I7: 100 | J7: 15
A8: 3 | B8: 知海买村 | E8: 新建 | F8: 2016 | G8: 完成村道硬化主线4km。 | H8: =SUM(I8:J8) -> 80.68 | I8: 80.68
A9: 4 | B9: 下什堂 | E9: 改造、新建 | F9: 2018 | G9: 完成村道硬化3.2km。其中改造主线2.2km，支线1km。 | H9: =SUM(I9:J9) -> 108.5 | I9: 80 | J9: 28.5
A10: 5 | B10: 安关群哇 | E10: 改造 | F10: 2018 | G10: 完成村道硬化主线改造0.45km。 | H10: =SUM(I10:J10) -> 9.45 | J10: 9.45
A11: 二 | B11: 扎巴镇 | H11: =SUM(H12:H21) -> 830.65 | I11: =SUM(I12:I21) -> 649 | J11: =SUM(J12:J21) -> 181.65
A12: 1 | B12: 四哈宁 | E12: 改造、新建 | F12: 2017 | G12: 完成村道硬化7km。其中改造主线4km，支线3km。 | H12: =SUM(I12:J12) -> 180 | I12: 120 | J12: 60
A13: 2 | B13: 南滩 | E13: 新建 | F13: 2017 | G13: 完成村道硬化主线1.6km。 | H13: =SUM(I13:J13) -> 24 | I13: 24
A14: 3 | B14: 曲先昂 | E14: 新建 | F14: 2017 | G14: 完成村道硬化6.30km。其中主线2km，支线4.3km。 | H14: =SUM(I14:J14) -> 77.3 | I14: 77.3
A15: 4 | B15: 挖隆沟 | E15: 新建 | F15: 2017 | G15: 完成村道硬化3.9km。其中主线1.2km，支线2.7km。 | H15: =SUM(I15:J15) -> 47.7 | I15: 47.7
A16: 5 | B16: 本康沟村 | E16: 改造、新建 | F16: 2018 | G16: 完成村道硬化3.2km。其中改造主线3km，支线0.63km。桥梁1座17m。 | H16: =SUM(I16:J16) -> 110.45 | I16: 80 | J16: 30.45
A17: 6 | B17: 结拉村 | E17: 新建 | F17: 2018 | G17: 完成村道硬化支线5.521km。圆管涵2道。 | H17: =SUM(I17:J17) -> 30 | J17: 30
A18: 7 | B18: 大拉曲村 | E18: 新建 | F18: 2018 | G18: 完成村道硬化支线3.9km。圆管涵5道。 | H18: =SUM(I18:J18) -> 330 | I18: 300 | J18: 30
A19: 8 | B19: 扎巴四村 | E19: 新建 | F19: 2018 | G19: 完成村道硬化支线1.8km。圆管涵5道。 | H19: =SUM(I19:J19) -> 7.5 | J19: 7.5
A20: 9 | B20: 扎巴三村 | E20: 新建 | F20: 2018 | G20: 完成村道硬化支线1.2km。 | H20: =SUM(I20:J20) -> 9 | J20: 9
A21: 10 | B21: 阴坡村 | E21: 新建 | F21: 2018 | G21: 完成村道硬化支线1.7km。桥梁1座17m。圆管涵1道。 | H21: =SUM(I21:J21) -> 14.7 | J21: 14.7
A22: 11 | B22: 黄麻村 | E22: 改造、新建 | F22: 2019 | G22: 完成村道硬化3.379km。其中改造主线2.95km，新建支线0.4km。桥梁1座。 | H22: 126.035 | J22: 126.035
A23: 12 | B23: 关沙村 | E23: 新建 | F23: 2019 | G23: 桥梁2座 | H23: 87 | J23: 87
A24: 三 | B24: 牙什尕镇 | H24: =SUM(H25:H29) -> 239.38 | I24: =SUM(I25:I29) -> 135.43 | J24: =SUM(J25:J29) -> 103.95
A25: 1 | B25: 塘一村 | E25: 新建 | F25: 2016 | G25: 完成村道硬化2.23km。其中主线0.838km，支线1.392km；圆管涵1道。 | H25: =SUM(I25:J25) -> 39.63 | I25: 39.63
A26: 2 | B26: 参二 | E26: 改造 | F26: 2017 | G26: 完成村道硬化支线改造1.2km | H26: =SUM(I26:J26) -> 13.2 | J26: 13.2
A27: 3 | B27: 塘三 | E27: 改造、新建 | F27: 2018 | G27: 完成村道硬化2.7km。其中改造主线2km，支线0.7km。桥梁1座17m。圆管涵2道。 | H27: =SUM(I27:J27) -> 31.5 | J27: 31.5
A28: 4 | B28: 参果滩三村 | E28: 改造、新建 | F28: 2018 | G28: 完成村道硬化3km。其中改造主线2km，支线1km。桥梁1座17m。维修改造12m桥梁1座，圆管涵2道。 | H28: =SUM(I28:J28) -> 81 | I28: 45 | J28: 36
A29: 5 | B29: 哇尔江 | E29: 改造、新建 | F29: 2018 | G29: 完成村道硬化1.75km。其中改造主线1.6km，支线0.15km。桥梁1座17m。 | H29: =SUM(I29:J29) -> 74.05 | I29: 50.8 | J29: 23.25
A30: 6 | B30: 牙什尕村 | E30: 改造、新建 | F30: 2019 | G30: 完成村道硬化3.685km。其中改造主线0.5km，新建支线3.185km。 | H30: 61.775 | J30: 61.775
A31: 四 | B31: 塔加乡 | H31: =SUM(H32:H34) -> 313.45 | I31: =SUM(I32:I34) -> 203.45 | J31: =SUM(J32:J34) -> 110
A32: 1 | B32: 德扎村 | E32: 新建 | F32: 2016 | G32: 完成村道硬化5.95km。其中主线0.38km，支线5.57km。 | H32: =SUM(I32:J32) -> 83.45 | I32: 83.45
A33: 2 | B33: 贡什加 | E33: 新建 | F33: 2017 | G33: 完成村道硬化支线10km | H33: =SUM(I33:J33) -> 230 | I33: 120 | J33: 110
A34: 3 | B34: 曹旦么村 | E34: 新建 | F34: 2018 | G34: 完成村道硬化支线0.6km
A35: 4 | B35: 塔一村 | E35: 新建 | F35: 2019 | G35: 完成村道硬化支线9.78km。 | H35: 146.7 | J35: 146.7
A36: 五 | B36: 群科镇 | H36: =SUM(H37:H43) -> 259.4 | I36: =SUM(I37:I43) -> 191 | J36: =SUM(J37:J43) -> 225.4
A37: 1 | B37: 安达其哈 | E37: 改造 | F37: 2017 | G37: 完成村道硬化主线改造0.6km。 | H37: 9 | J37: 9
A38: 2 | B38: 水库滩 | E38: 新建 | F38: 2017 | G38: 完成村道硬化13.6km。其中主线6.80km，支线6.80km。 | H38: 116.8 | I38: 89 | J38: 116.8
A39: 3 | B39: 雪什藏 | E39: 改造 | F39: 2017 | G39: 完成村道硬化主线改造0.5km。 | H39: 7.5 | J39: 7.5
A40: 4 | B40: 乙沙二村 | E40: 改造、新建 | F40: 2018 | G40: 完成村道硬化2.8km。其中改造主线2km，支线0.8km。圆管涵6道。 | H40: 39 | J40: 39
A41: 5 | B41: 若加村 | E41: 改造、新建 | F41: 2018 | G41: 完成村道硬化主线改造0.8km。圆管涵1道。 | H41: 6.3 | J41: 6.3
A42: 6 | B42: 科木其村 | E42: 改造、新建 | F42: 2018 | G42: 完成村道硬化2km。其中改造主线0.3km，支线1.7km。圆管涵5道。 | H42: 59.8 | I42: 34 | J42: 25.8
A43: 7 | B43: 加洛乎村 | E43: 改造、新建 | F43: 2018 | G43: 完成村道硬化主线改造1km。圆管涵6道。 | H43: 21 | I43: 68 | J43: 21
A44: 8 | B44: 格尔麻村 | E44: 改造、新建 | F44: 2019 | G44: 计划村道硬化2.53km。其中改善主线2.5km、新建支线0.03km。小桥1座 | H44: 98.305 | J44: 98.305
A45: 六 | B45: 德恒隆乡 | H45: =SUM(H46:H51) -> 495.9 | I45: =SUM(I46:I51) -> 337.1 | J45: =SUM(J46:J51) -> 158.8
A46: 1 | B46: 黄吾具村 | E46: 新建 | F46: 2016 | G46: 完成村道硬化4.559km。其中主线4.442km，支线0.117km。 | H46: =SUM(I46:J46) -> 67.9 | I46: 67.9
A47: 2 | B47: 西后加 | E47: 新建 | F47: 2017 | G47: 完成村道硬化主线改造3.0km。 | H47: =SUM(I47:J47) -> 95 | I47: 50 | J47: 45
A48: 3 | B48: 徳一 | E48: 改造 | F48: 2017 | G48: 完成村道硬化改造8km。其中改造主线2km，改造支线6km。 | H48: =SUM(I48:J48) -> 184 | I48: 88 | J48: 96
A49: 4 | B49: 加家 | F49: 2018 | G49: 完成村道硬化主线改造1.0km。 | H49: 15 | J49: 15
A50: 5 | B50: 加家 | E50: 改造 | F50: 2019 | G50: 完成村道硬化主线改造0.1km。 | H50: 2.8 | J50: 2.8
A51: 6 | B51: 若索村 | F51: 2018 | G51: 完成村道硬化8.4km。其中主线0.4km，支线8km。 | H51: =SUM(I51:J51) -> 131.2 | I51: 131.2
A52: 七 | B52: 甘都镇 | H52: =SUM(H53:H60) -> 441.725 | I52: =SUM(I53:I60) -> 178.8 | J52: =SUM(J53:J60) -> 124.725
A53: 1 | B53: 东六村 | E53: 新建 | F53: 2016 | G53: 完成村道硬化支线5.3km | H53: =SUM(I53:J53) -> 28 | I53: 28
A54: 2 | B54: 甘都街 | E54: 新建 | F54: 2017 | G54: 完成村道硬化支线2.9km。 | H54: =SUM(I54:J54) -> 31.9 | I54: 31.9
A55: 3 | B55: 关巴村 | E55: 新建 | F55: 2017 | G55: 完成村道硬化支线1.1km。 | H55: =SUM(I55:J55) -> 12.1 | I55: 12.1
A56: 4 | B56: 牙路乎村 | E56: 改造 | F56: 2018 | G56: 73m桥梁1座 | H56: 138.2
A57: 5 | B57: 牙路乎村 | E57: 改造、新建 | F57: 2018 | G57: 完成村道硬化8.595km。其中改造主线0.6km，支线7.995km。圆管涵10道。 | H57: =SUM(I57:J57) -> 92.925 | J57: 92.925
A58: 6 | B58: 阿化村 | E58: 新建 | F58: 2018 | G58: 完成村道硬化支线0.5km | H58: =SUM(I58:J58) -> 15 | I58: 7.5 | J58: 7.5
A59: 7 | B59: 西滩村 | E59: 新建 | F59: 2018 | G59: 完成村道硬化支线0.5km | H59: =SUM(I59:J59) -> 15 | I59: 7.5 | J59: 7.5
A60: 8 | B60: 上四合生 | E60: 改造、新建 | F60: 2018 | G60: 完成村道硬化1km。其中改造主线0.3km，支线0.7km。 | H60: =SUM(I60:J60) -> 108.6 | I60: 91.8 | J60: 16.8
A61: 9 | B61: 东七村 | E61: 改建 | F61: 2019 | G61: 小桥1座 | H61: 37 | J61: 37
A62: 八 | B62: 阿什努乡 | H62: =SUM(H63:H65) -> 299.75 | I62: =SUM(I63:I65) -> 269.75 | J62: =SUM(J63:J65) -> 30
A63: 1 | B63: 拉卡 | E63: 新建 | F63: 2017 | G63: 完成村道硬化主线1.6km。 | H63: =SUM(I63:J63) -> 24.75 | I63: 24.75
A64: 2 | B64: 松赛 | E64: 新建 | F64: 2017 | G64: 完成村道硬化18km。其中主线8km，支线10km。 | H64: =SUM(I64:J64) -> 230 | I64: 230
A65: 3 | B65: 纳哈隆村 | F65: 2018 | G65: 完成村道硬化支线3km | H65: =SUM(I65:J65) -> 45 | I65: 15 | J65: 30
A66: 4 | B66: 刘什洞村 | E66: 改造 | F66: 2019 | G66: 完成村道硬化主线改造0.4km。 | H66: 11.2 | J66: 11.2
A67: 九 | B67: 巴燕镇 | H67: =SUM(H68:H75) -> 203.99 | I67: =SUM(I68:I75) -> 14.8 | J67: =SUM(J68:J75) -> 189.19
A68: 1 | B68: 上拉干 | E68: 改造 | F68: 2017 | G68: 完成村道硬化改造5.126km。其中改造主线1km，改造支线4.126km。 | H68: =SUM(I68:J68) -> 60.39 | J68: 60.39
A69: 2 | B69: 克么 | E69: 新建、改造 | F69: 2017 | G69: 完成村道硬化改造1.3km。其中主线0.3km，改造支线1km。圆管涵1道。 | H69: =SUM(I69:J69) -> 20.5 | J69: 20.5
A70: 3 | B70: 上卷 | E70: 改造 | F70: 2017 | G70: 完成村道硬化主线改造4.0km。 | H70: =SUM(I70:J70) -> 60 | J70: 60
A71: 4 | B71: 金家庄 | E71: 新建 | F71: 2017 | G71: 完成村道硬化1.3km。其中主线0.2km，支线1.1km。 | H71: 14.8 | I71: 14.8
A72: 5 | B72: 上吾具 | E72: 改造 | F72: 2018 | G72: 完成村道硬化主线改造0.3km。圆管涵3道。 | H72: =SUM(I72:J72) -> 6.3 | J72: 6.3
A73: 6 | B73: 东下 | E73: 改造 | F73: 2018 | G73: 完成村道硬化主线改造0.5km。 | H73: =SUM(I73:J73) -> 10.5 | J73: 10.5
A74: 7 | B74: 卜隆 | E74: 改造 | F74: 2018 | G74: 完成村道硬化主线改造0.5km。圆管涵2道。 | H74: =SUM(I74:J74) -> 10.5 | J74: 10.5
A75: 8 | B75: 东上 | E75: 改造 | F75: 2018 | G75: 完成村道硬化主线改造1.5km。圆管涵1道。 | H75: =SUM(I75:J75) -> 21 | J75: 21
A76: 9 | B76: 水乃海村 | E76: 改建 | F76: 2019 | G76: 计划村道硬化5.52km。其中主线3km、支线2.52km。小桥1座 | H76: 158.8 | J76: 158.8
A77: 十 | B77: 昂思多镇 | H77: =SUM(H78:H88) -> 807.55 | I77: =SUM(I78:I88) -> 579.55 | J77: =SUM(J78:J88) -> 228
A78: 1 | B78: 牙什扎村 | E78: 新建 | F78: 2016 | G78: 完成村道硬化支线2.2km。 | H78: =SUM(I78:J78) -> 24.2 | I78: 24.2
A79: 2 | B79: 尕什加村 | E79: 新建 | F79: 2016 | G79: 完成村道硬化8.965km。其中主线0.865km，支线8.1km。 | H79: =SUM(I79:J79) -> 102.1 | I79: 102.1
A80: 3 | B80: 关相口村 | E80: 改造 | F80: 2017 | G80: 完成村道硬化主线改造5.2km。 | H80: =SUM(I80:J80) -> 78 | J80: 78
A81: 4 | B81: 洛忙村 | E81: 改造、新建 | F81: 2017 | G81: 完成村道硬化14km。其中改造主线8km，支线6km。 | H81: =SUM(I81:J81) -> 306 | I81: 186 | J81: 120
A82: 5 | B82: 玉麦街村 | E82: 新建 | F82: 2017 | G82: 完成村道硬化主线1.45km。 | H82: =SUM(I82:J82) -> 166 | I82: 166
A83: 6 | B83: 吾则塘村 | E83: 改造、新建 | F83: 2017 | G83: 完成村道硬化3km。其中改造主线2km，支线1km。 | H83: =SUM(I83:J83) -> 71.25 | I83: 41.25 | J83: 30
A84: 7 | B84: 具乎扎村 | E84: 新建 | F84: 2018 | G84: 新建圆管涵3道。 | H84: =SUM(I84:J84) -> 15 | I84: 15
A85: 8 | B85: 山卡拉村 | E85: 新建 | F85: 2018 | G85: 新建圆管涵2道。 | H85: =SUM(I85:J85) -> 15 | I85: 15
A86: 9 | B86: 公拜岭村 | E86: 新建 | F86: 2018 | G86: 新建圆管涵2道。 | H86: =SUM(I86:J86) -> 10 | I86: 10
A87: 10 | B87: 香加岭村 | E87: 新建 | F87: 2018 | G87: 新建圆管涵2道。 | H87: =SUM(I87:J87) -> 10 | I87: 10
A88: 11 | B88: 若么岭村 | E88: 新建 | F88: 2018 | G88: 新建圆管涵2道。 | H88: =SUM(I88:J88) -> 10 | I88: 10
A89: 十一 | B89: 查甫乡 | H89: =SUM(H90:H92) -> 264 | I89: =SUM(I90:I92) -> 185 | J89: =SUM(J90:J92) -> 63
A90: 1 | B90: 跃洞村 | E90: 新建 | F90: 2016 | G90: 完成村道硬化15.4km。其中主线4.8km，支线10.6km。 | H90: =SUM(I90:J90) -> 38 | I90: 38
A91: 2 | B91: 东台村 | E91: 改造 | F91: 2018 | G91: 完成村道硬化主线改造2km。圆管涵2道。 | H91: 75 | I91: 38 | J91: 21
A92: 3 | B92: 中曲加村 | E92: 改造 | F92: 2018 | G92: 完成村道硬化主线改造4km。桥梁1座。圆管涵1道。 | H92: =SUM(I92:J92) -> 151 | I92: 109 | J92: 42
A93: 4 | B93: 上曲加村 | E93: 改造、新建 | F93: 2019 | G93: 完成村道硬化5.165km。其中改造主线4.78km，新建支线0.4km。 | H93: 139.615 | J93: 139.615
A94: 十二 | B94: 雄先乡 | H94: =SUM(H95:H99) -> 180.576 | I94: =SUM(I95:I99) -> 150.576 | J94: =SUM(J95:J99) -> 30
A95: 1 | B95: 洛麻村 | E95: 新建 | F95: 2016 | G95: 完成村道硬化4.698km。其中主线1.015km，支线3.683km。 | H95: =SUM(I95:J95) -> 84.226 | I95: 84.226
A96: 2 | B96: 东朋 | E96: 改造、新建 | F96: 2017 | G96: 完成村道硬化1.3km。其中改造主线1km，支线0.3km。 | H96: =SUM(I96:J96) -> 18.3 | J96: 18.3
A97: 3 | B97: 沙索麻 | E97: 新建 | F97: 2017 | G97: 完成村道硬化主线1km。圆管涵1道。 | H97: =SUM(I97:J97) -> 20 | I97: 20
A98: 4 | B98: 乙麻昂 | E98: 新建 | F98: 2017 | G98: 完成村道硬化4.05km。其中主线0.45km，支线3.6km。 | H98: =SUM(I98:J98) -> 46.35 | I98: 46.35
A99: 5 | B99: 巴么堂 | E99: 改造、新建 | F99: 2018 | G99: 完成村道硬化0.9km。其中改造主线0.2km，支线0.7km。 | H99: =SUM(I99:J99) -> 11.7 | J99: 11.7
A100: 6 | B100: 下米乃海村 | E100: 改造 | F100: 2019 | G100: 完成村道硬化改造主线0.71km。 | H100: 19.88 | J100: 19.88
...

Sheet 电力 (2)
A1: 化隆县“十三五”脱贫攻坚规划电力专项工程建设项目及投资表
A2: 序号 | B2: 乡（镇）、村名 | C2: 是否贫困村 | D2: 项目受益贫困户 | F2: 建设性质 | G2: 建设年限 | H2: 规划内容与规模 | I2: 投资（万元）
D3: 户数 | E3: 人数
A4: 全县合计 | D4: =D5+D10+D24+D32+D35+D42+D56+D64+D74+D89+D95+D106+D115+D123+D133+D140+D149+D158 -> 0 | E4: =E5+E10+E24+E32+E35+E42+E56+E64+E74+E89+E95+E106+E115+E123+E133+E140+E149+E158 -> 0 | I4: =I5+I10+I24+I32+I35+I42+I56+I64+I74+I89+I95+I106+I115+I123+I133+I140+I149+I158 -> 23421.727
A5: 一 | B5: 金源乡 | D5: =SUM(D6:D8) -> 0 | E5: =SUM(E6:E8) -> 0 | H5: =SUM(H6:H8) -> 0 | I5: 337.99
A6: 1 | B6: 日古村 | F6: 新建 | G6: 2016 | H6: 新建10kv输电线路0.375km，0.4kv低压线路1.686km，配备100kva变压器1台。 | I6: 81.85
A7: 2 | B7: 安关群哇村 | F7: 改造 | G7: 2018 | H7: 10kv输电线路0.639km，0.4kv低压线路3.322km，配备250kva变压器2台。照明下户83户、动力下户5户。 | I7: 90.85
A8: 3 | B8: 下仕堂村 | F8: 改造 | G8: 2018 | H8: 10kv输电线路0.03km，0.4kv低压线路2.635km，配备310kva变压器3台。照明下户128户、动力下户1户。 | I8: 87.74
A9: 4 | B9: 扎西庄 | F9: 改造 | G9: 2016 | H9: 10kv输电线路0.52km，0.4kv低压线路3.99km，配备200kva变压器1台。照明下户112户、动力下户22户。 | I9: 77.55
A10: 二 | B10: 扎巴镇 | D10: =SUM(D11:D21) -> 0 | E10: =SUM(E11:E21) -> 0 | I10: 2424.6796
A11: 1 | B11: 下洛乎藏村 | F11: 新建 | G11: 2016 | H11: 新建10kv输电线路1.268km，0.4kv低压线路2.554km，配备变压器2台。照明下户224户、动力下户1户。 | I11: 152.6
A12: 2 | B12: 东拉卡村 | F12: 新建 | G12: 2016 | H12: 新建10kv输电线路0.904km，0.4kv低压线路2.725km，配备800kva变压器2台。照明下户241户、动力下户2户。 | I12: 150
A13: 3 | B13: 知海买村 | F13: 新建 | G13: 2016 | H13: 新建10kv输电线路0.904km，0.4kv低压线路2.725km，配备100kva变压器2台。照明下户57户、动力下户1户。 | I13: 93.2396
A14: 4 | B14: 曲先昂村 | F14: 新建 | G14: 2017 | H14: 新建10kv输电线路0.39km，0.4kv低压线路4.93km，配备100kva变压器2台。照明下户120户、动力下户7户。 | I14: 216.77
A15: 5 | B15: 南滩村 | F15: 新建 | G15: 2017 | H15: 新建10kv输电线路0.50km，0.4kv低压线路3.18km，配备300kva变压器2台。照明下户111户、动力下户10户。 | I15: 182.01
A16: 6 | B16: 黄麻村 | F16: 新建 | G16: 2018 | H16: 新建10kv输电线路0.28km，0.4kv低压线路8.573km，配备800kva变压器4台。照明下户180户、动力下户3户。 | I16: 252.4
A17: 7 | B17: 结拉村 | F17: 新建 | G17: 2018 | H17: 新建10kv输电线路0.292km，0.4kv低压线路3.50km，配备600kva变压器2台。照明下户56户、动力下户1户。 | I17: 157.666
A18: 8 | B18: 本康沟村 | F18: 新建 | G18: 2018 | H18: 新建10kv输电线路1.365km，0.4kv低压线路4.382km，配备300kva变压器2台。照明下户98户、动力下户3户。 | I18: 222.7606
A19: 9 | B19: 大拉曲村 | F19: 新建 | G19: 2018 | H19: 新建10kv输电线路1.055km，0.4kv低压线路8.482km，配备1000kva变压器5台。照明下户251户、动力下户3户。 | I19: 349.45
A20: 10 | B20: 关沙村 | F20: 新建 | G20: 2018 | H20: 新建10kv输电线路3.083km，0.4kv低压线路6.713km，配备400kva变压器3台。照明下户125户。 | I20: 301.2542
A21: 11 | B21: 扎巴四村 | F21: 新建 | G21: 2018 | H21: 新建10kv输电线路0.515km，0.4kv低压线路2.7km，配备400kva变压器2台。照明下户147户、动力下户1户。 | I21: 188.2792
A22: 12 | B22: 扎让村 | F22: 改造 | G22: 2016 | H22: 0.4kv低压线路2.48km，配备200kva变压器1台。照明下户121户、动力下户4户。 | I22: 55.71
A23: 13 | B23: 完干滩村 | F23: 改造 | G23: 2016 | H23: 10kv输电线路1.07km，0.4kv低压线路3.99km，配备200kva变压器6台。照明下户651户、动力下户32户。 | I23: 102.54
A24: 三 | B24: 牙什尕镇 | D24: =SUM(D25:D31) -> 0 | E24: =SUM(E25:E31) -> 0 | I24: =SUM(I25:I31) -> 1558.1659
A25: 1 | B25: 唐一村 | F25: 新建 | G25: 2016 | H25: 新建10kv输电线路0.699km，0.4kv低压线路4.948km，配备350kva变压器3台。照明下户152户、动力下户17户。 | I25: 237.62
A26: 2 | B26: 参果滩二村 | F26: 新建 | G26: 2017 | H26: 新建10kv输电线路0.90km，0.4kv低压线路7.34km，配备300kva变压器3台。照明下户146户、动力下户4户。 | I26: 228.03
A27: 3 | B27: 唐沙三村 | F27: 新建 | G27: 2018 | H27: 新建10kv输电线路0.55km，0.4kv低压线路5.548km，配备280kva变压器3台。照明下户117户、动力下户4户。 | I27: 232.4085
A28: 4 | B28: 参果滩三村 | F28: 新建 | G28: 2018 | H28: 新建10kv输电线路3.076km，0.4kv低压线路7.184km，配备500kva变压器4台。照明下户140户、动力下户1户。 | I28: 321.52
A29: 5 | B29: 牙什尕村1#、2#台区 | F29: 改造 | G29: 2018 | H29: 10kv输电线路1.105km，0.4kv低压线路7.245km，配备900kva变压器5台。照明下户297户、动力下户2户。 | I29: 281.35
A30: 6 | B30: 牙什尕村五社台区 | F30: 改造 | G30: 2018 | H30: 10kv输电线路0.11km，0.4kv低压线路1.41km，配备200kva变压器1台。照明下户90户、动力下户4户。 | I30: 85.2774
A31: 7 | B31: 哇尔江村 | F31: 改造 | G31: 2018 | H31: 10kv输电线路1.051km，0.4kv低压线路3.388km，配备250kva变压器3台。照明下户95户。 | I31: 171.96
A32: 四 | B32: 塔加乡 | D32: =SUM(D33:D34) -> 0 | E32: =SUM(E33:E34) -> 0 | I32: =SUM(I33:I34) -> 311.4003
A33: 1 | B33: 德扎村 | F33: 新建 | G33: 2016 | H33: 新建10kv输电线路1.268km，0.4kv低压线路2.727km，配备200kva变压器2台。照明下户68户、动力下户3户。 | I33: 132.1
A34: 2 | B34: 塔一村 | F34: 改造 | G34: 2018 | H34: 10kv输电线路0.15km，0.4kv低压线路4.804km，配备300kva变压器3台。照明下户114户、动力下户2户。 | I34: 179.3003
A35: 五 | B35: 甘都镇 | D35: =SUM(D36:D37) -> 0 | E35: =SUM(E36:E37) -> 0 | I35: 654.9323
A36: 1 | B36: 东六村 | F36: 新建 | G36: 2016 | H36: 新建10kv输电线路0.904km，0.4kv低压线路3.177km，配备300kva变压器2台。照明下户111户、动力下户10户。 | I36: 182.01
A37: 2 | B37: 阿化村 | F37: 新建 | G37: 2018 | H37: 新建10kv输电线路0.292km，0.4kv低压线路4.351km，配备400kva变压器2台。照明下户136户、动力下户1户。 | I37: 184.6723
A38: 3 | B38: 东七村 | F38: 改造 | G38: 2016 | H38: 10kv输电线路0.12km，0.4kv低压线路1.24km，配备200kva变压器1台。照明下户87户、动力下户3户。 | I38: 65.17
A39: 4 | B39: 东四村 | F39: 改造 | G39: 2016 | H39: 10kv输电线路0.42km，0.4kv低压线路0.89km，配备200kva变压器1台。照明下户95户、动力下户2户。 | I39: 37.67
A40: 5 | B40: 桥头村 | F40: 改造 | G40: 2016 | H40: 10kv输电线路0.24km，0.4kv低压线路0.65km，配备200kva变压器2台。照明下户127户、动力下户5户。 | I40: 98.97
A41: 6 | B41: 东风村 | F41: 改造 | G41: 2016 | H41: 10kv输电线路1.29km，0.4kv低压线路2.56km，配备200kva变压器3台。照明下户187户、动力下户6户。 | I41: 86.44
A42: 六 | B42: 群科镇 | D42: =SUM(D43:D52) -> 0 | E42: =SUM(E43:E52) -> 0 | I42: 3129.801
A43: 1 | B43: 公义村 | F43: 新建 | G43: 2016 | H43: 新建10kv输电线路1.479km，0.4kv低压线路4.88km，配备200kva变压器1台。照明下户159户、动力下户13户。 | I43: 289.65
A44: 2 | B44: 水库滩村 | F44: 新建 | G44: 2017 | H44: 新建10kv输电线路4.16km，0.4kv低压线路9.20km，配备480kva变压器6台。照明下户264户、动力下户9户。 | I44: 388.64
A45: 3 | B45: 水库滩村二、三社 | F45: 新建 | G45: 2017 | H45: 新建10kv输电线路2.63km，0.4kv低压线路9.25km，配备800kva变压器5台。照明下户192户、动力下户12户。 | I45: 370.65
A46: 4 | B46: 安达其哈村 | F46: 新建 | G46: 2017 | H46: 新建10kv输电线路0.90km，0.4kv低压线路2.60km，配备1015kva变压器1台。照明下户51户、动力下户3户。 | I46: 93.2322
A47: 5 | B47: 加洛乎村 | F47: 新建 | G47: 2018 | H47: 新建10kv输电线路0.446km，0.4kv低压线路6.075km，配备450kva变压器3台。照明下户147户、动力下户7户。 | I47: 304.9773
A48: 6 | B48: 若加村 | F48: 新建 | G48: 2018 | H48: 新建10kv输电线路1.541km，0.4kv低压线路7.711km，配备700kva变压器3台。照明下户249户、动力下户2户。 | I48: 350.16
A49: 7 | B49: 舍仁村1#、3#台区 | F49: 改造 | G49: 2018 | H49: 10kv输电线路0.87km，0.4kv低压线路7.675km，配备900kva变压器4台。照明下户276户。 | I49: 371.0215
A50: 8 | B50: 舍仁村2#台区 | F50: 改造 | G50: 2018 | H50: 10kv输电线路0.656km，0.4kv低压线路6.057km，配备800kva变压器3台。照明下户232户、动力下户10户。 | I50: 318.2913
A51: 9 | B51: 木其村 | F51: 改造 | G51: 2018 | H51: 10kv输电线路0.233km，0.4kv低压线路5.034km，配备600kva变压器3台。照明下户196户、动力下户8户。 | I51: 260.047
A52: 10 | B52: 格尔麻村 | F52: 改造 | G52: 2018 | H52: 10kv输电线路0.406km，0.4kv低压线路3.66km，配备300kva变压器2台。照明下户105户、动力下户5户。 | I52: 205.9817
A53: 11 | B53: 雪什藏 | F53: 改造 | G53: 2016 | H53: 0.4kv低压线路2.48km，配备200kva变压器1台。照明下户121户、动力下户4户。 | I53: 91.23
A54: 12 | B54: 则塘村 | F54: 改造 | G54: 2016 | H54: 10kv输电线路0.42km，0.4kv低压线路0.89km，配备200kva变压器1台。照明下户95户、动力下户2户。 | I54: 34.47
A55: 13 | B55: 文卜具 | F55: 改造 | G55: 2016 | H55: 10kv输电线路1.29km，0.4kv低压线路2.56km，配备200kva变压器3台。照明下户187户、动力下户6户。 | I55: 51.45
A56: 七 | B56: 阿什努乡 | D56: =SUM(D57:D63) -> 0 | E56: =SUM(E57:E63) -> 0 | I56: =SUM(I57:I63) -> 1217.2906
A57: 1 | B57: 赛什库村 | F57: 新建 | G57: 2016 | H57: 新建10kv输电线路1.051km，0.4kv低压线路3.388km，配备200kva变压器2台。照明下户87户、动力下户9户。 | I57: 170.32
A58: 2 | B58: 拉卡村 | F58: 新建 | G58: 2017 | H58: 新建0.4kv低压线路0.24km，配备100kva变压器3台。照明下户42户、动力下户1户。 | I58: 48.67
A59: 3 | B59: 松赛村 | F59: 新建 | G59: 2017 | H59: 新建10kv输电线路1.33km，0.4kv低压线路8.22km，配备90kva变压器3台。照明下户252户、动力下户16户。 | I59: 313.41
A60: 4 | B60: 刘什洞村 | F60: 改造 | G60: 2018 | H60: 10kv输电线路2.564km，0.4kv低压线路2.063km，配备200kva变压器1台。照明下户52户、动力下户7户。 | I60: 154.3564
A61: 5 | B61: 纳哈龙村 | F61: 改造 | G61: 2018 | H61: 10kv输电线路0.777km，0.4kv低压线路2.645km，配备180kva变压器3台。照明下户62户、动力下户8户。 | I61: 139.3745
A62: 6 | B62: 阿藏吾具村 | F62: 改造 | G62: 2018 | H62: 10kv输电线路5.676km，0.4kv低压线路2.298km，配备150kva变压器2台。照明下户58户、动力下户5户。 | I62: 246.2727
A63: 7 | B63: 羊隆村 | F63: 改造 | G63: 2018 | H63: 10kv输电线路2.82km，0.4kv低压线路2.225km，配备100kva变压器1台。照明下户24户、动力下户1户。 | I63: 144.887
A64: 八 | B64: 巴燕镇 | D64: =SUM(D65:D73) -> 0 | E64: =SUM(E65:E73) -> 0 | I64: =SUM(I65:I73) -> 985.5386
A65: 1 | B65: 下吾具村 | F65: 新建 | G65: 2016 | H65: 新建10kv输电线路0.231km，0.4kv低压线路3.868km，配备200kva变压器2台。照明下户85户、动力下户4户。 | I65: 154.68
A66: 2 | B66: 什杰列村 | F66: 新建 | G66: 2016 | H66: 新建10kv输电线路0.547km，0.4kv低压线路1.995km，配备100kva变压器1台。照明下户45户。 | I66: 102.47
A67: 3 | B67: 马场村 | F67: 新建 | G67: 2017 | H67: 新建10kv输电线路1.21km，0.4kv低压线路6.16km，配备250kva变压器2台。照明下户120户、动力下户7户。 | I67: 202.9144
A68: 4 | B68: 上拉干村 | F68: 新建 | G68: 2017 | H68: 新建0.4kv低压线路2.36km，配备150kva变压器1台。照明下户74户、动力下户2户。 | I68: 76.45
A69: 5 | B69: 克麻村 | F69: 新建 | G69: 2017 | H69: 新建10kv输电线路0.18km，0.4kv低压线路1.95km，配备200kva变压器1台。照明下户64户。 | I69: 95.64
A70: 6 | B70: 上圈村 | F70: 新建 | G70: 2017 | H70: 新建10kv输电线路0.04km，0.4kv低压线路4.87km，配备100kva变压器3台。照明下户100户、动力下户10户。 | I70: 142.92
A71: 7 | B71: 卜隆村 | F71: 改造 | G71: 2018 | H71: 10kv输电线路1.144km，0.4kv低压线路1.641km，配备200kva变压器1台。照明下户48户、动力下户5户。 | I71: 74.66
A72: 8 | B72: 下山根村 | F72: 改造 | G72: 2018 | H72: 10kv输电线路0.407km，0.4kv低压线路0.79km，配备50kva变压器1台。照明下户16户、动力下户4户。 | I72: 39.68
A73: 9 | B73: 水乃海村 | F73: 改造 | G73: 2018 | H73: 0.4kv低压线路2.297km，配备200kva变压器1台。照明下户56户、动力下户1户。 | I73: 96.1242
A74: 九 | B74: 昂思多镇 | D74: =SUM(D75:D87) -> 0 | E74: =SUM(E75:E87) -> 0 | I74: 2434.8114
A75: 1 | B75: 牙什扎村 | F75: 新建 | G75: 2016 | H75: 新建10kv输电线路1.268km，0.4kv低压线路2.586km，配备100kva变压器2台。照明下户3户。 | I75: 120.46
A76: 2 | B76: 尕什加村 | F76: 新建 | G76: 2016 | H76: 新建10kv输电线路0.904km，0.4kv低压线路7.344km，配备400kva变压器3台。照明下户146户、动力下户4户。 | I76: 314.47
A77: 3 | B77: 洛忙村 | F77: 新建 | G77: 2017 | H77: 新建10kv输电线路2.79km，0.4kv低压线路3.28km，配备400kva变压器3台。照明下户88户、动力下户3户。 | I77: 214.21
A78: 4 | B78: 关相口村 | F78: 新建 | G78: 2017 | H78: 新建10kv输电线路1.79km，0.4kv低压线路1.83km，配备300kva变压器1台。照明下户33户、动力下户3户。 | I78: 104.41
A79: 5 | B79: 吾则塘村 | F79: 新建 | G79: 2017 | H79: 新建0.4kv低压线路1.30km，配备100kva变压器1台。照明下户47户、动力下户1户。 | I79: 62.43
A80: 6 | B80: 具乎扎村 | F80: 改造 | G80: 2018 | H80: 10kv输电线路0.419km，0.4kv低压线路4.116km，配备400kva变压器2台。照明下户178户、动力下户3户。 | I80: 202
A81: 7 | B81: 公拜岭村 | F81: 改造 | G81: 2018 | H81: 0.4kv低压线路1.37km，配备200kva变压器1台。照明下户54户、动力下户3户。 | I81: 84.8927
A82: 8 | B82: 山卡拉村 | F82: 改造 | G82: 2018 | H82: 10kv输电线路0.492km，0.4kv低压线路3.293km，配备200kva变压器2台。照明下户70户、动力下户1户。 | I82: 149.491
A83: 9 | B83: 先群村 | F83: 改造 | G83: 2018 | H83: 10kv输电线路3.228km，0.4kv低压线路7.774km，配备400kva变压器3台。照明下户209户、动力下户3户。 | I83: 405.7349
A84: 10 | B84: 若么岭村 | F84: 改造 | G84: 2018 | H84: 10kv输电线路1.681km，0.4kv低压线路2.289km，配备200kva变压器1台。照明下户75户、动力下户4户。 | I84: 162.6528
A85: 11 | B85: 香加岭村 | F85: 改造 | G85: 2018 | H85: 10kv输电线路0.937km，0.4kv低压线路2.359km，配备100kva变压器1台。照明下户32户、动力下户3户。 | I85: 87.61
A86: 12 | B86: 拉昂村 | F86: 改造 | G86: 2018 | H86: 10kv输电线路0.652km，0.4kv低压线路3.598km，配备250kva变压器2台。照明下户93户。 | I86: 136.21
... A88: 14 | B88: 沙吾昂 | F88: 改造 | G88: 2016 | H88: 10kv输电线路1.144km，0.4kv低压线路1.641km，配备200kva变压器1台。照明下户48户、动力下户5户。 | I88: 65.17
A89: 十 | B89: 查甫乡 | D89: =SUM(D90:D94) -> 0 | E89: =SUM(E90:E94) -> 0 | H89: =SUM(H90:H94) -> 0 | I89: =SUM(I90:I94) -> 1279.9707
A90: 1 | B90: 跃洞村 | F90: 新建 | G90: 2016 | H90: 新建10kv输电线路2.794km，0.4kv低压线路3.276km，配备300kva变压器3台。照明下户88户、动力下户3户。 | I90: 214.21
A91: 2 | B91: 加斜村 | F91: 新建 | G91: 2017 | H91: 新建10kv输电线路0.23km，0.4kv低压线路3.87km，配备150kva变压器2台。照明下户85户、动力下户4户。 | I91: 154.68
A92: 3 | B92: 东台村 | F92: 新建 | G92: 2018 | H92: 新建10kv输电线路4.189km，0.4kv低压线路4.875km，配备200kva变压器2台。照明下户75户、动力下户3户。 | I92: 277.3379
A93: 4 | B93: 上曲加村 | F93: 新建 | G93: 2018 | H93: 新建10kv输电线路1.25km，0.4kv低压线路9.852km，配备500kva变压器4台。照明下户190户、动力下户4户。 | I93: 412.2059
A94: 5 | B94: 中曲加村 | F94: 新建 | G94: 2018 | H94: 新建10kv输电线路3.548km，0.4kv低压线路6.70km，配备300kva变压器3台。照明下户88户、动力下户3户。 | I94: 221.5369
A95: 十一 | B95: 雄先乡 | D95: =SUM(D96:D105) -> 0 | E95: =SUM(E96:E105) -> 0 | I95: =SUM(I96:I105) -> 1858.5967
A96: 1 | B96: 洛麻村 | F96: 新建 | G96: 2016 | H96: 新建10kv输电线路0.483km，0.4kv低压线路0.817km，配备200kva变压器1台。照明下户56户。 | I96: 68.01
A97: 2 | B97: 花科村 | F97: 新建 | G97: 2017 | H97: 新建10kv输电线路0.10km，0.4kv低压线路5.75km，配备400kva变压器3台。照明下户100户、动力下户8户。 | I97: 179.42
A98: 3 | B98: 东朋村 | F98: 新建 | G98: 2017 | H98: 新建10kv输电线路0.56km，0.4kv低压线路3.86km，配备350kva变压器2台。照明下户95户、动力下户5户。 | I98: 138.07
A99: 4 | B99: 乙么昂 | F99: 新建 | G99: 2017 | H99: 新建10kv输电线路0.94km，0.4kv低压线路8.31km，配备200kva变压器3台。照明下户119户、动力下户4户。 | I99: 234.1
A100: 5 | B100: 沙索么村 | F100: 新建 | G100: 2017 | H100: 新建10kv输电线路0.37km，0.4kv低压线路2.36km，配备250kva变压器2台。照明下户42户、动力下户1户。 | I100: 103.11
A101: 6 | B101: 电岗村 | F101: 改造 | G101: 2018 | H101: 10kv输电线路0.786km，0.4kv低压线路6.711km，配备600kva变压器3台。照明下户122户、动力下户2户。 | I101: 344.8549
...

Sheet 产业扶持
A1: 化隆县“十三五”脱贫攻坚规划产业发展建设项目及投资表
A2: 序号 | B2: 乡（镇）、村名 | C2: 项目受益贫困户 | E2: 建设性质 | F2: 建设年限 | G2: 规划内容与规模 | H2: 投资（万元）
C3: 户数 | D3: 人数
A4: 全县合计 | H4: =H5+H10 -> 13553.23
A5: 一 | B5: 旅游扶贫产业项目 | D5: =SUM(D6:D9) -> 664 | H5: =SUM(H6:H9) -> 4383.49
A6: 1 | B6: 群科镇安达其哈村旅游扶贫项目 | D6: 274 | E6: 新建 | F6: 2016 | G6: 安达其哈村（1、建设30亩面积的藏族风情园一处(由村“三委”、村民及经营方协商解决)风情园承担20户贫困户脱贫任务;2、建设30亩的回族民俗园一处(由村“三委”、村民及经营方协商解决），民俗园承担20户的脱贫任务；3、建设10户农家乐（藏族3户、回族7户）承担10户贫困户脱贫任务;4、建设具有当地民俗的大门1个项目投资20万和所需，路灯30盏项目投资30万。 | H6: 300
A7: 2 | B7: 群科镇科木其村旅游扶贫项目 | D7: 265 | E7: 新建 | F7: 2016 | G7: 科木其村（1、整合50亩建设用地(由村“三委”、村民及经营方协商解决)；2、建设具有当地民俗的大门1个和所需围墙；3、建设40间房屋(含住宿、餐饮、卫生间、厨房、值班室等用房)，约1200平米，达到接待200名游客的能力；4、院内建设民俗用品、艺术品等文化宣传展示中心一座，约200平米；5、院前建设中型停车场一座；6、院后建设梨树、杏树等观光园一座，并搭建所需围栏；6、配备所需用品。） 2、建设30亩的回族民俗园一处(由村“三委”、村民及经营方协商解决），民俗园承担20户的脱贫任务； 3、建设10户农家乐（藏族3户、回族7户）承担10户贫困户脱贫任务; 4、建设具有当地民俗的大门1个项目投资20万和所需，路灯30盏项目投资30万。 | H7: 300
A8: 3 | B8: 甘都镇阿河滩村旅游扶贫项目 | D8: 125 | E8: 新建 | F8: 2017 | G8: 建设具有当地居民特色的集旅游、休闲、度假、农家特色风味餐饮小吃于一体的民族风情园 | H8: 300
A9: 4 | B9: 扎巴镇本康沟村旅游扶贫项目 | E9: 新建 | F9: 2018 | G9: 构建以现代农业园、农家乐、清真文化体验、民俗文化体验、民俗演绎、乡村民宿、特色工坊、户外运动、射击运动、休闲娱乐户花海等一体的服务产业。 | H9: 3483.49
A10: 二 | B10: 特色产业发展项目 | C10: =C11+C24+C33+C44+C56+C66+C86+C97+C105+C123+C131+C154+C170+C183+C193+C212+C234+C251+C254 -> 4101 | D10: =D11+D24+D33+D44+D56+D66+D86+D97+D105+D123+D131+D154+D170+D183+D193+D212+D234+D251+D254 -> 16714 | H10: =H11+H24+H33+H44+H56+H66+H86+H97+H105+H123+H131+H154+H170+H183+H193+H212+H234+H251+H254 -> 9169.74
A11: （一） | B11: 谢家滩乡 | C11: =SUM(C12:C23) -> 158 | D11: =SUM(D12:D23) -> 660 | H11: =SUM(H12:H23) -> 356.4
A12: 1 | B12: 拉扎村 | C12: 20 | D12: 90 | E12: 新建 | F12: 2017 | G12: 引进藏香猪（母猪）、种猪、改扩建猪舍、采购饲料等发展养殖业 | H12: 48.6
A13: 2 | B13: 西门泉村 | C13: 8 | D13: 27 | E13: 新建 | F13: 2017 | G13: 引进二元能繁母猪，种猪、长白仔猪、改扩建猪舍、采购饲料等发展养殖业 | H13: 14.58
A14: 3 | B14: 牙合村 | C14: 10 | D14: 33 | E14: 新建 | F14: 2017 | G14: 贫困户+合作社形式进行养殖，统一销售；引进西门塔儿、黑白花牛30头 | H14: 17.82
A15: 4 | B15: 韩家窑村 | C15: 23 | D15: 101 | E15: 新建 | F15: 2018 | G15: 23户101人，将产业扶持资金54.54万元用于购买西门塔尔牛、饲料等发展养殖业 | H15: 54.54
A16: 5 | B16: 阴坡村 | C16: 21 | D16: 100 | E16: 新建 | F16: 2018 | G16: 21户100人，将产业扶持资金54万元用于购买西门塔尔牛、饲料发展养殖业 | H16: 54
A17: 6 | B17: 尔多其那村 | C17: 10 | D17: 46 | E17: 新建 | F17: 2018 | G17: 10户46人，将产业扶持资金24.84万元用于购买西门塔尔牛、饲料等发展养殖业 | H17: 24.84
A18: 7 | B18: 合群村 | C18: 3 | D18: 13 | E18: 新建 | F18: 2018 | G18: 3户13人,将产业扶持资金7.02万元用于购买西门塔尔牛、饲料等发展养殖业 | H18: 7.02
A19: 8 | B19: 窑隆村 | C19: 19 | D19: 87 | E19: 新建 | F19: 2019 | G19: 项目户19户87人，产业扶持资金46.98万元，养殖牛。 | H19: 46.98
A20: 9 | B20: 谢家滩村 | C20: 16 | D20: 53 | E20: 新建 | F20: 2019 | G20: 项目户16户53人，产业扶持资金28.62万元。其中，13户47人资金25.38万元养殖牛；3户10人资金5.4万元养殖猪。 | H20: 28.62
A21: 10 | B21: 九道湾村 | C21: 7 | D21: 27 | E21: 新建 | F21: 2019 | G21: 项目户7户27人，产业扶持资金14.58万元，养殖牛。 | H21: 14.58
A22: 11 | B22: 吊沟村 | C22: 6 | D22: 26 | E22: 新建 | F22: 2019 | G22: 项目户6户26人，产业扶持资金14.04万元，养殖牛。 | H22: 14.04
A23: 12 | B23: 下河滩村 | C23: 15 | D23: 57 | E23: 新建 | F23: 2019 | G23: 项目户15户57人，产业扶持资金30.78万元，养殖牛。 | H23: 30.78
A24: （二） | B24: 石大仓乡 | H24: =SUM(H25:H32) -> 132.3
A25: 1 | B25: 沙让村 | D25: 61 | E25: 新建 | F25: 2016 | G25: “合作社+农户”模式发展肉牛养殖 | H25: 32.94
A26: 2 | B26: 文加山村 | D26: 54 | E26: 新建 | F26: 2016 | G26: “合作社+农户”模式发展肉牛养殖 | H26: 29.16
A27: 3 | B27: 支哈塘村 | C27: 4 | D27: 23 | E27: 新建 | F27: 2017 | G27: 购买黑白花牛进行分户养殖 | H27: 12.42
A28: 5 | B28: 台一村 | C28: 2 | D28: 7 | E28: 新建 | F28: 2017 | G28: 购买黑白花牛进行分户养殖 | H28: 3.78
A29: 6 | B29: 台二村 | C29: 3 | D29: 6 | E29: 新建 | F29: 2017 | G29: 购买黑白花牛进行分户养殖 | H29: 3.24
A30: 7 | B30: 大加沿村 | C30: 10 | D30: 26 | E30: 新建 | F30: 2018 | G30: 10户26人，产业扶持项目资金14.04万元，用于购置良种黑白花牛发展养殖业 | H30: 14.04
A31: 10 | B31: 大岭村 | C31: 10 | D31: 50 | E31: 新建 | F31: 2018 | G31: 10户50人，产业扶持项目资金27万元，用于购置良种黑白花牛发展养殖业 | H31: 27
A32: 11 | B32: 小金源村 | C32: 5 | D32: 18 | E32: 新建 | F32: 2019 | G32: 项目户5户18人，产业扶持资金9.72万元，购置黑白花母牛进行分户养殖。 | H32: 9.72
A33: （三） | B33: 二塘乡 | C33: =SUM(C34:C43) -> 148 | D33: =SUM(D34:D43) -> 621 | H33: =SUM(H34:H43) -> 335.34
A34: 1 | B34: 隆欠村 | C34: 10 | D34: 53 | E34: 新建 | F34: 2017 | G34: 养殖西门塔尔若干头、黑白花若干头进行分户养殖 | H34: 28.62
A35: 2 | B35: 格许村 | C35: 11 | D35: 40 | E35: 新建 | F35: 2017 | G35: 养殖西门塔尔若干头、黑白花若干头进行分户养殖 | H35: 21.6
A36: 3 | B36: 角扎村 | C36: 8 | D36: 28 | E36: 新建 | F36: 2017 | G36: 养殖西门塔尔若干头、黑白花若干头进行分户养殖 | H36: 15.12
A37: 4 | B37: 工一村 | C37: 14 | D37: 51 | E37: 新建 | F37: 2017 | G37: 14户54人实施养殖生猪项目；1户3人购置农机具租种马铃薯。 | H37: 27.54
A38: 5 | B38: 红牙合村 | C38: 11 | D38: 51 | E38: 新建 | F38: 2018 | G38: 4户23人将项目资金12.42万元用于购买当地黑白花牛和能繁母牛发展养殖业；2户11人将项目资金5.94万元用于购置细毛羊、能繁母羊发展养殖业；3户11人将项目资金5.94万元用于投资开拉面馆；2户6人将项目资金3.24万元用于经营运输业。 | H38: 27.54
A39: 6 | B39: 香里胡拉村 | C39: 11 | D39: 49 | E39: 新建 | F39: 2018 | G39: 9户38人将项目资金20.52万元用于分散购置当地黄牛、能繁黄牛发展养殖业；1户6人将项目资金3.24万元用于投入其女儿所开的小卖店；1户5人将项目资金2.7万元用于投资入股至本村村民周尚兰所经营的小卖店。 | H39: 26.46
A40: 7 | B40: 三塘村 | C40: 26 | D40: 105 | E40: 新建 | F40: 2018 | G40: 20户82人将项目资金44.28万元用于购置西门塔尔、黑白花能繁母牛发展养殖业；6户23人将项目资金12.42万元用于购置细毛羊、能繁母羊发展养殖业 | H40: 56.7
A41: 8 | B41: 尼昂村 | C41: 26 | D41: 125 | E41: 新建 | F41: 2019 | G41: 项目户26户125人，产业扶持资金67.5万元。其中，10户45人资金24.3万元投资入股开拉面馆；16户80人资金43.2万元分散养殖西门塔尔牛。 | H41: 67.5
A42: 9 | B42: 大塘村 | C42: 14 | D42: 47 | E42: 新建 | F42: 2019 | G42: 项目户14户47人，产业扶持资金25.38万元。其中，12户41人资金22.14万元集中放养牦牛；2户6人资金3.24万元投资拉面馆。 | H42: 25.38
A43: 10 | B43: 庄子湾村 | C43: 17 | D43: 72 | E43: 新建 | F43: 2019 | G43: 项目户17户72人，产业扶持资金38.88万元，养殖西门塔尔牛。 | H43: 38.88
A44: （四） | B44: 金源乡 | C44: =SUM(C45:C55) -> 172 | D44: =SUM(D45:D55) -> 885 | H44: =SUM(H45:H55) -> 477.9
A45: 1 | B45: 尖科村 | C45: 14 | D45: 90 | E45: 新建 | F45: 2017 | G45: 项目引进藏系绵羊进行分户养殖 | H45: 48.6
A46: 2 | B46: 多西村 | C46: 10 | D46: 62 | E46: 新建 | F46: 2017 | G46: 项目引进耐寒牦牛农户分散养殖 | H46: 33.48
A47: 3 | B47: 阿吾卜具村 | C47: 10 | D47: 46 | E47: 新建 | F47: 2017 | G47: 项目引进耐寒牦牛农户分散养殖 | H47: 24.84
A48: 4 | B48: 科下村 | C48: 20 | D48: 76 | E48: 新建 | F48: 2017 | G48: 项目引进黑白花母牛农户分散养殖。 | H48: 41.04
A49: 5 | B49: 下什堂村 | C49: 18 | D49: 95 | E49: 新建 | F49: 2018 | G49: 18户95人，产业扶持项目资金51.3万元，用于购买绵羊发展养殖业 | H49: 51.3
A50: 6 | B50: 安关群哇村 | C50: 13 | D50: 87 | E50: 新建 | F50: 2018 | G50: 5户31人将项目资金16.74万元用于购买藏系绵羊发展养殖业；1户8人将项目资金4.32万元用于购买猪仔、饲料发展养殖业；6户41人将项目资金22.14万元用于购买黄牛发展养殖业；1户7人将项目资金3.78万元用于投资摩托车修理铺 | H50: 46.98
A51: 7 | B51: 恰加村 | C51: 19 | D51: 106 | E51: 新建 | F51: 2018 | G51: 12户77人将项目资金41.58万元用于购买农用车、黄牛发展运输和养殖业；7户29人将项目资金15.66万元用于购买黄牛发展养殖业 | H51: 57.24
A52: 8 | B52: 支哈加村 | C52: 14 | D52: 76 | E52: 新建 | F52: 2018 | G52: 9户48人将项目资金25.92万元用于购买牦牛发展养殖业；2户10人将项目资金5.4万元用于购买农用车、黄牛发展养殖和运输业；3户18人将项目资金9.72万元用于购买黄牛、犏牛发展养殖业 | H52: 41.04
A53: 9 | B53: 旦么村 | C53: 25 | D53: 97 | E53: 新建 | F53: 2019 | G53: 项目户25户97人，产业扶持资金52.38万元。其中，5户23人资金12.42万元购置农用三轮车和奶牛；12户48人资金25.92万元购买牦牛；5户16人资金8.64万元购买奶牛；3户10人资金5.4万元购买藏系羊。 | H53: 52.38
A54: 10 | B54: 桑加吾具村 | C54: 12 | D54: 65 | E54: 新建 | F54: 2019 | G54: 项目户12户65人，产业扶持资金35.1万元，发展养殖业 | H54: 35.1
A55: 11 | B55: 科上村 | C55: 17 | D55: 85 | E55: 新建 | F55: 2019 | G55: 项目户17户85人，产业扶持资金45.9万元。其中，2户8人资金4.32万元购买2辆农用三轮车和1头奶牛；15户77人资金41.58万元，购买奶牛92头。 | H55: 45.9
A56: （五） | B56: 德恒隆乡 | C56: =SUM(C57:C65) -> 153 | D56: =SUM(D57:D65) -> 609 | H56: =SUM(H57:H65) -> 328.86
A57: 1 | B57: 纳加村 | C57: 13 | D57: 60 | E57: 新建 | F57: 2017 | G57: 以“公司+农民工+小车间”模式与青海哈尼福民族服饰有限公司联营加工衣服，产业扶持资金用于购置缝纫机13台、锁边机8台、拉腰机1台，简单装修小车间 | H57: 32.4
A58: 2 | B58: 东加村 | C58: 46 | D58: 170 | E58: 新建 | F58: 2018 | G58: 12户41人将项目资金22.14万元用于在湖南省长沙市经营一家拉面馆；11户41人将项目资金22.14万元用于在陕西省西安市经营一家拉面馆；12户46人将项目资金24.84万元用于在河南省沁阳市经营一家拉面馆；11户42人将项目资金22.68万元用于在江苏省徐州市经营一家拉面馆。 | H58: 91.8
A59: 3 | B59: 哇加村 | C59: 17 | D59: 59 | E59: 新建 | F59: 2018 | G59: 17户59人，产业扶持资金31.86万元，用于购置农用三轮车发展运输业 | H59: 31.86
A60: 4 | B60: 德二村 | C60: 10 | D60: 47 | E60: 新建 | F60: 2018 | G60: 8户42人将项目资金22.68万元用于购置农用车发展运输业；2户5人将项目资金2.7万元用于购买黄牛发展养殖业。 | H60: 25.38
A61: 5 | B61: 哇加滩村 | C61: 21 | D61: 84 | E61: 新建 | F61: 2018 | G61: 15户75人将项目资金40.5万元用于购置农用三轮车发展运输业；6户9人将项目资金4.86万元用于购买黄牛发展养殖业。 | H61: 45.36
A62: 6 | B62: 安措村 | C62: 11 | D62: 43 | E62: 新建 | F62: 2018 | G62: 2户8人将项目资金4.32万元用于购置一辆农用四轮拖拉机发展种植业；8户32人将项目资金17.28万元用于购置农用三轮车发展货物运输；1户3人将项目资金1.62万元购买黄牛发展养殖业 | H62: 23.22
A63: 7 | B63: 佳加村 | C63: 13 | D63: 52 | E63: 新建 | F63: 2019 | G63: 项目户13户52人，总投资30.5万元（产业扶持资金28.08万元,530贷款2.42万元）。其中12户51人资金购置农用三轮车16辆；1户1人肉牛养殖。 | H63: 28.08
A64: 8 | B64: 牙曲村 | C64: 10 | D64: 43 | E64: 新建 | F64: 2019 | G64: 项目户10户43人，产业扶持资金23.22万元；其中，3户15人资金8.1万元购置西门塔尔母牛发展养殖业；7户28人资金15.12万元购置肉羊发展养殖业。 | H64: 23.22
A65: 9 | B65: 措扎村 | C65: 12 | D65: 51 | E65: 新建 | F65: 2019 | G65: 项目户12户51人，产业扶持资金27.54万元，发展养殖业 | H65: 27.54
A66: （六） | B66: 巴燕镇 | C66: =SUM(C67:C85) -> 458 | D66: =SUM(D67:D85) -> 1781 | H66: =SUM(H67:H85) -> 961.74
A67: 1 | B67: 上卧力尕村 | C67: 22 | D67: 90 | E67: 新建 | F67: 2017 | G67: 购买牦牛进行分户养殖 | H67: 48.6
A68: 2 | B68: 辛家瑶村 | C68: 12 | D68: 45 | E68: 新建 | F68: 2017 | G68: 购买当地黄牛集中承包养殖 | H68: 24.3
A69: 3 | B69: 上卷村 | C69: 23 | D69: 74 | E69: 新建 | F69: 2017 | G69: 3户8人养殖黄牛，4户11人养殖肉猪，13户41人养殖细毛羊，3户8人搞餐饮业，3户7人搞运输业，1户2人运营蔬菜，1户2人汽车修理 | H69: 39.96
A70: 4 | B70: 金家庄村 | C70: 79 | D70: 299 | E70: 新建 | F70: 2017 | G70: 扶贫产业扶持项目资金178.2万元，“一村一品”项目资金50万元。项目资金全部投入养殖专业合作社基础设施建设、配套设施及土地流转、饲草种植、购买西蒙塔尔牛。 | H70: 161.46
A71: 5 | B71: 上吾具村 | C71: 59 | D71: 251 | E71: 新建 | F71: 2018 | G71: 10户44人将项目资金23.76万元用于购买西门塔尔肉牛发展养殖业；19户76人将项目资金41.04万元用于购买育肥幼猪发展养殖业；30户131人将项目资金70.74万元用于种植中药材当归发展种植业 | H71: 135.54
A72: 6 | B72: 卜隆村 | C72: 18 | D72: 62 | E72: 新建 | F72: 2018 | G72: 7户17人将项目资金9.18万元用于采购西门塔尔肉牛发展养殖业；1户3人将项目资金1.62万元用于采购猪发展养殖业；6户25人将项目资金13.5万元用于发展运输业（兰拖3户13人，货车3户9人）；3户12人将项目资金6.48万元用于开办商店；1户5人将项目资金2.7万元用于发展餐饮业。 | H72: 33.48
A73: 7 | B73: 下卧力尕村 | C73: 35 | D73: 173 | E73: 新建 | F73: 2018 | G73: 35户173人，产业扶持资金93.42万元，全部用于采购西门塔尔肉牛发展养殖业 | H73: 93.42
A74: 8 | B74: 庙儿沟村 | C74: 17 | D74: 75 | E74: 新建 | F74: 2018 | G74: 3户12人将项目资金6.48万元用于采购藏系羊发展养殖业；11户49人将项目资金26.46万元用于采购西门塔尔肉牛发展养殖业；3户14人将项目资金7.56万元投入拉面产业。 | H74: 40.5
A75: 9 | B75: 水乃海村 | C75: 22 | D75: 93 | E75: 新建 | F75: 2019 | G75: 项目户22户93人，产业扶持资金50.22万元，购买西门塔尔牛38头进行分散养殖。 | H75: 50.22
A76: 10 | B76: 下山根村 | C76: 22 | D76: 79 | E76: 新建 | F76: 2019 | G76: 项目户22户79人，产业扶持资金42.66万元，在化隆县境内购置一处商铺。 | H76: 42.66
A77: 11 | B77: 下沟村 | C77: 7 | D77: 31 | E77: 新建 | F77: 2019 | G77: 项目户7户31人，产业扶持资金16.74万元，入股本村人魏龙开的“兰州拉面”店，按入股资金的10%分配。 | H77: 16.74
A78: 12 | B78: 南街村 | C78: 13 | D78: 48 | E78: 新建 | F78: 2019 | G78: 项目户13户48人，产业扶持资金25.92万元，在化隆县农贸市场购置摊位向外租赁。 | H78: 25.92
... A85: 19 | B85: 窑湾村 | C85: 23 | D85: 82 | E85: 新建 | F85: 2019 | G85: 项目户23户82人，产业扶持资金44.28万元。发展养殖业 | H85: 44.28
A86: （七） | B86: 查甫乡 | C86: =SUM(C87:C96) -> 116 | D86: =SUM(D87:D96) -> 445 | H86: =SUM(H87:H96) -> 231.66
A87: 1 | B87: 加斜村 | C87: 10 | D87: 38 | E87: 新建 | F87: 2017 | G87: 购买牦牛进行分户养殖 | H87: 10.8
A88: 2 | B88: 查二村 | C88: 7 | D88: 28 | E88: 新建 | F88: 2017 | G88: 5户22人购羊进行分户养殖；1户3人购买肉猪进行养殖；2户7人购买五征农用车进行分户运输 | H88: 17.28
A89: 3 | B89: 药水泉村 | C89: 10 | D89: 29 | E89: 新建 | F89: 2017 | G89: 4户16人购买牦牛进行分户养殖，5户14人购买羊进行分户养殖 | H89: 16.2
A90: 4 | B90: 查让村 | C90: 7 | D90: 34 | E90: 新建 | F90: 2017 | G90: 2户12人购买牦牛分户养殖；5户20人购买羊分户养殖 | H90: 17.28
A91: 5 | B91: 索拉村 | C91: 6 | D91: 25 | E91: 新建 | F91: 2017 | G91: 5户23人购买牦牛分户养殖；1户1人购买羊分户养殖 | H91: 12.96
A92: 6 | B92: 东台村 | C92: 22 | D92: 89 | E92: 新建 | F92: 2018 | G92: 22户89人，将产业扶持资金48.06万元用于全部购买西门塔尔母牛，发展养殖业 | H92: 48.06
A93: 7 | B93: 中曲加村 | C93: 5 | D93: 18 | E93: 新建 | F93: 2018 | G93: 5户18人，将产业扶持资金9.72万元用于全部购买黑白花奶牛，发展养殖业 | H93: 9.72
A94: 8 | B94: 下曲加村 | C94: 12 | D94: 48 | E94: 新建 | F94: 2018 | G94: 1户3人将项目资金1.62万元用于购买黄牛发展养殖业；1户4人将项目资金2.16万元用于购羊发展养殖业；8户33人将项目资金17.82万元用于购买农用运输车发展运输业；2户8人将项目资金4.32万元用于开办小卖部发展零售业。 | H94: 25.92
A95: 9 | B95: 来洞村 | C95: 8 | D95: 37 | E95: 新建 | F95: 2018 | G95: 4户17人将项目资金9.18万元用于购买羊发展养殖业；1户5人将项目资金2.7万元用于购买黄牛发展养殖业；3户15人将项目资金8.1万元用于购买农用运输车发展运输业。 | H95: 19.98
A96: 10 | B96: 上曲加村 | C96: 29 | D96: 99 | E96: 新建 | F96: 2019 | G96: 项目户29户99人，总投资89.46万元，其中产业扶持资金53.46万元，530贷款36万元。22户73人投资67.42万元（产业扶持资金39.42万元，530贷款28万元）购买12月龄西门塔尔牛123头进行自繁自育。1户4人资金2.16万元（产业扶持资金2.16万元）购买羊36只进行自繁自育。1户2人资金6.08万元（产业扶持资金1.08万元，530贷款5万元）投资经营馍馍铺。1户3人资金1.62万元（产业扶持资金1.62万元）投资经营榨油坊。1户4人资金5.16万元（产业扶持资金2.16万元，530贷款3万元）投资经营汽修铺。1户5人资金2.7万元（产业扶持资金2.7万元）投资经营小吃部发展餐营业。2户8人资金4.32万元（产业扶持资金4.32万元）投资经营小卖部发展零售业。 | H96: 53.46
A97: （八） | B97: 阿什努乡 | C97: =SUM(C98:C104) -> 70 | D97: =SUM(D98:D104) -> 285 | H97: =SUM(H98:H104) -> 153.9
A98: 1 | B98: 日忙村 | C98: 6 | D98: 21 | E98: 新建 | F98: 2017 | G98: 购买牦牛进行分户养殖 | H98: 11.34
A99: 2 | B99: 若兰村 | C99: 3 | D99: 11 | E99: 新建 | F99: 2017 | G99: 2户7人购买黄牛进行分户养殖；4户15人发展拉面经济； | H99: 5.94
A100: 3 | B100: 阿藏吾具村 | C100: 7 | D100: 26 | E100: 新建 | F100: 2018 | G100: 7户26人，将产业扶持项目资金14.04万元用于购买绵羊、饲料发展养殖业 | H100: 14.04
A101: 4 | B101: 全吉村 | C101: 22 | D101: 93 | E101: 新建 | F101: 2018 | G101: 8户43人将项目资金23.22万元用于购买黄牛、饲料发展养殖业；3户11人将项目资金5.94万元用于购买绵羊、饲料发展养殖业；2户7人将项目资金3.78万元用于购买牦牛、饲料发展养殖业；8户27人将项目资金14.58万元用于入股拉面馆，按年终纯利润的1%进行分红；1户5人将项目资金2.7万元用于经营小型拉面馆发展餐饮业 | H101: 50.22
A102: 5 | B102: 白加村 | C102: 8 | D102: 35 | E102: 新建 | F102: 2018 | G102: 4户16人将项目资金8.64万元用于购买黄牛、饲料发展养殖业；4户19人将项目资金10.26万元用于入股拉面馆，按年终纯利润的1%进行分红 | H102: 18.9
A103: 6 | B103: 羊隆村 | C103: 12 | D103: 48 | E103: 新建 | F103: 2019 | G103: 项目户12户48人，产业扶持资金25.92万元。其中，4户12人资金6.48万元购买黄牛进行养殖；3户16人资金8.64万元购买绵羊养殖；5户20人资金10.8万元入股拉面馆。 | H103: 25.92
A104: 7 | B104: 阿一村 | C104: 12 | D104: 51 | E104: 新建 | F104: 2019 | G104: 项目户12户51人，产业扶持资金27.54万元。其中，9户35人18.9万元购买黄牛35头；3户16人资金8.64万元购买绵羊106只。 | H104: 27.54
A105: （九） | B105: 雄先乡 | C105: =SUM(C106:C122) -> 229 | D105: =SUM(D106:D122) -> 931 | H105: =SUM(H106:H122) -> 502.74
A106: 1 | B106: 东朋村 | C106: 26 | D106: 106 | E106: 新建 | F106: 2017 | G106: 15户56人分户养殖牦牛； 1户6人养殖黄牛；9户40人养殖绵羊；1户4人养殖山羊 | H106: 57.24
...

Sheet 资产收益
A1: 化隆县“十三五”脱贫资产收益项目及投资表
A2: 序号 | B2: 乡（镇）、村名 | C2: 项目受益贫困户 | E2: 建设性质 | F2: 建设年限 | G2: 规划内容与规模 | H2: 投资（万元）
C3: 户数 | D3: 人数
A4: 全县合计 | C4: =C5+C8 -> 1617 | D4: =D5+D8 -> 12335 | H4: =H5+H8 -> 8160.82
A5: 一 | B5: 扶贫产业园项目 | C5: =SUM(C6:C7) -> 436 | D5: =SUM(D6:D7) -> 1866 | H5: =SUM(H6:H7) -> 2500
A6: 1 | B6: 青海省扶贫拉面产业园 | C6: 151 | D6: 741 | E6: 新建 | F6: 2016 | G6: 将项目资金1000万元以投资固定收益分红方式投入到青海源隆拉面产业集团股份有限公司用于流动资金，资金使用期限为三年，三年期满后再另行协商续签事宜，在合同期间，按照“负赢不负亏”的原则，由该公司按每年不低于6%且逐年增加0.3%的收益率进行分红，并将分红上缴至县扶贫局，统筹安排用于扩大产业园辐射相关村的互助社资金。同时，该企业要提供不低于1000万元的财产担保，并进行司法公证。涉及6个村（阿藏吾具、日古村、贡什加村、列村、塔麻村、 | H6: 1000
A7: 2 | B7: 化隆县50万只蛋肉鸡养殖省级扶贫产业园建设项目 | C7: 285 | D7: 1125 | E7: 新建 | F7: 2017 | G7: 将项目资金1500万元以投资固定收益分红方式投入到化隆县群科绿禽农牧开发有限公司用于流动资金，资金使用期限为三年，三年期满后再另行协商续签事宜，在合同期间，按照“负赢不负亏”的原则，由该公司按每年不低于6%且逐年增加0.3%的收益率进行分红，并将分红资金按年度一次性上缴至县扶贫局，统筹安排用于扩大产业园辐射相关村的互助社资金。同时，该企业要提供不低于1500万元的财产担保，并进行司法公证。涉及9个村（拉卡村、松赛村、德一村、西后加村、安达其哈村、水库滩村、水库滩村、沙一村、参果滩二村） | H7: 1500
A8: 二 | B8: 特色产业发展项目 | C8: =C9+C16+C20+C28+C32+C45+C65+C68+C87+C90+C94+C100+C105+C109+C121+C135+C158+C78 -> 1181 | D8: =D9+D16+D20+D28+D32+D45+D65+D68+D87+D90+D94+D100+D105+D109+D121+D135+D158+D78 -> 10469 | H8: =H9+H16+H20+H28+H32+H45+H65+H68+H87+H90+H94+H100+H105+H109+H121+H135+H158+H78 -> 5660.82
A9: （一） | B9: 谢家滩乡 | C9: =SUM(C10:C15) -> 15 | D9: =SUM(D10:D15) -> 243 | H9: =SUM(H10:H15) -> 131.22
A10: 1 | B10: 公扎村 | D10: 29 | E10: 新建 | F10: 2016 | G10: 购买巴燕镇综合农贸市场摊位1个 | H10: 15.66
A11: 2 | B11: 卡昂村 | D11: 29 | E11: 新建 | F11: 2016 | G11: 购买巴燕镇综合农贸市场摊位2个 | H11: 15.66
A12: 3 | B12: 朱家湾村 | D12: 64 | E12: 新建 | F12: 2016 | G12: 购买巴燕镇综合农贸市场摊位2个 | H12: 34.56
A13: 4 | B13: 丁家湾村 | D13: 35 | E13: 新建 | F13: 2016 | G13: 将项目资金投入到村村成立的辉成种养殖专业合作社，以6%进行分红 | H13: 18.9
A14: 5 | B14: 卷康村 | D14: 30 | E14: 新建 | F14: 2016 | G14: 将项目资金投入到村村成立的兴明种养殖专业合作社，以6%进行分红 | H14: 16.2
A15: 6 | B15: 马塘村 | C15: 15 | D15: 56 | E15: 新建 | F15: 2017 | G15: 全村28户贫困户106人共同在巴燕镇农贸综合市场购置铺面1处，产权共有利益共享，共同经营共同分红。 | H15: 30.24
A16: （二） | B16: 石大仓乡 | C16: =SUM(C17:C19) -> 0 | D16: =SUM(D17:D19) -> 360 | H16: =SUM(H17:H19) -> 194.4
A17: 1 | B17: 项加吾具村 | D17: 62 | E17: 新建 | F17: 2016 | G17: 购置商铺 | H17: 33.48
A18: 2 | B18: 乡旦庄村 | D18: 110 | E18: 新建 | F18: 2016 | G18: 购置商铺 | H18: 59.4
A19: 3 | B19: 拉卡村、香塔村、高跃村 | D19: 188 | E19: 新建 | F19: 2016 | G19: 购置商铺 | H19: 101.52
A20: （三） | B20: 二塘乡 | C20: =SUM(C21:C27) -> 27 | D20: =SUM(D21:D27) -> 549 | H20: =SUM(H21:H27) -> 296.46
A21: 1 | B21: 科却村 | D21: 98 | E21: 新建 | F21: 2016 | G21: 将项目资金投入到西宁宁通市政工程有限公司，以10%分红 | H21: 52.92
A22: 2 | B22: 尕什加村 | D22: 61 | E22: 新建 | F22: 2016 | G22: 将项目资金投入到化隆县华泰餐饮开发有限公司发展餐饮业，以10%进行分红 | H22: 32.94
A23: 3 | B23: 工二村 | D23: 70 | E23: 新建 | F23: 2016 | G23: 将项目资金投入到村村人成立的西宁宁通市政工程有限公司，以10%进行分红 | H23: 37.8
A24: 4 | B24: 上滩村 | D24: 120 | E24: 新建 | F24: 2016 | G24: 将项目资金投入到化隆县华泰餐饮开发有限公司发展餐饮业，以10%进行分红 | H24: 64.8
A25: 5 | B25: 二塘村 | D25: 101 | E25: 新建 | F25: 2016 | G25: 将项目资金投入到化隆县华泰餐饮开发有限公司发展餐饮业，以10%进行分红 | H25: 54.54
A26: 6 | B26: 二塘沟村 | C26: 6 | D26: 22 | E26: 新建 | F26: 2017 | G26: 购买化隆县综合农贸市场1个摊位进行出租分红 | H26: 11.88
A27: 7 | B27: 尕吾山村 | C27: 21 | D27: 77 | E27: 新建 | F27: 2019 | G27: 项目户21户77人，产业扶持资金41.58万元，入股化隆县二塘乡尕吾山原生态土鸡养殖合作社。 | H27: 41.58
A28: （四） | B28: 金源乡 | C28: =SUM(C29:C31) -> 0 | D28: =SUM(D29:D31) -> 180 | H28: =SUM(H29:H31) -> 97.2
A29: 1 | B29: 日古村 | D29: 58 | E29: 新建 | F29: 2016 | G29: 本村成立耐寒牦牛养殖合作社，所得收益分配给贫困人口 | H29: 31.32
A30: 2 | B30: 雄哇村 | D30: 58 | E30: 新建 | F30: 2016 | G30: 本村成立耐寒牦牛养殖合作社，所得收益分配给贫困人口 | H30: 31.32
A31: 3 | B31: 土哇仓村 | D31: 64 | E31: 新建 | F31: 2016 | G31: 本村成立耐寒牦牛养殖合作社，所得收益分配给贫困人口 | H31: 34.56
A32: （五） | B32: 德恒隆乡 | C32: =SUM(C33:C44) -> 263 | D32: =SUM(D33:D44) -> 1615 | H32: =SUM(H33:H44) -> 872.1
A33: 1 | B33: 黄吾具村 | D33: 192 | E33: 新建 | F33: 2016 | G33: 购买群科新区商铺108平方米 | H33: 103.68
A34: 2 | B34: 卡什代村 | D34: 40 | E34: 新建 | F34: 2016 | G34: 将项目资金投入到村村村民经营的拉面馆，以10%进行分红 | H34: 21.6
A35: 3 | B35: 支乎具村 | D35: 181 | E35: 新建 | F35: 2016 | G35: 购置商铺 | H35: 97.74
A36: 4 | B36: 牙曲滩村 | C36: 21 | D36: 95 | E36: 新建 | F36: 2017 | G36: 投资化隆县德隆建筑服务有限公司 | H36: 51.3
A37: 5 | B37: 西后加村 | C37: 29 | D37: 121 | E37: 新建 | F37: 2017 | G37: 新建畜棚2栋1200㎡（病畜隔离舍100㎡），青贮池750㎡，购置肉羊900只；新建病死畜无害化处理一套64m³（4m×4m×4m），堆粪场200㎡；新建饲料房40㎡、办公用房40㎡、兽医室20㎡、消毒室20㎡、消毒池40m³；修建专用供电设施及线路300米，供水线路200米，污水管道200米，进场道路100米，大门一座，围墙310米；购置粉碎机1台套，铡草机1台、兽医及防疫设备一套 | H37: 65.34
A38: 6 | B38: 拉村 | C38: 19 | D38: 70 | E38: 新建 | F38: 2017 | G38: 在群科新区购买化隆县金沙洲房地产开发有限公司铺面35㎡（1.1万元/㎡），产权归团结村建档立卡贫困户 | H38: 37.8
A39: 7 | B39: 哇西村村 | D39: 51 | E39: 新建 | F39: 2016 | G39: 民族服饰加工 | H39: 27.54
A40: 8 | B40: 徳一村 | C40: 56 | D40: 265 | E40: 新建 | F40: 2017 | G40: 在群科新区购买化隆县金沙洲房地产开发有限公司铺面195㎡（1.1万元/㎡），产权归徳一村建档立卡贫困户 | H40: 143.1
A41: 9 | B41: 列村 | C41: 38 | D41: 171 | E41: 新建 | F41: 2018 | G41: 38户171人，产业扶持资金92.34万元，用于在群科新区购买化隆县金沙洲房地产开发有限公司铺面进行出租分红 | H41: 92.34
A42: 10 | B42: 团结村 | C42: 23 | D42: 89 | E42: 新建 | F42: 2017 | G42: 在群科新区购买化隆县金沙洲房地产开发有限公司铺面39㎡（1.1万元/㎡），产权归团结村建档立卡贫困户 | H42: 48.06
A43: 11 | B43: 若索村 | C43: 49 | D43: 221 | E43: 新建 | F43: 2018 | G43: 49户221人，产业扶持资金119.34万元，用于修建畜棚、青贮池、堆粪场、消毒池、饲料房、办公用房、消毒室、兽医室、大门、供水线路及污水管道、粉碎机、铡草机、兽医及防疫设备、肉羊、饲料等发展养殖业。 | H43: 119.34
A44: 12 | B44: 石乃海村 | C44: 28 | D44: 119 | E44: 新建 | F44: 2018 | G44: 28户119人，产业扶持资金64.26万元，用于新建畜棚、青贮池、堆粪场、消毒池、饲料房、办公用房、消毒室、兽医室、大门一座、供水线路及污水管道、粉碎机、铡草机、兽医及防疫设备、肉牛等发展养殖业 | H44: 64.26
A45: （六） | B45: 巴燕镇 | C45: =SUM(C46:C64) -> 302 | D45: =SUM(D46:D64) -> 1949 | H45: =SUM(H46:H64) -> 1052.46
A46: 1 | B46: 后沟村 | D46: 122 | E46: 新建 | F46: 2016 | G46: 购置商铺 | H46: 65.88
A47: 2 | B47: 中拉干村 | D47: 133 | E47: 新建 | F47: 2016 | G47: 购置商铺 | H47: 71.82
A48: 3 | B48: 尕西沟村 | D48: 130 | E48: 新建 | F48: 2016 | G48: 购买商铺 | H48: 70.2
A49: 4 | B49: 什杰列村 | D49: 155 | E49: 新建 | F49: 2016 | G49: 购置巴燕镇农贸市场摊位8个 | H49: 83.7
A50: 5 | B50: 阿扎卜扎村 | D50: 78 | E50: 新建 | F50: 2016 | G50: 购置巴燕镇农贸市场摊位6个 | H50: 42.12
A51: 6 | B51: 下吾具村 | D51: 123 | E51: 新建 | F51: 2016 | G51: 购置巴燕镇农贸市场摊位8个 | H51: 66.42
A52: 7 | B52: 上拉干村 | C52: 24 | D52: 89 | E52: 新建 | F52: 2017 | G52: 在县农贸综合市场购置摊位5个进行出租分红 | H52: 48.06
A53: 8 | B53: 马场村 | C53: 23 | D53: 119 | E53: 新建 | F53: 2017 | G53: 投资在化隆县上购置一处商铺进行出租分红 | H53: 64.26
A54: 9 | B54: 克么村 | C54: 28 | D54: 148 | E54: 新建 | F54: 2017 | G54: 在县农贸综合市场购置摊位9个进行出租分红 | H54: 79.92
A55: 10 | B55: 下地滩村 | C55: 21 | D55: 78 | E55: 新建 | F55: 2017 | G55: 在化隆县上购置一处商铺进行出租分红 | H55: 42.12
A56: 11 | B56: 西下村 | C56: 19 | D56: 65 | E56: 新建 | F56: 2017 | G56: 化隆县上购置一处商铺进行出租分红 | H56: 35.1
A57: 12 | B57: 东上村 | C57: 22 | D57: 70 | E57: 新建 | F57: 2018 | G57: 5户11人将项目资金5.94万元用于采购黑白花奶牛发展养殖业；17户59人将项目资金31.86万元投入化隆县拓隆建筑有限责任公司进行折股量化，在合同期内，以投资额的10％（每年）进行利润分红，合同期满后再另行协商 | H57: 37.8
A58: 13 | B58: 东下村 | C58: 22 | D58: 61 | E58: 新建 | F58: 2018 | G58: 22户61人，产业扶持资金32.94万元，在化隆县境内购置30平方米商铺一处进行出租分红。 | H58: 32.94
A59: 14 | B59: 上加合村 | C59: 27 | D59: 128 | E59: 新建 | F59: 2018 | G59: 27户128人，产业扶持资金69.12万元，在化隆县境内购置55平方米一处商铺进行出租分红。 | H59: 69.12
A60: 15 | B60: 绽麻村 | C60: 26 | D60: 92 | E60: 新建 | F60: 2018 | G60: 26户92人，产业扶持资金49.68万元，在化隆县境内购置40平方米一处商铺进行出租分红。 | H60: 49.68
A61: 16 | B61: 西上村 | C61: 29 | D61: 105 | E61: 新建 | F61: 2018 | G61: 29户105人，产业扶持资金56.7万元，在化隆县境内购置36平方米商铺一处进行出租分红 | H61: 56.7
A62: 17 | B62: 藏滩村 | C62: 20 | D62: 88 | E62: 新建 | F62: 2018 | G62: 20户88人，产业扶持资金47.52万元，全部投入拉面产业，通过折股量化实行分红，分红比例按10%计。 | H62: 47.52
A63: 18 | B63: 北街村 | C63: 18 | D63: 79 | E63: 新建 | F63: 2018 | G63: 18户79人，产业扶持资金42.66万元，全部投入北街村蒋永海油料加工坊，通过实行包盈不包亏的方式年底利润分红，分红比例按10%计算 | H63: 42.66
A64: 19 | B64: 哈洞村 | C64: 23 | D64: 86 | E64: 新建 | F64: 2019 | G64: 项目户23户86人，产业扶持资金46.44万元，在化隆县境内购置一处商铺。 | H64: 46.44
A65: （七） | B65: 查甫乡 | C65: =SUM(C66:C67) -> 0 | D65: =SUM(D66:D67) -> 86 | H65: =SUM(H66:H67) -> 46.44
A66: 1 | B66: 查一村 | D66: 33 | E66: 新建 | F66: 2016 | G66: 将项目资金投入到本村成立的华诚种植专业合作社，以10%分红 | H66: 17.82
A67: 2 | B67: 跃洞村 | D67: 53 | E67: 新建 | F67: 2016 | G67: 购买巴燕镇综合农贸市场摊位3个 | H67: 28.62
A68: （八） | B68: 阿什努乡 | C68: =SUM(C69:C77) -> 59 | D68: =SUM(D69:D77) -> 307 | H68: =SUM(H69:H77) -> 165.78
A69: 1 | B69: 阿二村 | D69: 62 | E69: 新建 | F69: 2016 | G69: 购买化隆县巴燕镇综合农贸市场摊位两间 | H69: 33.48
A70: 2 | B70: 赛什库村 | D70: 36 | E70: 新建 | F70: 2016 | G70: 购买化隆县巴燕镇综合农贸市场商铺1处 | H70: 19.44
A71: 3 | B71: 拉卡村 | C71: 7 | D71: 19 | E71: 新建 | F71: 2017 | G71: 6户21人投资化隆县标达建筑有限公司，连续三年在年底支付8%分红；13户45人投资拉面馆，扩大经营；5户19人贫困户将产业扶持资金合计102600元交由贫困户马鲁台负责经营（拉面地点：江苏省无锡市宜兴市邑南路电大对面商铺70-1），并连续三年在年底支付8%的分红。3户10人贫困户将产业扶持资金54000元投资给村民韩占忠批发牛羊肉，从尖扎县康扬镇清真屠宰场批发牛羊肉，发往浙江省杭州市40家拉面馆（有本村及亲戚共40家拉面馆） | H71: 10.26
A72: 4 | B72: 松赛村 | C72: 17 | D72: 64 | E72: 新建 | F72: 2017 | G72: 因松赛村是2016-2017年易地搬迁村，利用产业扶持资金合资购买化隆县帮农生态科技有限公司建设的农贸综合市场摊位2个（D11、C39） | H72: 34.56
A73: 5 | B73: 纳哈隆村 | C73: 5 | D73: 18 | E73: 新建 | F73: 2018 | G73: 5户18人，将产业扶持资金9.72万元用于投入到本村马海云加油站（在尖扎县桥头），连续两年以产业扶持资金的8%进行分红，两年满后再另行协商续签事宜 | H73: 9.72
A74: 6 | B74: 刘什洞村 | C74: 11 | D74: 46 | E74: 新建 | F74: 2019 | G74: 项目户11户46人，产业扶持资金24.84万元，修建规模50KW分布式光伏发电站。 | H74: 24.84
A75: 7 | B75: 俄加村 | C75: 9 | D75: 25 | E75: 新建 | F75: 2019 | G75: 项目户9户25人，产业扶持资金13.5万元，购买化隆县帮农生态科技有限公司建设的农贸综合市场摊位2个。 | H75: 13.5
A76: 8 | B76: 尕加村 | C76: 5 | D76: 22 | E76: 新建 | F76: 2019 | G76: 项目户5户22人，产业扶持资金11.88万元，购买化隆县帮农生态科技有限公司建设的农贸综合市场摊位1个。 | H76: 11.88
A77: 9 | B77: 列仁村 | C77: 5 | D77: 15 | E77: 新建 | F77: 2019 | G77: 项目户5户15人，产业扶持资金8.1万元，购买化隆县帮农生态科技有限公司建设的农贸综合市场摊位1个。 | H77: 8.1
A78: （九） | B78: 雄先乡 | C78: =SUM(C79:C86) -> 74 | D78: =SUM(D79:D86) -> 358 | H78: =SUM(H79:H86) -> 199.8
A79: 1 | B79: 江扎村 | D79: 18 | E79: 新建 | F79: 2016 | G79: 将项目资金投入到本村成立的恒源养殖专业合作社，以10%进行分红 | H79: 9.72
A80: 2 | B80: 洛麻村 | D80: 44 | E80: 新建 | F80: 2016 | G80: 将项目资金投入到化隆县通源房地产有限公司，以10%进行分红 | H80: 23.76
A81: 3 | B81: 塘春村 | D81: 47 | E81: 新建 | F81: 2016 | G81: 将项目资金投入到青海万财汽车维修有限公司，以8%进行分械 | H81: 25.38
A82: 4 | B82: 花科村 | C82: 10 | D82: 31 | E82: 新建 | F82: 2017 | G82: 项目将全部资金折股投入到化隆县康醇青稞酩馏酒有限公司，每年以8%进行分红 | H82: 16.74
A83: 5 | B83: 雄先村 | C83: 23 | D83: 74 | E83: 新建 | F83: 2017 | G83: 投入化隆晨云五金加工有限公司分红。合同期内，该公司每年以入股金5400元/人的8％（即432元/人）给入股的贫困人口分红。 | H83: 39.96
A84: 6 | B84: 巴么堂村 | C84: 27 | D84: 93 | E84: 新建 | F84: 2018 | G84: 27户93人将项目资金50.22万元委托给中国建设银行股份有限公司化隆支行进行放贷，在合同期内，以8%的年收益率选择贷款企业，合同期满后再另行协商 | H84: 50.22
A85: 7 | B85: 街道村 | C85: 7 | D85: 29 | E85: 新建 | F85: 2018 | G85: 19户41人，产业扶持资金22.14万元。全部投入到化隆县支扎乡寿胜经销店，在合同期内按投资额的7％比例收益分红，合同期满后另行协商 | H85: 22.14
A86: 8 | B86: 下米乃海村 | C86: 7 | D86: 22 | E86: 新建 | F86: 2019 | G86: 项目户7户22人，总投资11.88万元，其中产业扶持资金11.88万元。将全部资金投入化隆县建明水产养殖专业合作社进行分红 | H86: 11.88
A87: （十） | B87: 塔加乡 | C87: =SUM(C88:C89) -> 0 | D87: =SUM(D88:D89) -> 101 | H87: =SUM(H88:H89) -> 54.54
A88: 1 | B88: 德扎村 | D88: 58 | E88: 新建 | F88: 2016 | G88: 本村成立耐寒牦牛养殖合作社，所得收益分配给贫困人口 | H88: 31.32
A89: 2 | B89: 尕洞村 | D89: 43 | E89: 新建 | F89: 2016 | G89: 本村成立耐寒牦牛养殖合作社，所得收益分配给贫困人口 | H89: 23.22
A90: （十一） | B90: 甘都镇 | C90: =SUM(C91:C93) -> 0 | D90: =SUM(D91:D93) -> 421 | H90: =SUM(H91:H93) -> 227.34
A91: 1 | B91: 东六村 | D91: 280 | E91: 新建 | F91: 2016 | G91: 购买西宁市商铺一间 | H91: 151.2
A92: 2 | B92: 水车村 | D92: 56 | E92: 新建 | F92: 2016 | G92: 购置商铺 | H92: 30.24
A93: 3 | B93: 阿河滩村 | D93: 85 | E93: 新建 | F93: 2016 | G93: 购置商铺 | H93: 45.9
A94: （十二） | B94: 牙什尕镇 | C94: =SUM(C95:C99) -> 20 | D94: =SUM(D95:D99) -> 429 | H94: =SUM(H95:H99) -> 231.66
A95: 1 | B95: 参一村 | D95: 34 | E95: 新建 | F95: 2016 | G95: 将项目资金投入到化隆县华泰餐饮开发有限公司发展餐饮业 | H95: 18.36
A96: 2 | B96: 塘沙一村 | D96: 212 | E96: 新建 | F96: 2016 | G96: 本村成立养殖专业合作社，以7%进行分红 | H96: 114.48
A97: 3 | B97: 上多巴村 | D97: 65 | E97: 新建 | F97: 2016 | G97: 将项目资金投入到海尼尔餐饮有限公司，以10%进行分红 | H97: 35.1
A98: 4 | B98: 塘沙二村 | D98: 48 | E98: 新建 | F98: 2016 | G98: 将项目资金投入到海尼尔餐饮有限公司，以10%进行分红 | H98: 25.92
A99: 5 | B99: 下一村 | C99: 20 | D99: 70 | E99: 新建 | F99: 2017 | G99: 将产业扶持资金入股到化隆县三知劳务服务有限公司，年终按投入资金的利率6%予以分利（无论企业是否亏损，贫困户分红均不能低于银行基准利率）。22户贫困户可按个人意愿选择进入化隆县三知劳务服务有限公司进行工作，该公司保证并承诺贫困户中有劳动力的家庭至少每户1人，进入公司从事打工或泥瓦工培养。 | H99: 37.8
A100: （十三） | B100: 初麻乡 | C100: =SUM(C101:C104) -> 0 | D100: =SUM(D101:D104) -> 276 | H100: =SUM(H101:H104) -> 149.04
...

Sheet 转移就业
A1: 化隆县“十三五”脱贫攻坚规划转移就业建设项目及投资表
A2: 序号 | B2: 乡（镇）、村名 | C2: 项目受益贫困户 | E2: 建设性质 | F2: 建设年限 | G2: 规划内容与规模 | H2: 投资 （万元）
C3: 户数 | D3: 人数
A4: 全县合计 | D4: =D5+D10+D15+D20 -> 35981 | H4: =H5+H10+H15+H20 -> 14612.88
A5: 一 | B5: 劳动技术、技能培训 | D5: =SUM(D6:D9) -> 5000 | G5: 规划在2016年-2019年培训劳动技术、技能5000人次 | H5: =SUM(H6:H9) -> 400
A6: 1 | B6: 2016年劳动技术、技能培训 | D6: 1000 | F6: 2016 | G6: 规划培训劳动技术、技能1000人次 | H6: =D6*0.08 -> 80
A7: 2 | B7: 2017年劳动技术、技能培训 | D7: 2000 | F7: 2017 | G7: 规划培训劳动技术、技能2000人次 | H7: =D7*0.08 -> 160
A8: 3 | B8: 2018年劳动技术、技能培训 | D8: 500 | F8: 2018 | G8: 规划培训劳动技术、技能500人次 | H8: =D8*0.08 -> 40
A9: 4 | B9: 2019年劳动技术、技能培训 | D9: 1500 | F9: 2019 | G9: 规划培训劳动技术、技能1500人次 | H9: =D9*0.08 -> 120
A10: 二 | B10: “带薪在岗实训+创业” | D10: =SUM(D11:D14) -> 17866 | H10: =SUM(H11:H14) -> 8564
A11: 1 | B11: 2016年实训+创业项目 | C11: 1020 | D11: 4586 | F11: 2016 | G11: “带薪在岗实训+创业”1020人，带动贫困人口4586人 | H11: 2040
A12: 2 | B12: 2017年实训+创业项目 | C12: 1262 | D12: 5080 | F12: 2017 | G12: “带薪在岗实训+创业”1262人，带动贫困人口5080人 | H12: 2524
A13: 3 | B13: 2018年实训+创业项目 | C13: 1000 | D13: 4100 | F13: 2018 | G13: “带薪在岗实训+创业”1000人，带动贫困人口4100人 | H13: 2000
A14: 4 | B14: 2019年实训+创业项目 | C14: 1000 | D14: 4100 | F14: 2019 | G14: “带薪在岗实训+创业”1000人，带动贫困人口4100人 | H14: 2000
A15: 三 | B15: “雨露计划” | D15: =SUM(D16:D19) -> 9115 | H15: =SUM(H16:H19) -> 346
A16: 1 | B16: 2017年雨露计划培训项目 | C16: 382 | D16: 1620 | F16: 2017 | G16: “雨露计划”培训382人，带动1620人 | H16: 76
A17: 2 | B17: 2018年雨露计划培训项目 | C17: 650 | D17: 2645 | F17: 2018 | G17: “雨露计划”培训650人，带动2645人 | H17: 90
A18: 3 | B18: 2019年雨露计划培训项目 | C18: 600 | D18: 2450 | F18: 2019 | G18: “雨露计划”培训600人，带动2450人 | H18: 90
A19: 4 | B19: 2020年雨露计划培训项目 | C19: 600 | D19: 2400 | F19: 2020 | G19: “雨露计划”培训600人，带动2400人 | H19: 90
A20: 四 | B20: 生态管护员岗位 | D20: =SUM(D21:D25) -> 4000 | H20: =SUM(H21:H25) -> 5302.88
A21: 1 | B21: 2016年设立生态管护员岗位 | D21: 220 | F21: 2016 | G21: 共设立生态管护员岗位272个；解决贫苦户劳动力272名。 | H21: 475.68
A22: 2 | B22: 2017年设立生态管护员岗位 | D22: 720 | F22: 2017 | G22: 共设立生态管护员岗位772个；解决贫苦户劳动力772名。 | H22: 975.68
A23: 3 | B23: 2018年设立生态管护员岗位 | D23: 1020 | F23: 2018 | G23: 共设立生态管护员岗位1076个；解决贫苦户劳动力1076名。 | H23: 1283.84
A24: 4 | B24: 2019年设立生态管护员岗位 | D24: 1020 | F24: 2019 | G24: 共设立生态管护员岗位1076个；解决贫苦户劳动力1076名。 | H24: 1283.84
A25: 5 | B25: 2020年设立生态管护员岗位 | D25: 1020 | F25: 2020 | G25: 共设立生态管护员岗位1076个；解决贫苦户劳动力1076名。 | H25: 1283.84

Sheet 易地搬迁
A1: 化隆县“十三五”脱贫攻坚规划易地扶贫搬迁建设项目及投资表
A2: 序号 | B2: 乡（镇）、村名 | C2: 建设年限 | D2: 搬迁规模 | F2: 其中：建档立卡贫困户 | H2: 规划内容与规模 | I2: 投资（万元）
D3: 户 | E3: 人 | F3: 户 | G3: 人
A4: 全县合计 | I4: =I5+I10+I20+I33+I36+I38+I41+I44+I51+I57+I59 -> 19117.791
A5: 一 | B5: 初麻乡 | D5: =SUM(D6+D7+D8+D9) -> 269 | E5: =SUM(E6+E7+E8+E9) -> 1131 | F5: =SUM(F6+F7+F8+F9) -> 71 | G5: =SUM(G6+G7+G8+G9) -> 327 | I5: 1685
A6: 1 | B6: 塔麻村 | C6: 2016 | D6: 124 | E6: 562 | F6: 25 | G6: 132 | I6: 795.5
A7: 2 | B7: 初一村二社 | C7: 2016 | D7: 24 | E7: 111 | F7: 9 | G7: 42 | I7: 141.5
A8: 3 | B8: 拉许村 | C8: 2017 | D8: 64 | E8: 254 | F8: 20 | G8: 83 | I8: 398
A9: 4 | B9: 下恰藏村 | C9: 2017 | D9: 57 | E9: 204 | F9: 17 | G9: 70 | I9: 350
A10: 二 | B10: 阿什努乡 | D10: =D11+D12+D13+D14+D15+D16+D17+D18+D19 -> 451 | E10: =E11+E12+E13+E14+E15+E16+E17+E18+E19 -> 1619 | F10: =F11+F12+F13+F14+F15+F16+F17+F18+F19 -> 44 | G10: =G11+G12+G13+G14+G15+G16+G17+G18+G19 -> 158 | I10: 2328.5
A11: 1 | B11: 松赛村 | C11: 2016 | D11: 113 | E11: 409 | F11: 19 | G11: 68 | I11: 613
A12: 2 | B12: 纳哈隆村 | C12: 2017 | D12: 176 | E12: 641 | F12: 4 | G12: 13 | I12: 814
A13: 3 | B13: 拉卡 | C13: 2017 | D13: 95 | E13: 328 | F13: 12 | G13: 35 | I13: 493.5
A14: 4 | B14: 若兰村若兰社 | C14: 2018 | D14: 61 | E14: 210 | F14: 3 | G14: 11 | I14: 299.5
A15: 5 | B15: 阿一村 | C15: 2019 | D15: 1 | E15: 5 | F15: 1 | G15: 5 | I15: =G15*3.5 -> 17.5
A16: 6 | B16: 阿二村 | C16: 2019 | D16: 1 | E16: 6 | F16: 1 | G16: 6 | I16: =G16*3.5 -> 21
A17: 7 | B17: 白加村 | C17: 2019 | D17: 2 | E17: 11 | F17: 2 | G17: 11 | I17: =G17*3.5 -> 38.5
A18: 8 | B18: 尕加村 | C18: 2019 | D18: 1 | E18: 5 | F18: 1 | G18: 5 | I18: =G18*3.5 -> 17.5
A19: 9 | B19: 全吉村 | C19: 2019 | D19: 1 | E19: 4 | F19: 1 | G19: 4 | I19: =G19*3.5 -> 14
A20: 三 | B20: 德恒隆乡 | D20: 1349 | E20: 5393 | F20: 332 | G20: 1427 | I20: 8241
A21: 1 | B21: 黄吾具村 | C21: 2016 | D21: 172 | E21: 645 | F21: 59 | G21: 247 | I21: 1098.5
A22: 2 | B22: 支乎具村 | C22: 2016 | D22: 157 | E22: 653 | F22: 46 | G22: 201 | I22: 959.5
A23: 3 | B23: 若索 | C23: 2017 | D23: 150 | E23: 528 | F23: 57 | G23: 235 | I23: 988.5
A24: 4 | B24: 卡什代村 | C24: 2017 | D24: 219 | E24: 985 | F24: 15 | G24: 84 | I24: 1163.5
A25: 5 | B25: 团结村 | C25: 2017 | D25: 257 | E25: 985 | F25: 11 | G25: 46 | I25: 1217
A26: 6 | B26: 石乃海 | C26: 2017 | D26: 116 | E26: 486 | F26: 28 | G26: 120 | I26: 676
A27: 7 | B27: 东加村 | C27: 2017 | D27: 98 | E27: 346 | F27: 48 | G27: 187 | I27: 705
A28: 8 | B28: 列村 | C28: 2017 | D28: 83 | E28: 327 | F28: 32 | G28: 132 | I28: 549.5
A29: 9 | B29: 措扎村 | C29: 2018 | D29: 76 | E29: 335 | F29: 15 | G29: 72 | I29: 523
A30: 10 | B30: 德一村 | C30: 2019 | D30: 10 | E30: 47 | F30: 10 | G30: 47 | I30: =G30*3.5 -> 164.5
A31: 11 | B31: 德二村 | C31: 2019 | D31: 9 | E31: 47 | F31: 9 | G31: 47 | I31: =G31*3.5 -> 164.5
A32: 12 | B32: 安措村 | C32: 2019 | D32: 2 | E32: 9 | F32: 2 | G32: 9 | I32: =G32*3.5 -> 31.5
A33: 四 | B33: 金源乡 | D33: 97 | E33: 428 | F33: 29 | G33: 119 | I33: 833.791
A34: 1 | B34: 阿吾卜具村藏东社 | C34: 2016 | D34: 28 | E34: 130 | F34: 4 | G34: 18 | I34: 188
A35: 2 | B35: 旦麻村 | C35: 2016 | D35: 69 | E35: 298 | F35: 25 | G35: 101 | I35: 645.791
A36: 五 | B36: 二塘乡 | D36: 18 | E36: 56 | F36: 5 | G36: 15 | I36: 108.5
A37: 1 | B37: 尕吾山村 | C37: 2016 | D37: 18 | E37: 56 | F37: 5 | G37: 15 | I37: 108.5
A38: 六 | B38: 昂思多镇 | D38: 101 | E38: 376 | F38: 24 | G38: 80 | I38: 822.5
A39: 1 | B39: 玉麦街村 | C39: 2016 | D39: 62 | E39: 244 | F39: 19 | G39: 63 | I39: 569.5
A40: 2 | B40: 尕么甫村六社 | C40: 2017 | D40: 39 | E40: 132 | F40: 5 | G40: 17 | I40: 253
A41: 七 | B41: 沙连堡乡 | D41: 220 | E41: 851 | F41: 31 | G41: 127 | I41: 1160.5
A42: 1 | B42: 乙什春一村 | C42: 2016 | D42: 183 | E42: 734 | F42: 30 | G42: 124 | I42: 988.5
A43: 2 | B43: 其后昂村二、三社 | C43: 2017 | D43: 37 | E43: 117 | F43: 1 | G43: 3 | I43: 172
A44: 八 | B44: 巴燕镇 | D44: 201 | E44: 744 | F44: 83 | G44: 299 | I44: 1457
A45: 1 | B45: 后沟村 | C45: 2016 | D45: 107 | E45: 399 | F45: 37 | G45: 124 | I45: 685
A46: 2 | B46: 下山根村 | C46: 2016 | D46: 57 | E46: 212 | F46: 25 | G46: 93 | I46: 394
A47: 3 | B47: 金家庄村六社 | C47: 2017 | D47: 33 | E47: 117 | F47: 17 | G47: 66 | I47: 322
A48: 4 | B48: 上吾具村 | C48: 2019 | D48: 2 | E48: 7 | F48: 2 | G48: 7 | I48: =G48*3.5 -> 24.5
A49: 5 | B49: 克么村 | C49: 2019 | D49: 1 | E49: 5 | F49: 1 | G49: 5 | I49: =G49*3.5 -> 17.5
A50: 6 | B50: 哈洞村 | C50: 2019 | D50: 1 | E50: 4 | F50: 1 | G50: 4 | I50: =G50*3.5 -> 14
A51: 九 | B51: 扎巴镇 | D51: 197 | E51: 852 | F51: 65 | G51: 275 | I51: 1760.5
A52: 1 | B52: 洛户藏村 | C52: 2016 | D52: 127 | E52: 545 | F52: 40 | G52: 166 | I52: 1191.5
A53: 2 | B53: 东拉卡村 | C53: 2016 | D53: 60 | E53: 268 | F53: 15 | G53: 70 | I53: 502.5
A54: 3 | B54: 关沙村 | C54: 2019 | D54: 1 | E54: 4 | F54: 1 | G54: 4 | I54: =G54*3.5 -> 14
A55: 4 | B55: 香乙麻村 | C55: 2019 | D55: 8 | E55: 31 | F55: 8 | G55: 31 | I55: 38.5
A56: 5 | B56: 科台村 | C56: 2019 | D56: 1 | E56: 4 | F56: 1 | G56: 4 | I56: =G56*3.5 -> 14
A57: 十 | B57: 雄先乡 | D57: 23 | E57: 60 | F57: 13 | G57: 32 | I57: 276
A58: 1 | B58: 巴麻堂村久峡社 | C58: 2017 | D58: 23 | E58: 60 | F58: 13 | G58: 32 | I58: 276
A59: 十一 | B59: 查甫乡 | D59: 89 | E59: 328 | F59: 8 | G59: 25 | I59: 444.5
A60: 1 | B60: 加斜村一、二、四社 | C60: 2017 | D60: 42 | E60: 113 | F60: 6 | G60: 17 | I60: 222
A61: 2 | B61: 中曲加村二、三社 | C61: 2017 | D61: 47 | E61: 215 | F61: 2 | G61: 8 | I61: 222.5

Sheet 林业生态
A1: 化隆县“十三五”脱贫攻坚规划林业生态建设项目及投资表
A2: 序号 | B2: 项目名称 | C2: 建设性质 | D2: 建设年限 | E2: 规划内容与规模 | F2: 投资 （万元）
A4: 全县合计 | F4: =F5+F10+F17 -> 4204.88
A5: 一 | B5: 村庄绿化项目 | F5: =SUM(F6:F9) -> 820
A6: 1 | B6: 贫困村基础设施建设“回头看”村庄绿化项目 | C6: 新建 | D6: 2016 | E6: 雄先乡洛麻村，昂思多镇牙什扎村，巴燕镇什杰列村。对3个贫困村进行村庄绿化 | F6: 90
A7: 2 | B7: 贫困村基础设施建设村庄绿化项目 | C7: 新建 | D7: 2017 | E7: 雄先乡乙麻昂村，扎巴镇南滩村，石大仓乡支哈堂村，巴燕镇上拉干村，谢家滩乡拉扎村和马塘村，二塘乡格许村和隆欠村。8个贫困村进行村庄绿化 | F7: 240
A8: 3 | B8: 贫困村基础设施建设村庄绿化项目 | C8: 新建 | D8: 2018 | E8: 广场绿化16个村：金源乡下什堂村和安关群哇村，扎巴镇结拉村和阴坡村，牙什尕镇塘三村，群科镇舍仁村，德恒隆乡哇加村，甘都镇上四合生村和西滩村，阿什努乡纳哈隆村，昂思多镇拉昂村，查甫乡东台村，谢家滩乡阴坡村，初麻乡滩果村，石大仓乡吉加村，大加沿村。 村庄绿化11个村：扎巴镇扎三村、扎四村和大拉曲村，阿什努乡阿藏吾具村，昂思多镇山卡拉村和公拜岭村，雄先乡巴么堂村、主洞村和其大吉村，谢家滩乡韩家窑村，巴燕镇卜隆村。 易地搬迁村庄绿化3个村：巴燕镇金家庄村，昂思多镇尕么甫村，德恒隆乡卡时代村。对30个贫困村进行村庄绿化。其中广场绿化16个村，村庄绿化11个村，易地搬迁村庄绿化3个村。 | F8: 300
A9: 4 | B9: 贫困村基础设施建设村庄绿化项目 | C9: 新建 | D9: 2019 | E9: 广场绿化2个村：扎巴镇黄麻村和关沙村。 村庄绿化7个村：昂思多镇山先群村和尕吾塘村，阿什努乡羊隆村和刘什东村，巴燕镇水乃亥村，查甫乡上曲加村，二塘乡尕吾山村。 易地搬迁村庄绿化2个村：金源乡旦麻村，昂思多镇玉麦街村。对11个贫困村进行村庄绿化。其中广场绿化2个村，村庄绿化7个村，易地搬迁村庄绿化2个村。 | F9: 190
A10: 二 | B10: 经济林建设项目 | F10: =SUM(F11:F16) -> 1973.96
A11: 1 | B11: 2017年贫困村基础设施建设杂果经济里建设项目 | C11: 新建 | D11: 2017 | E11: 群科镇雪什藏村、安达其哈村和水库滩村，甘都镇甘都街村和关巴村，昂思多镇玉麦街村，李家峡管委会黄河岸村。在7个贫困村营造集中连片杂果经济林150亩、1274户房前屋后栽植15691株。 | F11: 372.6
A12: 2 | B12: 2017年贫困村基础设施建设杏树栽植项目 | C12: 新建 | D12: 2017 | E12: 群科镇雪什藏村和安达其哈村。在涉及群科杏花节沿线2个贫困村栽植杏树、梨树14700株。 | F12: 617.07
A13: 3 | B13: 2017年贫困村基础设施建设杏花节彩门项目 | C13: 新建 | D13: 2017 | E13: 群科镇安达其哈村。在群科镇安达其哈村徒步旅游线路建设彩门1座。 | F13: 21.54
A14: 4 | B14: 2017年贫困村基础设施建设育苗项目 | C14: 新建 | D14: 2017 | E14: 巴燕镇上拉干村和金家庄村，雄先乡沙素么村和乙麻昂村。在开展育苗225亩 | F14: 265.86
A15: 5 | B15: 2018年贫困村基础设施建设杂果经济林项目 | C15: 新建 | D15: 2018 | E15: 牙什尕镇参三村和哇尔江村，群科镇乙沙二村、若加村、科木其村和舍仁村，甘都镇牙路乎村。在7个贫困村营造集中连片杂果经济林460亩、1618户房前屋后栽植23016株。 | F15: 393.21
A16: 6 | B16: 2019年贫困村基础设施建设杂果经济林建设项目 | C16: 新建 | D16: 2019 | E16: 牙什尕镇牙什尕村，群科镇格尔麻村，雄先乡下米乃海村，甘都镇东七村和阿化村，昂思多镇先群村。在6个贫困村营造集中连片杂果经济林200亩、1592户房前屋后栽植18620株。 | F16: 303.68
A17: 三 | B17: 沙漠化治理及荒山治理项目 | F17: =SUM(F18:F21) -> 1410.92
A18: 1 | B18: 2017年贫困村基础设施建设沙棘林标准化改造项目 | C18: 新建 | D18: 2017 | E18: 谢家滩乡拉扎村和马塘村，石大仓乡石大仓村，初麻乡塔麻村，沙连堡乡沙一村。改造6个贫困村的低效沙棘林5400亩 | F18: 540
A19: 2 | B19: 2018年贫困村基础设施建设沙棘林标准化改造项目 | C19: 新建 | D19: 2018 | E19: 扎巴镇本康沟村、大拉曲村和阴坡村，阿什努乡纳哈隆村，昂思多镇具乎扎村、公拜岭村、拉昂村、香加岭村和若么岭村，查甫乡东台村，谢家滩乡韩家窑村，石大仓乡关藏村，沙连堡乡冶二村和古浪村。改造14个贫困村的低效沙棘林5400亩 | F19: 561.82
A20: 3 | B20: 2019年贫困村基础设施建设荒山造林项目 | C20: 新建 | D20: 2019 | E20: 扎巴镇黄麻村，塔加乡塔一村，沙连堡乡下塔加村。在3个贫困村人工造林1280亩 | F20: 160
A21: 4 | B21: 2019年贫困村基础设施建设沙棘林标准化改造项目 | C21: 新建 | D21: 2019 | E21: 阿什努乡刘什东村，沙连堡乡下塔加村。改造2个贫困村的低效沙棘林2130亩 | F21: 149.1

Sheet 低保兜底
A1: 化隆县“十三五”脱贫攻坚规划低保兜底脱贫投资表
A2: 序号 | B2: 项目名称 | C2: 小计 | D2: 项目扶持户 | G2: 建设年限 | H2: 投资（万元）
D3: 一般贫困人口 | E3: 低保贫困人口 | F3: 低保户人口
A4: 全县合计 | H4: =SUM(H5:H9) -> 22693.123
A5: 一 | B5: 2016低保金发放 | C5: =SUM(D5:F5) -> 36326 | D5: 21638 | E5: 7630 | F5: 7058 | G5: 2016 | H5: =D5*0.04+E5*0.2106+F5*0.25 -> 4236.898
A6: 二 | B6: 2017低保金发放 | C6: =SUM(D6:F6) -> 27766 | D6: 15900 | E6: 5881 | F6: 5985 | G6: 2017 | H6: =D6*0.096+E6*0.24+F6*0.297 -> 4715.385
A7: 三 | B7: 2018低保金发放 | C7: =SUM(D7:F7) -> 18787 | D7: 9750 | E7: 3200 | F7: 5837 | G7: 2018 | H7: =D7*0.18+E7*0.3+F7*0.36 -> 4816.32
A8: 四 | B8: 2019低保金发放 | C8: =SUM(D8:F8) -> 14687 | D8: 3099 | E8: 4454 | F8: 7134 | G8: 2019 | H8: =D8*0.18+E8*0.3+F8*0.36 -> 4462.26
A9: 五 | B9: 2020低保金发放 | C9: =SUM(D9:F9) -> 14687 | D9: 3099 | E9: 4454 | F9: 7134 | G9: 2020 | H9: =D9*0.18+E9*0.3+F9*0.36 -> 4462.26

Sheet 水利
A1: 化隆县“十三五”脱贫攻坚规划水利专项工程建设项目及投资表
A2: 序号 | B2: 乡（镇）、村名 | C2: 是否贫困村 | D2: 项目受益贫困户 | F2: 建设性质 | G2: 建设年限 | H2: 规划内容与规模 | I2: 投资（万元）
D3: 户数 | E3: 人数
A4: 全县合计 | G4: 2016-2019 | I4: =I5+I127 -> 11708.433
A5: 一 | B5: 人畜饮水安全 | I5: =I6+I13+I24+I35+I39+I45+I50+I55+I63+I67+I78+I86+I91+I96+I102+I110+I113+I125 -> 3898.1806
A6: 1 | B6: 阿什努乡 | I6: =SUM(I7:I12) -> 148.84382
A7: 1.1 | B7: 赛什库村 | F7: 改造 | G7: 2016 | H7: 维修10T蓄水池1座、闸阀井4座、村内各级管路φ32UPVC管共1.6km；φ50UPVC管0.25km；φ40UPVC管0.1km | I7: 15.133442
A8: 1.2 | B8: 拉卡村 | F8: 新建 | G8: 2017 | H8: 修建截水廊道1座，阀门井1座，管道7公里。入户井40座 | I8: 84.804393
A9: 1.3 | B9: 松赛村 | F9: 新建 | G9: 2017 | H9: 修建50吨蓄水池2座，入户井26座。 | I9: 19.695474
A10: 1.4 | B10: 阿藏吾具村 | F10: 新建 | G10: 2018 | H10: 蓄水池1座 | I10: 3.358456
A11: 1.5 | B11: 羊隆村 | F11: 新建 | G11: 2019 | H11: 新建引水管300m,30t蓄水池1座。 | I11: 4.463728
A12: 1.6 | B12: 刘什洞村 | F12: 新建 | G12: 2019 | H12: 新建廊道2座，闸阀井2座，引水管1913m,更换管道1106m,检查井1座。排气井1座，减压井2座，30t蓄水池1座。入户管90m,入户供水井3座。 | I12: 21.388324
A13: 2 | B13: 昂思多镇 | I13: =SUM(I14:I23) -> 371.51944
A14: 2.1 | B14: 牙什扎村 | F14: 改造 | G14: 2016 | H14: 维修分水井1座、闸阀井3座，φ50UPVC管1.0km | I14: 9.6365515
A15: 2.2 | B15: 尕什加村 | F15: 改造 | G15: 2016 | H15: 维修φ40UPVC管1.5km，φ50UPVC管0.5km | I15: 10.05901
A16: 2.3 | B16: 玉麦街村 | F16: 新建 | G16: 2016 | H16: 新建30T蓄水池1座，闸阀井7座，引水口1座，主管2.018km，支管3条共1.5km | I16: 25.930421
A17: 2.4 | B17: 洛忙村 | F17: 新建 | G17: 2017 | H17: 修建管道500米，入户井18座。 | I17: 10.24384
A18: 2.5 | B18: 吾则塘村 | F18: 新建 | G18: 2017 | H18: 修建管道5公里，供水井14座。 | I18: 41.017979
A19: 2.6 | B19: 关相口村 | F19: 新建 | G19: 2017 | H19: 修建管道5.5公里，入户井18座。 | I19: 52.626123
A20: 2.7 | B20: 玉麦街村 | F20: 新建 | G20: 2017 | H20: 引水口1座，引水管2018m,30T蓄水池1座，干管386m,分水井6座。支管1500m,检查井1座。入户管990m,入户供水井18座，入户供水井24座。 | I20: 27.076728
A21: 2.8 | B21: 若么岭、香加岭村 | F21: 新建 | G21: 2018 | H21: 廊道1座，闸阀井1座，引水管5.97公里，引水管钢管1.92公里，主管0.81公里，主管钢管0.99公里先群村支管4.91公里，支管3.8公里，分水井4座，检查井3座，排气井1座，排水井1座，10t蓄水池2座，20t蓄水池2座。公拜岭村入户管4.38公里，入户供水井146座。 | I21: 141.72205
A22: 2.9 | B22: 尕吾堂村 | F22: 新建 | G22: 2019 | H22: 新建管道4642m。 | I22: 21.556202
A23: 2.1 | B23: 先群村 | F23: 新建 | G23: 2019 | H23: 入户管4920m,入户供水井164座。 | I23: 31.650537
A24: 3 | B24: 巴燕镇 | I24: =SUM(I25:I34) -> 291.42235
A25: 3.1 | B25: 后沟村 | F25: 改造 | G25: 2016 | H25: 维修放空井1座、分水井1座，φ50UPVC管0.25km | I25: 10.306056
A26: 3.2 | B26: 上吾具村 | F26: 改造 | G26: 2016 | H26: 维修闸阀井2座，φ40UPVC管1.2km、φ500UPVC排水管0.1km | I26: 18.731705
A27: 3.3 | B27: 什杰列村 | F27: 改造 | G27: 2016 | H27: 维修闸阀井4座，φ63UPVC管0.8km | I27: 15.696049
A28: 3.4 | B28: 上拉干村 | F28: 新建 | G28: 2017 | H28: 修建50吨蓄水池1座，入户井24座。 | I28: 13.039605
A29: 3.5 | B29: 克麻村 | F29: 新建 | G29: 2017 | H29: 修建50吨蓄水池1座，闸阀井2座，入户井31座。管道1.3公里。 | I29: 30.883564
A30: 3.6 | B30: 上圈村 | F30: 新建 | G30: 2017 | H30: 修建引水泉室3座，50吨蓄水池1座。入户井31座。 | I30: 48.848348
A31: 3.7 | B31: 金家庄村 | F31: 新建 | G31: 2017 | H31: 修建引水口1座，各类井16座。200吨蓄水池1座，20吨蓄水池1座，管道5.35公里。入户井114座。 | I31: 104.98535
A32: 3.8 | B32: 马场村 | F32: 新建 | G32: 2017 | H32: 修建各类井2座，管道2.7公里，入户井32座。 | I32: 28.803202
A33: 3.9 | B33: 东下村 | F33: 改造 | G33: 2018 | H33: 更换及延长管道合计2087m，管道建筑物1座。 | I33: 12.090613
A34: 3.1 | B34: 东上村 | F34: 改造 | G34: 2018 | H34: 更换及延长管道合计1364m，管道建筑物1座。 | I34: 8.037853
A35: 4 | B35: 查甫乡 | I35: =SUM(I36:I38) -> 41.876956
A36: 4.1 | B36: 窑洞村 | F36: 改造 | G36: 2016 | H36: 维修闸阀井1座，φ75UPVC管0.5km,φ32UPVC管0.1km,φ25UPVC管0.6km,0.01km截流1座，0.04km防护墙 | I36: 24.260215
A37: 4.2 | B37: 加斜村 | F37: 改造 | G37: 2017 | H37: 修建截水廊道1座，阀门井1座。入户井10座。 | I37: 15.382341
A38: 4.3 | B38: 东台村 | F38: 改造 | G38: 2018 | H38: 更换及延长管道合计300m，蓄水池1座。 | I38: 2.2344
A39: 5 | B39: 初麻乡 | I39: =SUM(I40:I44) -> 284.76413
A40: 5.1 | B40: 初一村 | F40: 改造 | G40: 2016 | H40: 维修闸阀井1座，φ63UPVC管1.0km,φ40UPVC管0.5km | I40: 17.695909
A41: 5.2 | B41: 塔麻村 | F41: 新建 | G41: 2016 | H41: 新建200T蓄水池1座、泵房1座、镇墩5座、闸阀井1座，上水压力钢管0.55km，主管0.55km，18条支管，每条平均长度0.25km。分水井23座。 | I41: 117.3396
A42: 5.3 | B42: 安具乎村 | F42: 新建 | G42: 2017 | H42: 修建截水廊道1座，阀门井1座，管道400米。 | I42: 5.651497
A43: 5.4 | B43: 安关村 | F43: 新建 | G43: 2017 | H43: 修建阀门井1座，管道1.5公里，入户井19座。 | I43: 21.550293
A44: 5.5 | B44: 塔麻村 | F44: 新建 | G44: 2017 | H44: 管道4.794公里，200T蓄水池2座，泵房1座 | I44: 122.52683
A45: 6 | B45: 德恒隆乡 | I45: =SUM(I46:I49) -> 163.66464
A46: 6.1 | B46: 西后加村 | F46: 改造 | G46: 2016 | H46: 维修截流式引水建筑物1座，蓄水池（集水池）100m3 2座 ，闸阀井（含检查井）4座，配电管理房1座，引水压力管道100m 1处。共铺设输（配）水管9.917km。 | I46: 54.914281
A47: 6.2 | B47: 德一村 | F47: 新建 | G47: 2017 | H47: 修建管道11.266公里，入户井113座。 | I47: 12.819951
A48: 6.3 | B48: 西后加村 | F48: 新建 | G48: 2017 | H48: 修建主管道905m,配水管6510米，引水口20米/1座，闸阀井4座，100立方米蓄水池2座，配水管理房1座。入户管道2250m,入户供水点87座。 | I48: 85.877481
A49: 6.4 | B49: 哇加 | F49: 改造 | G49: 2018 | H49: 更换及延长管道合计1800m，管道建筑物1座 | I49: 10.052922
A50: 7 | B50: 二塘乡 | I50: =SUM(I51:I54) -> 41.670439
A51: 7.1 | B51: 尕什加村 | F51: 改造 | G51: 2016 | H51: 维修闸阀井4座，0.01km截水墙1座，φ40UPVC管1.5km,φ50UPVC管0.5km,φ400排水管0.04km | I51: 22.342737
A52: 7.2 | B52: 科却村 | F52: 新建 | G52: 2016 | H52: 科却村维修分水井1座，φ63UPVC管1.2km | I52: 4.4417519
A53: 7.3 | B53: 格许村 | F53: 新建 | G53: 2017 | H53: 修建50吨蓄水池1座，入户井13座。 | I53: 9.6990517
A54: 7.4 | B54: 隆欠村 | F54: 新建 | G54: 2017 | H54: 入户井17座 | I54: 5.1868982
A55: 8 | B55: 甘都镇 | I55: =SUM(I56:I62) -> 746.34627
A56: 8.1 | B56: 东六村 | F56: 改造 | G56: 2016 | H56: 维修闸阀井4座，分水井2座，φ40UPVC管0.6km,φ50UPVC管0.2km | I56: 59.8
A57: 8.2 | B57: 甘都街村 | F57: 改造 | G57: 2017 | H57: 修建管道5.6公里，阀门井6座，入户井111座。 | I57: 96.538914
A58: 8.3 | B58: 关巴村 | F58: 改造 | G58: 2017 | H58: 修建管道10.07公里，阀门井4座，入户井41座。 | I58: 103.77209
A59: 8.4 | B59: 西滩村 | F59: 新建 | G59: 2018 | H59: 管沟开挖6700m | I59: 76.024577
A60: 8.5 | B60: 牙路乎村 | F60: 新建 | G60: 2018 | H60: 管沟开挖22800m | I60: 309.46558
A61: 8.6 | B61: 阿化村 | F61: 新建 | G61: 2018 | H61: 管沟开挖7650m | I61: 62.810755
A62: 8.7 | B62: 上四合生村 | F62: 新建 | G62: 2019 | H62: 管沟开挖10871m，入户管8700m,入户供水井290座。 | I62: 37.934361
A63: 9 | B63: 金源乡 | I63: =SUM(I64:I66) -> 88.113865
A64: 9.1 | B64: 日古村 | F64: 改造 | G64: 2016 | H64: 维修闸阀井2座，φ315UPVC管0.3km,φ360水泥管0.04km,φ125UPVC管0.108km,φ32PE管1.5km | I64: 21.265017
A65: 9.2 | B65: 旦麻村 | F65: 新建 | G65: 2016 | H65: 新建引水口1座，主管2.836km，50T蓄水池1座、闸阀井5座，支管1.66km，分水井1座 | I65: 46.176709
A66: 9.3 | B66: 尖科村 | F66: 新建 | G66: 2017 | H66: 修建50吨蓄水池1座，管道1.1公里，入户井18座。 | I66: 20.672139
A67: 10 | B67: 群科镇 | I67: =SUM(I68:I77) -> 258.57639
A68: 10.1 | B68: 公义村 | F68: 改造 | G68: 2016 | H68: 维修闸阀井2座，φ50UPVC管0.2km | I68: 1.5252542
A69: 10.2 | B69: 安达其哈村 | F69: 新建 | G69: 2017 | H69: 修建阀门井2座，管道3.12公里，入户井85座。 | I69: 42.595344
A70: 10.3 | B70: 水库滩村 | F70: 新建 | G70: 2017 | H70: 修建阀门井2座，管道100米，入户井67座。 | I70: 22.48325
A71: 10.4 | B71: 雪什藏村 | F71: 新建 | G71: 2017 | H71: 修建管道2.6公里，入户井33座 | I71: 2.9250842
A72: 10.5 | B72: 加洛乎村 | F72: 改造 | G72: 2018 | H72: 更换及延长管道合计1600m | I72: 18.326294
A73: 10.6 | B73: 乙沙尔村 | F73: 改造 | G73: 2018 | H73: 更换及延长管道合计700m | I73: 41.29526
A74: 10.7 | B74: 若加村 | F74: 改造 | G74: 2018 | H74: 更换及延长管道合计920m | I74: 32.36763
A75: 10.8 | B75: 科木其村 | F75: 改造 | G75: 2018 | H75: 更换及延长管道合计370m | I75: 22.12767
A76: 10.9 | B76: 舍仁村 | F76: 新建 | G76: 2019 | H76: 修建主管200m，支管800m。分支管1000m | I76: 65.779491
A77: 10.1 | B77: 格尔麻村 | F77: 新建 | G77: 2019 | H77: 分支管150m。 | I77: 9.151109
A78: 11 | B78: 沙连堡乡 | I78: =SUM(I79:I85) -> 429.00007
A79: 11.1 | B79: 冶一村 | F79: 改造 | G79: 2016 | H79: 维修φ50UPVC管0.85km，30t蓄水池1座 | I79: 64.068925
A80: 11.2 | B80: 加仓村 | F80: 改造 | G80: 2016 | H80: 维修φ63UPVC管0.62km，100t蓄水池1座 | I80: 62.269791
A81: 11.3 | B81: 下塔家村 | F81: 改造 | G81: 2016 | H81: 维修φ110UPVC管0.552km，50t蓄水池1座；闸阀井2座 | I81: 73.367544
A82: 11.4 | B82: 沙连堡一村 | F82: 改造 | G82: 2016 | H82: 维修φ50UPVC管0.412km，φ32UPVC管2.58km，φ25UPVC管0.05km，30蓄水池1座；50蓄水池1座；闸阀井5座 | I82: 80.282814
A83: 11.5 | B83: 沙连堡二村 | F83: 改造 | G83: 2016 | H83: 维修φ90UPVC管4.95km，φ75UPVC管0.479km，φ50UPVC管2.78km，100t蓄水池1座；闸阀井5座 | I83: 99.120644
A84: 11.6 | B84: 沙一村 | F84: 新建 | G84: 2017 | H84: 蓄水池2座，管道3公里，阀门井4座 | I84: 22.772314
A85: 11.7 | B85: 古浪村 | F85: 新建 | G85: 2018 | H85: 新建引水口1座，更换及延长管道合计1950m，管道建筑物3座，蓄水池1座。 | I85: 27.11804
A86: 12 | B86: 石大仓乡 | I86: =SUM(I87:I90) -> 21.654674
A87: 12.1 | B87: 沙让村 | F87: 改造 | G87: 2016 | H87: 维修闸阀井4座，φ50UPVC管0.6km，φ50UPVC管0.4km | I87: 5.1703586
A88: 12.2 | B88: 文加山村 | F88: 改造 | G88: 2016 | H88: 维修闸阀井3座，φ50UPVC管1.0km | I88: 4.7575132
A89: 12.3 | B89: 大加沿村 | F89: 改造 | G89: 2018 | H89: 更换支管2000m，入户管210m,入户供水井7座。 | I89: 9.9728
A90: 12.4 | B90: 斯吉海村 | F90: 新建 | G90: 2019 | H90: 新建廊道（5m）1座，闸阀井1座，更换引水管100m，更换入户管500m,管道防护（15m）30t蓄水池1座。入户管300m,入户供水井10座。 | I90: 1.7540017
A91: 13 | B91: 塔加乡 | I91: =SUM(I92:I95) -> 216.19409
A92: 13.1 | B92: 德扎村 | F92: 新建 | G92: 2016 | H92: 新建上水压力钢管0.91km，引水口1座，φ63UPVC管2.07km，φ40UPVC管0.86km，φ32UPVC管0.4km；φ25UPVC管1.14km；泵房1座，闸阀井1座，分水井8座 | I92: 114.96107
A93: 13.2 | B93: 贡什加村 | F93: 新建 | G93: 2017 | H93: 修建管道3.85km,各类井9座，入户井22座 | I93: 48.06413
A94: 13.3 | B94: 曹旦么村 | F94: 改造 | G94: 2018 | H94: 曹旦么村曹加社修建引水口1座、更换及延长管道合计2944m，管道建筑物4座，蓄水池1座 | I94: 52.268113
A95: 13.4 | B95: 塔一村 | F95: 新建 | G95: 2019 | H95: 供水点2座 | I95: 0.900775
A96: 14 | B96: 谢家滩乡 | I96: =SUM(I97:I101) -> 87.79078
A97: 14.1 | B97: 工扎村 | F97: 改造 | G97: 2016 | H97: 维修闸阀井1座，分水井2座，φ63UPVC管0.6km | I97: 3.2988647
A98: 14.2 | B98: 丁家湾村 | F98: 改造 | G98: 2016 | H98: 维修闸阀井3座，φ50UPVC管1.0km | I98: 4.7202176
A99: 14.3 | B99: 拉扎村 | F99: 新建 | G99: 2017 | H99: 修建阀门井1座，管道800米，入户井27座。 | I99: 14.609786
A100: 14.4 | B100: 马塘村 | F100: 新建 | G100: 2017 | H100: 修建20吨蓄水池1座，阀门井15座。管道3.732公里，入户井35座。 | I100: 52.637278
...

Sheet 文化惠民
A1: 化隆县“十三五”脱贫攻坚规划教育扶持专项工程建设项目及投资表
A2: 序号 | B2: 乡（镇）、村名 | C2: 是否贫困村 | D2: 项目受益贫困户 | F2: 建设性质 | G2: 建设年限 | H2: 规划内容与规模 | I2: 投资（万元）
D3: 户数 | E3: 人数
A4: 全县合计 | I4: =I5+I19+I23+I29+I33+I36+I40 -> 6665.7
A5: 一 | B5: 村级综合服务社 | H5: 新建综合服务社7个 | I5: =I6+I9+I11+I13+I15+I17 -> 210
A6: 1 | B6: 石大仓乡 | I6: =SUM(I7:I8) -> 60
A7: 1.1 | B7: 文家山村 | C7: 是 | F7: 新建 | G7: 2016 | H7: 新建综合服务社1个 | I7: 30
A8: 1.2 | B8: 沙让村 | C8: 是 | F8: 新建 | G8: 2016 | H8: 新建综合服务社1个 | I8: 30
A9: 2 | B9: 德恒隆乡 | I9: =SUM(I10) -> 30
A10: 2.1 | B10: 德一村 | C10: 是 | F10: 新建 | G10: 2017 | H10: 新建综合服务社1个 | I10: 30
A11: 3 | B11: 甘都镇 | I11: =SUM(I12) -> 30
A12: 3.1 | B12: 西滩村 | C12: 是 | F12: 新建 | G12: 2017 | H12: 新建综合服务社1个 | I12: 30
A13: 4 | B13: 扎巴镇 | I13: =SUM(I14) -> 30
A14: 4.1 | B14: 本康沟 | C14: 是 | F14: 新建 | G14: 2018 | H14: 新建综合服务社1个 | I14: 30
A15: 5 | B15: 巴燕镇 | I15: =SUM(I16) -> 30
A16: 5.1 | B16: 水乃亥村 | C16: 是 | F16: 新建 | G16: 2019 | H16: 新建综合服务社1个 | I16: 30
A17: 6 | B17: 雄先乡 | I17: =SUM(I18) -> 30
A18: 6.1 | B18: 乙么昂村 | C18: 是 | F18: 新建 | G18: 2020 | H18: 新建综合服务社1个 | I18: 30
A19: 二 | B19: 广场建设项目 | H19: 新建广场140个，建设面积不小于112000㎡。 | I19: =SUM(I20:I22) -> 3360
A20: 1 | B20: 2016年广场建设项目 | C20: 是 | F20: 新建 | G20: 2016 | H20: 新建广场33个，建设面积不小于800㎡。 | I20: =33*24 -> 792
A21: 2 | B21: 2017年广场建设项目 | C21: 是 | F21: 新建 | G21: 2017 | H21: 新建广场76个村，建设面积不小于800㎡。 | I21: =76*24 -> 1824
A22: 3 | B22: 2018年广场建设项目 | C22: 是 | F22: 新建 | G22: 2018 | H22: 新建广场31个村，建设面积不小于800㎡。 | I22: =24*31 -> 744
A23: 三 | B23: 文化活动室建设项目 | H23: 新建文化活动室21个，涉及21个村，建设总面积2520㎡；维修文化活动室25个，涉及25个村，维修总面积3000㎡ | I23: =SUM(I24:I28) -> 1104
A24: 1 | B24: 2016年文化活动室新建项目 | C24: 是 | F24: 新建 | G24: 2016 | H24: 新建文化活动室9个，涉及9个村，每个120㎡ | I24: =9*24 -> 216
A25: 2 | B25: 2016年文化活动室维修项目 | C25: 是 | F25: 维修 | G25: 2016 | H25: 维修文化活动室13个，涉及13个村，维修面积每个120㎡ | I25: =13*24 -> 312
A26: 3 | B26: 2017年文化活动室新建项目 | C26: 是 | F26: 新建 | G26: 2017 | H26: 新建文化活动室11个，涉及11个村，每个120㎡ | I26: =11*24 -> 264
A27: 4 | B27: 2017年文化活动室维修项目 | C27: 是 | F27: 维修 | G27: 2017 | H27: 维修文化活动室12个，涉及12个村，维修面积每个120㎡ | I27: =12*24 -> 288
A28: 5 | B28: 2018年文化活动室新建项目 | C28: 是 | F28: 新建 | G28: 2018 | H28: 新建文化活动室1个，涉及1个村，120㎡ | I28: 24
A29: 四 | B29: 文化宣传栏建设项目 | H29: 新建铁质宣传栏133个，涉及133个村 | I29: =SUM(I30:I32) -> 66.5
A30: 1 | B30: 2016年宣传栏建设项目 | C30: 是 | F30: 新建 | G30: 2016 | H30: 新建铁质宣传栏13个，涉及13个村 | I30: =13*0.5 -> 6.5
A31: 2 | B31: 2017年宣传栏建设项目 | C31: 是 | F31: 新建 | G31: 2017 | H31: 新建铁质宣传栏101个，涉及101个村 | I31: =101*0.5 -> 50.5
A32: 3 | B32: 2018年宣传栏建设项目 | C32: 是 | F32: 新建 | G32: 2018 | H32: 新建铁质宣传栏19个，涉及19个村 | I32: =19*0.5 -> 9.5
A33: 五 | B33: 配发健身器材 | I33: =SUM(I34:I35) -> 1019.2
A34: 1 | B34: 2017年配发健身器材 | C34: 是 | F34: 新建 | G34: 2017 | H34: 涉及183个村，配发健身器材183套 | I34: =183*4.9 -> 896.7
A35: 2 | B35: 2018年配发健身器材 | C35: 是 | F35: 新建 | G35: 2018 | H35: 涉及25个村，配发建设器材25套 | I35: =25*4.9 -> 122.5
A36: 六 | B36: 乡村文化舞台建设项目 | H36: 涉及97个村，建设舞台97座，建设14550㎡ | I36: =SUM(I37:I39) -> 156
A37: 1 | B37: 2016乡村文化舞台建设项目 | C37: 是 | F37: 新建 | G37: 2016 | H37: 涉及25个村，建设舞台25座，每座150㎡ | I37: =3*25 -> 75
A38: 2 | B38: 2017乡村文化舞台建设项目 | C38: 是 | F38: 新建 | G38: 2017 | H38: 涉及61个村，建设舞台61座，每座150㎡ | I38: =16*3 -> 48
A39: 3 | B39: 2018乡村文化舞台建设项目 | C39: 是 | F39: 新建 | G39: 2018 | H39: 涉及11个村，建设舞台11座，每座150㎡ | I39: =11*3 -> 33
A40: 七 | B40: 农（牧）家书屋配发图书项目 | I40: =SUM(I41:I46) -> 750
A41: 1 | B41: 2016年农家书屋配发项目 | C41: 是 | F41: 新建 | G41: 2016 | H41: 涉及25个村，配发图书1000册 | I41: =25*1000*0.005 -> 125
A42: 2 | B42: 2016年牧家书屋配发项目 | C42: 是 | F42: 新建 | G42: 2016 | H42: 涉及25个村，配发图书1000册 | I42: =25*1000*0.005 -> 125
A43: 3 | B43: 2017年农家书屋配发项目 | C43: 是 | F43: 新建 | G43: 2017 | H43: 涉及25个村，配发图书1000册 | I43: =25*1000*0.005 -> 125
A44: 4 | B44: 2017年牧家书屋配发项目 | C44: 是 | F44: 新建 | G44: 2017 | H44: 涉及25个村，配发图书1000册 | I44: =25*1000*0.005 -> 125
A45: 5 | B45: 2018年农家书屋配发项目 | C45: 是 | F45: 新建 | G45: 2018 | H45: 涉及25个村，配发图书1000册 | I45: =25*1000*0.005 -> 125
A46: 6 | B46: 2018年牧家书屋配发项目 | C46: 是 | F46: 新建 | G46: 2018 | H46: 涉及25个村，配发图书1000册 | I46: =25*1000*0.005 -> 125
I47: =SUBTOTAL(9,I4:I46) -> 20207.1

Sheet 电子商务
A1: 化隆县“十三五”脱贫攻坚规划电子商务和市场体系扶贫专项工程建设项目及投资表
A2: 序号 | B2: 乡（镇）、村名 | C2: 项目受益贫困户 | E2: 建设性质 | F2: 建设年限 | G2: 规划内容与规模 | H2: 投资（万元）
C3: 户数 | D3: 人数
A4: 全县合计 | H4: =SUM(H5:H8) -> 728
A5: 1 | B5: 电子商务拉面电商服务中心 | E5: 新建 | F5: 2016 | G5: 建设电子商务拉面电商服务中心 | H5: 500
A6: 2 | B6: 17个乡镇服务中心 | E6: 新建 | F6: 2016 | G6: 建设17个乡镇服务中心房 | H6: 50
A7: 3 | B7: 66个村级服务点 | E7: 新建 | F7: 2016 | G7: 建设66个村级服务中心； | H7: 30
A8: 4 | B8: 296个村级服务点 | E8: 新建 | F8: 2018 | G8: 实施建设296个村级服务中心 | H8: 148

Sheet 通信
A1: 化隆县“十三五”脱贫攻坚通信建设项目及投资表
A2: 序号 | B2: 项目名称 | C2: 项目受益贫困户 | D2: 建设性质 | E2: 建设年限 | F2: 规划内容与规模 | G2: 投资（万元）
A3: 全县合计 | G3: =SUM(G4:G8) -> 4822.73
A4: 1 | B4: 联通公司用户补贴项目 | C4: 26148 | E4: 2016 | F4: 补贴家庭宽带、无线宽带、流量包及话费套餐资费 | G4: 928.41
A5: 2 | B5: 联通公司用户补贴项目 | C5: 26148 | E5: 2017 | F5: 补贴家庭宽带、无线宽带、流量包及话费套餐资费 | G5: 928.41
A6: 3 | B6: 联通公司用户补贴项目 | C6: 26148 | E6: 2018 | F6: 补贴家庭宽带、无线宽带、流量包及话费套餐资费 | G6: 928.41
A7: 4 | B7: 联通公司用户补贴项目 | C7: 26148 | E7: 2019 | F7: 补贴家庭宽带、无线宽带、流量包及话费套餐资费 | G7: =871.2+56.44+45.73+12.94+32.44 -> 1018.75
A8: 5 | B8: 联通公司用户补贴项目 | C8: 26148 | E8: 2020 | F8: 补贴家庭宽带、无线宽带、流量包及话费套餐资费 | G8: =871.2+56.44+45.73+12.94+32.44 -> 1018.75

Sheet 卫生
A1: 化隆县“十三五”脱贫攻坚医疗保障和救助建设项目及投资表
A2: 序号 | B2: 乡、村名 | C2: 是否贫困村 | D2: 项目受益贫困户 | F2: 建设性质 | G2: 建设年限 | H2: 规划内容与规模 | I2: 投资（万元）
D3: 户数 | E3: 人数
A4: 全县合计 | I4: =I5+I19+I34+I42+I49+I57+I64+I73+I79+I90+I98+I103+I111+I122+I138+I146+I153+I159+I161 -> 581.5
A5: 一 | B5: 巴燕镇 | I5: =SUM(I6:I18) -> 55.8
A6: 1 | B6: 下吾具村 | F6: 新建 | G6: 2016 | H6: 配备血压计、病床、办公桌、电脑等17种医疗及办公设备 | I6: 2
A7: 2 | B7: 什杰列村 | F7: 改扩建维修 | G7: 2016 | H7: 卫生室业务用房维修及配备血压计、病床、办公桌、电脑等17种医疗及办公设备 | I7: 6.5
A8: 3 | B8: 下山根村 | F8: 新建 | G8: 2017 | H8: 配备血压计、病床、办公桌、电脑等17种医疗及办公设备 | I8: 2
A9: 4 | B9: 上拉干村 | F9: 新建 | G9: 2017 | H9: 配备血压计、病床、办公桌、电脑等17种医疗及办公设备 | I9: 2
A10: 5 | B10: 上卷村 | F10: 改扩建维修 | G10: 2017 | H10: 卫生室业务用房维修及配备血压计、病床、办公桌、电脑等17种医疗及办公设备 | I10: 10.3
A11: 6 | B11: 克麻村 | F11: 新建 | G11: 2017 | H11: 配备血压计、病床、办公桌、电脑等17种医疗及办公设备 | I11: 2
A12: 7 | B12: 金家庄村 | F12: 新建 | G12: 2017 | H12: 配备血压计、体温计、消毒车、治疗车、诊查床、病床、药品柜、档案柜、办公桌、电脑、打印机等17种医疗及办公设备 | I12: 2
A13: 8 | B13: 卜隆村 | F13: 新建 | G13: 2018 | H13: 配备血压计、病床、办公桌、电脑等17种医疗及办公设备 | I13: 8
A14: 9 | B14: 上吾具村 | F14: 新建 | G14: 2018 | H14: 配备血压计、病床、办公桌、电脑等17种医疗及办公设备 | I14: 7
A15: 10 | B15: 东上村 | F15: 改扩建维修 | G15: 2018 | H15: 卫生室业务用房维修、扩建，配备血压计、病床、办公桌、电脑等17种医疗及办公设备 | I15: 2
A16: 11 | B16: 东下村 | F16: 新建 | G16: 2018 | H16: 配备血压计、病床、办公桌、电脑等17种医疗及办公设备 | I16: 2
A17: 12 | B17: 水乃亥村 | F17: 改扩建维修 | G17: 2019 | H17: 卫生室业务用房维修、扩建，配备血压计、病床、办公桌、电脑等17种医疗及办公设备 | I17: 10
A18: 13 | B18: 马场村 | G18: 2019
A19: 二 | B19: 昂思多镇 | I19: =SUM(I20:I33) -> 82
A20: 1 | B20: 牙什扎村 | F20: 改扩建维修 | G20: 2016 | H20: 卫生室业务用房维修及配备血压计、病床、办公桌、电脑等17种医疗及办公设备 | I20: 6.5
A21: 2 | B21: 尕什加村 | F21: 改扩建维修 | G21: 2016 | H21: 卫生室业务用房维修及配备血压计、病床、办公桌、电脑等17种医疗及办公设备 | I21: 1.5
A22: 3 | B22: 关相口村 | F22: 新建 | G22: 2017 | H22: 配备血压计、病床、办公桌、电脑等17种医疗及办公设备 | I22: 2
A23: 4 | B23: 吾则塘村 | F23: 改扩建维修 | G23: 2017 | H23: 卫生室业务用房维修及配备血压计、病床、办公桌、电脑等17种医疗及办公设备 | I23: 6
A24: 5 | B24: 玉麦街村 | F24: 新建 | G24: 2017 | H24: 配备血压计、病床、办公桌、电脑等17种医疗及办公设备 | I24: 2
A25: 6 | B25: 洛忙村 | F25: 新建 | G25: 2017 | H25: 配备血压计、病床、办公桌、电脑等17种医疗及办公设备 | I25: 2
A26: 7 | B26: 山卡拉 | F26: 改扩建维修 | G26: 2018 | H26: 卫生室业务用房维修、扩建，配备血压计、病床、办公桌、电脑等17种医疗及办公设备 | I26: 7
A27: 8 | B27: 具乎扎拉 | F27: 新建 | G27: 2018 | H27: 配备血压计、病床、办公桌、电脑等17种医疗及办公设备 | I27: 7
A28: 9 | B28: 公拜岭拉 | F28: 改扩建维修 | G28: 2018 | H28: 卫生室业务用房维修、扩建，配备血压计、病床、办公桌、电脑等17种医疗及办公设备 | I28: 7
A29: 10 | B29: 香加岭拉 | F29: 改扩建维修 | G29: 2018 | H29: 卫生室业务用房维修、扩建，配备血压计、病床、办公桌、电脑等17种医疗及办公设备 | I29: 7
A30: 11 | B30: 若么岭拉 | F30: 改扩建维修 | G30: 2018 | H30: 卫生室业务用房维修、扩建，配备血压计、病床、办公桌、电脑等17种医疗及办公设备 | I30: 7
A31: 12 | B31: 拉昂拉 | F31: 改扩建维修 | G31: 2018 | H31: 卫生室业务用房维修、扩建，配备血压计、病床、办公桌、电脑等17种医疗及办公设备 | I31: 7
... A33: 14 | B33: 先群拉 | F33: 改扩建维修 | G33: 2019 | H33: 卫生室业务用房维修、扩建，配备血压计、病床、办公桌、电脑等17种医疗及办公设备 | I33: 10
A34: 三 | B34: 初麻乡 | I34: =SUM(I35:I41) -> 18.5
A35: 1 | B35: 初一村 | F35: 改扩建维修 | G35: 2016 | H35: 卫生室业务用房维修及配备血压计、病床、办公桌、电脑等17种医疗及办公设备 | I35: 1.5
A36: 2 | B36: 安具乎村 | F36: 新建 | G36: 2017 | H36: 配备血压计、病床、办公桌、电脑等17种医疗及办公设备 | I36: 2
A37: 3 | B37: 塔麻村 | F37: 新建 | G37: 2017 | H37: 配备血压计、病床、办公桌、电脑等17种医疗及办公设备 | I37: 2
A38: 4 | B38: 安关村 | F38: 新建 | G38: 2017 | H38: 配备血压计、病床、办公桌、电脑等18种医疗及办公设备 | I38: 2
A39: 5 | B39: 安关村 | F39: 新建 | G39: 2018 | H39: 配备血压计、病床、办公桌、电脑等17种医疗及办公设备 | I39: 2
A40: 6 | B40: 滩果村 | F40: 改扩建维修 | G40: 2018 | H40: 卫生室业务用房维修、扩建，配备血压计、病床、办公桌、电脑等17种医疗及办公设备 | I40: 7
A41: 7 | B41: 沙尔洞村 | F41: 改扩建维修 | G41: 2019 | H41: 卫生室业务用房维修、扩建，配备血压计、病床、办公桌、电脑等17种医疗及办公设备 | I41: 2
A42: 四 | B42: 德恒隆乡 | I42: =SUM(I43:I48) -> 15
A43: 1 | B43: 若素村 | F43: 新建 | G43: 2017 | H43: 配备血压计、病床、办公桌、电脑等17种医疗及办公设备 | I43: 2
A44: 2 | B44: 石乃海村 | F44: 新建 | G44: 2017 | H44: 配备血压计、病床、办公桌、电脑等17种医疗及办公设备 | I44: 2
A45: 3 | B45: 西后加 | F45: 新建 | G45: 2018 | I45: 2
A46: 4 | B46: 加家村 | F46: 改扩建维修 | G46: 2018 | H46: 卫生室业务用房维修、扩建，配备血压计、病床、办公桌、电脑等17种医疗及办公设备 | I46: 7
A47: 5 | B47: 哇加村 | F47: 新建 | G47: 2018 | H47: 配备血压计、病床、办公桌、电脑等17种医疗及办公设备 | I47: 2
A48: 6 | B48: 德一 | G48: 2019
A49: 五 | B49: 二塘乡 | I49: =SUM(I50:I56) -> 33.5
A50: 1 | B50: 尕什加 | F50: 改扩建维修 | G50: 2016 | H50: 卫生室业务用房维修及配备血压计、病床、办公桌、电脑等17种医疗及办公设备 | I50: 1
A51: 2 | B51: 科却 | F51: 新建 | G51: 2016 | H51: 45平方米标准化村卫生室及水电暖辅助设施、配备血压计、病床、办公桌、电脑等17种医疗及办公设备 | I51: 1
A52: 3 | B52: 隆 欠 | F52: 新建 | G52: 2017 | H52: 配备血压计、病床、办公桌、电脑等17种医疗及办公设备 | I52: 2
A53: 4 | B53: 二塘沟 | F53: 改扩建维修 | G53: 2017 | H53: 卫生室业务用房维修及配备血压计、病床、办公桌、电脑等17种医疗及办公设备 | I53: 5.5
A54: 5 | B54: 格 许 | F54: 新建 | G54: 2017 | H54: 卫生室业务用房维修及配备血压计、病床、办公桌、电脑等17种医疗及办公设备 | I54: 2
A55: 6 | B55: 红牙合 | F55: 新建 | G55: 2018 | H55: 配备血压计、病床、办公桌、电脑等17种医疗及办公设备 | I55: 2
A56: 7 | B56: 尕吾山 | F56: 新建 | G56: 2019 | H56: 新建60平方米卫生室，配备血压计、病床、办公桌、电脑等17种医疗及办公设备 | I56: 20
A57: 六 | B57: 牙什尕镇 | I57: =SUM(I58:I63) -> 19.5
A58: 1 | B58: 塘一 | F58: 改扩建维修 | G58: 2016 | H58: 卫生室业务用房维修及配备血压计、病床、办公桌、电脑等17种医疗及办公设备 | I58: 1.5
A59: 2 | B59: 参二村 | F59: 新建 | G59: 2017 | H59: 配备血压计、病床、办公桌、电脑等17种医疗及办公设备 | I59: 2
A60: 3 | B60: 参三 | F60: 新建 | G60: 2018 | H60: 配备血压计、病床、办公桌、电脑等17种医疗及办公设备 | I60: 2
A61: 4 | B61: 塘三 | F61: 新建 | G61: 2018 | H61: 配备血压计、病床、办公桌、电脑等17种医疗及办公设备 | I61: 2
A62: 5 | B62: 哇尔江村 | F62: 新建 | G62: 2018 | H62: 配备血压计、病床、办公桌、电脑等17种医疗及办公设备 | I62: 2
A63: 6 | B63: 牙什尕村 | F63: 改扩建维修 | G63: 2019 | H63: 卫生室业务用房维修、扩建，配备血压计、病床、办公桌、电脑等17种医疗及办公设备 | I63: 10
A64: 七 | B64: 甘都镇 | I64: =SUM(I65:I72) -> 33
A65: 1 | B65: 东六 | F65: 新建 | G65: 2016 | H65: 配备血压计、病床、办公桌、电脑等17种医疗及办公设备 | I65: 6
A66: 2 | B66: 甘都街村 | F66: 新建 | G66: 2017 | H66: 配备血压计、病床、办公桌、电脑等17种医疗及办公设备 | I66: 2
A67: 3 | B67: 关巴村 | F67: 新建 | G67: 2017 | H67: 配备血压计、病床、办公桌、电脑等17种医疗及办公设备 | I67: 2
A68: 4 | B68: 牙路乎 | F68: 新建 | G68: 2018 | H68: 配备血压计、病床、办公桌、电脑等17种医疗及办公设备 | I68: 2
A69: 5 | B69: 上四 | F69: 新建 | G69: 2018 | H69: 配备血压计、病床、办公桌、电脑等17种医疗及办公设备 | I69: 2
A70: 6 | B70: 西滩 | F70: 改扩建维修 | G70: 2018 | H70: 卫生室业务用房维修、扩建，配备血压计、病床、办公桌、电脑等17种医疗及办公设备 | I70: 7
A71: 7 | B71: 阿化 | F71: 改扩建维修 | G71: 2019 | H71: 卫生室业务用房维修、扩建，配备血压计、病床、办公桌、电脑等17种医疗及办公设备 | I71: 10
A72: 8 | B72: 东七 | F72: 新建 | G72: 2019 | H72: 配备血压计、病床、办公桌、电脑等17种医疗及办公设备 | I72: 2
A73: 八 | B73: 金源乡 | I73: =SUM(I74:I78) -> 21
A74: 1 | B74: 日古 | F74: 改扩建维修 | G74: 2016 | H74: 卫生室业务用房维修及配备血压计、病床、办公桌、电脑等17种医疗及办公设备 | I74: 3
A75: 2 | B75: 尖科村 | F75: 新建 | G75: 2017 | H75: 配备血压计、病床、办公桌、电脑等17种医疗及办公设备 | I75: 2
A76: 3 | B76: 下什堂 | F76: 改扩建维修 | G76: 2018 | H76: 卫生室业务用房维修、扩建，配备血压计、病床、办公桌、电脑等17种医疗及办公设备 | I76: 7
A77: 4 | B77: 安关雄哇 | F77: 改扩建维修 | G77: 2018 | H77: 卫生室业务用房维修、扩建，配备血压计、病床、办公桌、电脑等17种医疗及办公设备 | I77: 7
A78: 5 | B78: 旦麻 | F78: 新建 | G78: 2019 | H78: 配备血压计、病床、办公桌、电脑等17种医疗及办公设备 | I78: 2
A79: 九 | B79: 群科镇 | I79: =SUM(I80:I89) -> 49
A80: 1 | B80: 公义 | F80: 新建 | G80: 2016 | H80: 配备血压计、病床、办公桌、电脑等17种医疗及办公设备 | I80: 1
A81: 2 | B81: 水库滩村 | F81: 新建 | G81: 2017 | H81: 配备血压计、病床、办公桌、电脑等17种医疗及办公设备 | I81: 2
A82: 3 | B82: 安达其哈村 | F82: 新建 | G82: 2017 | H82: 配备血压计、病床、办公桌、电脑等17种医疗及办公设备 | I82: 2
A83: 4 | B83: 雪什藏村 | F83: 新建 | G83: 2017 | H83: 配备血压计、病床、办公桌、电脑等17种医疗及办公设备 | I83: 2
A84: 5 | B84: 乙沙二村 | F84: 新建 | G84: 2018 | H84: 60平方米标准化村卫生室及水电暖辅助设施、配备血压计、病床、办公桌、电脑等17种医疗及办公设备 | I84: 14
A85: 6 | B85: 若加村 | F85: 改扩建维修 | G85: 2018 | H85: 卫生室业务用房维修、扩建，配备血压计、病床、办公桌、电脑等17种医疗及办公设备 | I85: 7
A86: 7 | B86: 科木其 | F86: 新建 | G86: 2018 | H86: 配备血压计、病床、办公桌、电脑等17种医疗及办公设备 | I86: 2
A87: 8 | B87: 加洛乎 | F87: 新建 | G87: 2018 | H87: 配备血压计、病床、办公桌、电脑等17种医疗及办公设备 | I87: 7
A88: 9 | B88: 舍仁 | F88: 改扩建维修 | G88: 2019 | H88: 卫生室业务用房维修、扩建，配备血压计、病床、办公桌、电脑等17种医疗及办公设备 | I88: 10
A89: 10 | B89: 格尔麻 | F89: 新建 | G89: 2019 | H89: 配备血压计、病床、办公桌、电脑等17种医疗及办公设备 | I89: 2
A90: 十 | B90: 石大仓 | I90: =SUM(I91:I97) -> 28
A91: 1 | B91: 沙让 | F91: 改扩建维修 | G91: 2016 | H91: 卫生室业务用房维修及配备血压计、病床、办公桌、电脑等17种医疗及办公设备 | I91: 1.5
A92: 2 | B92: 文加山 | F92: 改扩建维修 | G92: 2016 | H92: 卫生室业务用房维修及配备血压计、病床、办公桌、电脑等17种医疗及办公设备 | I92: 1.5
A93: 3 | B93: 支哈堂村 | F93: 新建 | G93: 2017 | H93: 配备血压计、病床、办公桌、电脑等17种医疗及办公设备 | I93: 2
A94: 4 | B94: 吉加村 | F94: 改扩建维修 | G94: 2018 | H94: 卫生室业务用房维修、扩建及配备血压计、病床、办公桌、电脑等17种医疗及办公设备 | I94: 7
A95: 5 | B95: 大加沿 | F95: 改扩建维修 | G95: 2018 | H95: 卫生室业务用房维修、扩建及配备血压计、病床、办公桌、电脑等17种医疗及办公设备 | I95: 7
A96: 6 | B96: 关藏 | F96: 改扩建维修 | G96: 2018 | H96: 卫生室业务用房维修、扩建及配备血压计、病床、办公桌、电脑等17种医疗及办公设备 | I96: 7
A97: 7 | B97: 斯吉海 | F97: 新建 | G97: 2019 | H97: 配备血压计、病床、办公桌、电脑等17种医疗及办公设备 | I97: 2
A98: 十一 | B98: 塔加乡 | I98: =SUM(I99:I102) -> 22
A99: 1 | B99: 德扎 | F99: 新建 | G99: 2016 | H99: 配备血压计、病床、办公桌、电脑等17种医疗及办公设备 | I99: 3
A100: 2 | B100: 贡什加村 | F100: 新建 | G100: 2017 | H100: 配备血压计、病床、办公桌、电脑等17种医疗及办公设备 | I100: 2
A101: 3 | B101: 曹旦么 | F101: 新建 | G101: 2018 | H101: 配备血压计、病床、办公桌、电脑等17种医疗及办公设备 | I101: 7
...

Sheet 金融扶持
A1: 化隆县“十三五”脱贫攻坚规划金融扶持专项工程建设项目及投资表
A2: 序号 | B2: 乡（镇）、村名 | C2: 项目受益贫困户 | E2: 建设性质 | F2: 建设年限 | G2: 规划内容与规模 | H2: 投资 （万元）
C3: 户数 | D3: 人数
A4: 全县合计 | C4: =SUM(C5:C6) -> 8564 | D4: =SUM(D5:D6) -> 5757 | H4: =SUM(H5:H6) -> 40903
A5: 1 | B5: “530”小额贷款 | C5: 2126 | D5: 5757 | E5: 新建 | F5: 2016-2017 | G5: 发放拉面贷款657户，金额2784万元。养殖贷款934户，金额3714万元。采挖虫草贷款89户，355万元。种植业贷款43户，金额146万元。其他从事铝合金加工、小百货经营类等贷款196户，金额776.5万元。 | H5: 8903
A6: 2 | B6: “530”小额扶贫贷款 | C6: 6438 | E6: 新建 | F6: 2018-2020 | G6: 对全县17个乡镇2个管委会、144个贫困村、8564户贫困户中的“三有一无”贫困户“530”小额扶贫贷款全覆盖。 | H6: 32000

Sheet 危旧房改造
A1: 化隆县“十三五”脱贫攻坚规划危房改造及美丽乡村工程建设项目及投资表
A2: 序号 | B2: 项目名称 | C2: 项目受益贫困户 | E2: 建设性质 | F2: 建设年限 | G2: 规划内容与规模 | H2: 投资 （万元）
C3: 户数 | D3: 人数
A4: 全县合计 | H4: =H5+H9 -> 42467.5
A5: 一 | B5: 危房改造项目 | C5: =SUM(C6:C8) -> 15063 | H5: =SUM(H6:H8) -> 37657.5
A6: 1 | B6: 2016年危房改造 | C6: 4070 | E6: 改造 | F6: 2016 | G6: 改造4070户危房，户均60㎡ | H6: =C6*2.5 -> 10175
A7: 2 | B7: 2017年危房改造 | C7: 6221 | E7: 改造 | F7: 2017 | G7: 改造6221户危房，户均60㎡ | H7: =C7*2.5 -> 15552.5
A8: 3 | B8: 2018年危房改造 | C8: 4772 | E8: 改造 | F8: 2018 | G8: 改造4772户危房，户均60㎡ | H8: =C8*2.5 -> 11930
A9: 二 | B9: 美丽乡村建设项目 | H9: =SUM(H10:H12) -> 4810
A10: 1 | B10: 2016年美丽乡村建设项目 | E10: 新建 | F10: 2016 | G10: 规划建设30个村。主要建设广场、箭场、农户大门、农户砖墙、村内小砖墙、铁艺 | H10: 3380
A11: 2 | B11: 2017年美丽乡村建设项目 | E11: 新建 | F11: 2017 | G11: 规划建设9个村。主要建设广场、箭场、农户大门、农户砖墙、村内小砖墙、铁艺 | H11: 1170
A12: 3 | B12: 2018年美丽乡村建设项目 | E12: 新建 | F12: 2018 | G12: 规划建设2个村。主要建设广场、箭场、农户大门、农户砖墙、村内小砖墙、铁艺 | H12: 260

Sheet 总表
A1: 化隆县“十三五”脱贫攻坚规划投资汇总表
A2: 序号 | B2: 项目名称 | C2: 投资（万元）
C3: 合计 | D3: 财政资金 | E3: 行业资金 | F3: 金融资金
A4: 一 | B4: “八个一批”专项行动计划 | C4: =SUM(C5:C12) -> #REF! | D4: =SUM(D5:D12) -> 50141.841 | E4: =SUM(E5:E12) -> #REF! | F4: =SUM(F5:F12) -> 0 | G4: =C4/C24 -> #REF!
A5: 1 | B5: 发展产业脱贫一批 | C5: ='产业扶持'!H4 -> 13553.23 | D5: =C5 -> 13553.23
A6: 2 | B6: 资产收益脱贫一批 | C6: ='资产收益'!H4 -> 8160.82 | D6: =C6 -> 8160.82
A7: 3 | B7: 转移就业脱贫一批 | C7: ='转移就业'!H4 -> 14612.88 | D7: ='转移就业'!H5+'转移就业'!H10+'转移就业'!H15 -> 9310 | E7: ='转移就业'!H20 -> 5302.88
A8: 4 | B8: 易地搬迁脱贫一批 | C8: ='易地搬迁'!I4 -> 19117.791 | D8: =C8 -> 19117.791
A9: 5 | B9: 教育支持脱贫一批 | C9: =#REF! -> #REF! | E9: =C9 -> #REF!
A10: 6 | B10: 医疗救助脱贫一批
A11: 7 | B11: 生态保护脱贫一批 | C11: ='林业生态'!F4 -> 4204.88 | E11: =C11 -> 4204.88
A12: 8 | B12: 低保兜底脱贫一批 | C12: ='低保兜底'!H4 -> 22693.123 | E12: =C12 -> 22693.123
A13: 二 | B13: “十个行业”专项扶贫工程 | C13: =SUM(C14:C23) -> #REF! | D13: =SUM(D14:D23) -> 0 | E13: =SUM(E14:E23) -> #REF! | F13: =SUM(F14:F23) -> #REF! | G13: =C13/C24 -> #REF!
A14: 1 | B14: 交通扶贫专项工程 | C14: =#REF! -> #REF! | E14: =#REF! -> #REF! | F14: =#REF! -> #REF!
A15: 2 | B15: 水利扶贫专项工程 | C15: ='水利'!I4 -> 11708.433 | E15: =C15 -> 11708.433
A16: 3 | B16: 电力扶贫专项工程 | C16: =#REF! -> #REF! | E16: =C16 -> #REF!
A17: 4 | B17: 医疗卫生扶贫专项工程 | C17: ='卫生'!I4 -> 581.5 | E17: =C17 -> 581.5
A18: 5 | B18: 通信扶贫专项工程 | C18: ='通信'!G3 -> 4822.73 | E18: =C18 -> 4822.73
A19: 6 | B19: 文化惠民扶贫专项工程 | C19: ='文化惠民'!I4 -> 6665.7 | E19: =C19 -> 6665.7
A20: 7 | B20: 金融扶贫专项工程 | C20: ='金融扶持'!H4 -> 40903 | F20: =C20 -> 40903
A21: 8 | B21: 科技扶贫专项工程
A22: 9 | B22: 电子商务和市场体系 | C22: ='电子商务'!H4 -> 728 | E22: =C22 -> 728
A23: 10 | B23: 危旧房改造扶贫专项工程 | C23: ='危旧房改造'!H4 -> 42467.5 | E23: =C23 -> 42467.5
A24: 总计 | C24: =C4+C13 -> #REF! | D24: =D4+D13 -> 50141.841 | E24: =E4+E13 -> #REF! | F24: =F4+F13 -> #REF!
D25: =D24/C24 -> #REF! | E25: =E24/C24 -> #REF! | F25: =F24/C24 -> #REF!

Sheet 分年度投资表
A1: 化隆县“十三五”脱贫攻坚规划分年度估算表
A2: 序号 | B2: 项目名称 | C2: 合计 | D2: 2016年 | E2: 2017年 | F2: 2018年 | G2: 2019年 | H2: 2020年
A3: 一 | B3: “八个一批”专项行动计划 | C3: =SUM(D3:H3) -> 89949.799 | D3: =SUM(D4:D11) -> 22656.804 | E3: =SUM(E4:E11) -> 28551.655 | F3: =SUM(F4:F11) -> 19483.24 | G3: =SUM(G4:G11) -> 13010 | H3: =SUM(H4:H11) -> 6248.1
A4: 1 | B4: 发展产业脱贫一批 | C4: =SUM(D4:H4) -> 13553.23 | D4: 662.1 | E4: 2607.42 | F4: 7174.39 | G4: 3109.32
A5: 2 | B5: 资产收益脱贫一批 | C5: =SUM(D5:H5) -> 8160.82 | D5: 4122.82 | E5: 2990.4 | F5: 847.8 | G5: 199.8
A6: 3 | B6: 转移就业脱贫一批 | C6: =SUM(D6:H6) -> 14612.88 | D6: 2595.68 | E6: 3735.68 | F6: 3413.84 | G6: 3493.84 | H6: 1373.84
A7: 4 | B7: 易地搬迁脱贫一批 | C7: =SUM(D7:H7) -> 21448 | D7: 10203.5 | E7: 10436 | F7: 808.5
A8: 5 | B8: 教育支持脱贫一批 | C8: =SUM(D8:H8) -> 5276.866 | D8: 745.806 | E8: 2009.7 | F8: 1167.36 | G8: 942 | H8: 412
A9: 6 | B9: 医疗救助脱贫一批 | C9: =SUM(D9:H9) -> 0
A10: 7 | B10: 生态保护脱贫一批 | C10: =SUM(D10:H10) -> 4204.88 | D10: 90 | E10: 2057.07 | F10: 1255.03 | G10: 802.78
A11: 8 | B11: 低保兜底脱贫一批 | C11: =SUM(D11:H11) -> 22693.123 | D11: ='低保兜底'!H5 -> 4236.898 | E11: ='低保兜底'!H6 -> 4715.385 | F11: ='低保兜底'!H7 -> 4816.32 | G11: ='低保兜底'!H8 -> 4462.26 | H11: ='低保兜底'!H9 -> 4462.26
A12: 二 | B12: “十个行业”专项扶贫工程 | C12: =SUM(C13:C22) -> 137504.08 | D12: =SUM(D13:D22) -> 26732.825 | E12: =SUM(E13:E22) -> 39713.678 | F12: =SUM(F13:F22) -> 47228.892 | G12: =SUM(G13:G22) -> 12113.273 | H12: =SUM(H13:H22) -> 11715.417
A13: 1 | B13: 交通扶贫专项工程 | C13: =SUM(D13:H13) -> 6205.489 | D13: 882.546 | E13: 2426.518 | F13: 2896.425
A14: 2 | B14: 水利扶贫专项工程 | C14: =SUM(D14:H14) -> 11708.433 | D14: 1212.0896 | E14: 5602.9335 | F14: 4645.5541 | G14: 247.85627
A15: 3 | B15: 电力扶贫专项工程 | C15: =SUM(D15:H15) -> 23421.732 | D15: 3357.7796 | E15: 5622.1166 | F15: 14441.836
A16: 4 | B16: 医疗卫生扶贫专项工程 | C16: =SUM(D16:H16) -> 581.5 | D16: 54 | E16: 130.5 | F16: 247 | G16: 150
A17: 5 | B17: 通信扶贫专项工程 | C17: =SUM(D17:H17) -> 4822.73 | D17: 928.41 | E17: 928.41 | F17: 928.41 | G17: 1018.75 | H17: 1018.75
A18: 6 | B18: 文化惠民扶贫专项工程 | C18: =SUM(D18:H18) -> 6665.7 | D18: 1711.5 | E18: 3681.2 | F18: 1213 | G18: 30 | H18: 30
A19: 7 | B19: 金融扶贫专项工程 | C19: =SUM(D19:H19) -> 40903 | D19: 4451.5 | E19: 4451.5 | F19: 10666.667 | G19: 10666.667 | H19: 10666.667
A20: 8 | B20: 科技扶贫专项工程 | C20: =SUM(D20:H20) -> 0
A21: 9 | B21: 电子商务和市场体系 | C21: =SUM(D21:H21) -> 728 | D21: 580 | E21: 148
A22: 10 | B22: 危旧房改造扶贫专项工程 | C22: =SUM(D22:H22) -> 42467.5 | D22: 13555 | E22: 16722.5 | F22: 12190
A23: 总计 | C23: =C3+C12 -> 227453.88 | D23: =D3+D12 -> 49389.629 | E23: =E3+E12 -> 68265.333 | F23: =F3+F12 -> 66712.132 | G23: =G3+G12 -> 25123.273 | H23: =H3+H12 -> 17963.517
D24: =D23/C23 -> 0.21714129 | E24: =E23/C23 -> 0.30012824 | F24: =F23/C23 -> 0.29329959 | G24: =G23/C23 -> 0.11045436 | H24: =H23/C23 -> 0.078976522

Sheet 脱贫计划
A1: 化隆县脱贫攻坚规划分年度贫困村退出、贫困人口脱贫计划表
A2: 年度 | B2: 退出贫困村数 | C2: 脱贫人口
C3: 户数 | D3: 人数
A4: 2016年 | B4: 27 | C4: 1953 | D4: 7212
A5: 2017年 | B5: 42 | C5: 3205 | D5: 11671
A6: 2018年 | B6: 51 | C6: 2138 | D6: 8714
A7: 2019年 | B7: 21 | C7: 2345 | D7: 8730
A8: 总计 | B8: =SUM(B4:B7) -> 141 | C8: =SUM(C4:C7) -> 9641 | D8: =SUM(D4:D7) -> 36327
F24: 228348
F25: 92613
F27: =F25/F24 -> 0.40557833

Sheet 两线合一统计表
A1: 化隆县贫困户统计表
A2: 序号 | B2: 乡、村 | C2: 是否贫困村 | D2: 总户数 | E2: 总人数 | F2: 一般贫困户 | H2: 低保贫困户 | J2: 低保户
F3: 户数 | G3: 人数 | H3: 户数 | I3: 人数 | J3: 户数 | K3: 人数
A4: 全县合计 | D4: 9641 | E4: 36327 | F4: =F5+F22+F55+F94+F107+F124+F146+F164+F190+F194+F209+F211+F241+F254+F272+F282+F301+F326+F347 -> 5554 | G4: =G5+G22+G55+G94+G107+G124+G146+G164+G190+G194+G209+G211+G241+G254+G272+G282+G301+G326+G347 -> 21638 | H4: =H5+H22+H55+H94+H107+H124+H146+H164+H190+H194+H209+H211+H241+H254+H272+H282+H301+H326+H347 -> 1991 | I4: =I5+I22+I55+I94+I107+I124+I146+I164+I190+I194+I209+I211+I241+I254+I272+I282+I301+I326+I347 -> 7627 | J4: =J5+J22+J55+J94+J107+J124+J146+J164+J190+J194+J209+J211+J241+J254+J272+J282+J301+J326+J347 -> 2094 | K4: =K5+K22+K55+K94+K107+K124+K146+K164+K190+K194+K209+K211+K241+K254+K272+K282+K301+K326+K347 -> 7061
A5: 一 | B5: 阿什努乡 | D5: =SUM(D6:D21) -> 292 | E5: =SUM(E6:E21) -> 1062 | F5: =SUM(F6:F21) -> 119 | G5: =SUM(G6:G21) -> 432 | H5: =SUM(H6:H21) -> 83 | I5: =SUM(I6:I21) -> 316 | J5: =SUM(J6:J21) -> 90 | K5: =SUM(K6:K21) -> 314
A6: 1 | B6: 阿藏吾具村 | D6: =F6+H6+J6 -> 11 | E6: =G6+I6+K6 -> 46 | F6: 4 | G6: 15 | H6: 3 | I6: 13 | J6: 4 | K6: 18
A7: 2 | B7: 列仁村 | D7: =F7+H7+J7 -> 7 | E7: =G7+I7+K7 -> 22 | F7: 2 | G7: 8 | H7: 3 | I7: 10 | J7: 2 | K7: 4
A8: 3 | B8: 阿二村 | D8: =F8+H8+J8 -> 28 | E8: =G8+I8+K8 -> 97 | F8: 12 | G8: 32 | H8: 6 | I8: 30 | J8: 10 | K8: 35
A9: 4 | B9: 阿一村 | D9: =F9+H9+J9 -> 19 | E9: =G9+I9+K9 -> 73 | F9: 6 | G9: 24 | H9: 5 | I9: 23 | J9: 8 | K9: 26
A10: 5 | B10: 全吉村 | D10: =F10+H10+J10 -> 32 | E10: =G10+I10+K10 -> 111 | F10: 9 | G10: 35 | H10: 12 | I10: 44 | J10: 11 | K10: 32
A11: 6 | B11: 若兰村 | D11: =F11+H11+J11 -> 9 | E11: =G11+I11+K11 -> 34 | F11: 3 | G11: 11 | H11: 3 | I11: 11 | J11: 3 | K11: 12
A12: 7 | B12: 白加村 | D12: =F12+H12+J12 -> 14 | E12: =G12+I12+K12 -> 61 | F12: 4 | G12: 19 | H12: 6 | I12: 24 | J12: 4 | K12: 18
A13: 8 | B13: 拉卡村 | D13: =F13+H13+J13 -> 30 | E13: =G13+I13+K13 -> 109 | F13: 16 | G13: 62 | H13: 6 | I13: 22 | J13: 8 | K13: 25
A14: 9 | B14: 俄加村 | D14: =F14+H14+J14 -> 19 | E14: =G14+I14+K14 -> 58 | F14: 7 | G14: 17 | H14: 7 | I14: 23 | J14: 5 | K14: 18
A15: 10 | B15: 尕加村 | D15: =F15+H15+J15 -> 15 | E15: =G15+I15+K15 -> 68 | F15: 5 | G15: 22 | H15: 5 | I15: 22 | J15: 5 | K15: 24
A16: 11 | B16: 刘什洞村 | D16: =F16+H16+J16 -> 19 | E16: =G16+I16+K16 -> 73 | F16: 11 | G16: 42 | H16: 3 | I16: 15 | J16: 5 | K16: 16
A17: 12 | B17: 纳哈隆村 | D17: =F17+H17+J17 -> 18 | E17: =G17+I17+K17 -> 66 | F17: 5 | G17: 21 | H17: 5 | I17: 18 | J17: 8 | K17: 27
... A21: 16 | B21: 羊隆村 | D21: =F21+H21+J21 -> 21 | E21: =G21+I21+K21 -> 77 | F21: 11 | G21: 41 | H21: 4 | I21: 15 | J21: 6 | K21: 21
A22: 二 | B22: 昂思多镇 | D22: =SUM(D23:D54) -> 789 | E22: =SUM(E23:E54) -> 2861 | F22: =SUM(F23:F54) -> 428 | G22: =SUM(G23:G54) -> 1564 | H22: =SUM(H23:H54) -> 179 | I22: =SUM(I23:I54) -> 682 | J22: =SUM(J23:J54) -> 182 | K22: =SUM(K23:K54) -> 615
A23: 1 | B23: 白土庄村 | D23: =F23+H23+J23 -> 15 | E23: =G23+I23+K23 -> 47 | F23: 5 | G23: 17 | H23: 4 | I23: 14 | J23: 6 | K23: 16
A24: 2 | B24: 德加村 | D24: =F24+H24+J24 -> 39 | E24: =G24+I24+K24 -> 111 | F24: 15 | G24: 43 | H24: 7 | I24: 35 | J24: 17 | K24: 33
A25: 3 | B25: 尔尕昂村 | D25: =F25+H25+J25 -> 38 | E25: =G25+I25+K25 -> 132 | F25: 12 | G25: 42 | H25: 17 | I25: 46 | J25: 9 | K25: 44
A26: 4 | B26: 尕么甫村 | D26: =F26+H26+J26 -> 39 | E26: =G26+I26+K26 -> 123 | F26: 17 | G26: 55 | H26: 9 | I26: 35 | J26: 13 | K26: 33
A27: 5 | B27: 尕什加村 | D27: =F27+H27+J27 -> 44 | E27: =G27+I27+K27 -> 141 | F27: 23 | G27: 73 | H27: 10 | I27: 32 | J27: 11 | K27: 36
A28: 6 | B28: 尕吾塘村 | D28: =F28+H28+J28 -> 28 | E28: =G28+I28+K28 -> 126 | F28: 22 | G28: 100 | H28: 3 | I28: 14 | J28: 3 | K28: 12
A29: 7 | B29: 公拜岭村 | D29: =F29+H29+J29 -> 19 | E29: =G29+I29+K29 -> 74 | F29: 14 | G29: 51 | H29: 3 | I29: 11 | J29: 2 | K29: 12
A30: 8 | B30: 公布昂村 | D30: =F30+H30+J30 -> 8 | E30: =G30+I30+K30 -> 40 | F30: 3 | G30: 16 | H30: 3 | I30: 15 | J30: 2 | K30: 9
A31: 9 | B31: 关沙村 | D31: =F31+H31+J31 -> 34 | E31: =G31+I31+K31 -> 108 | F31: 14 | G31: 43 | H31: 9 | I31: 33 | J31: 11 | K31: 32
A32: 10 | B32: 关相口村 | D32: =F32+H32+J32 -> 18 | E32: =G32+I32+K32 -> 72 | F32: 11 | G32: 44 | H32: 5 | I32: 21 | J32: 2 | K32: 7
A33: 11 | B33: 河滩庄村 | D33: =F33+H33+J33 -> 12 | E33: =G33+I33+K33 -> 37 | F33: 6 | G33: 13 | H33: 2 | I33: 12 | J33: 4 | K33: 12
A34: 12 | B34: 红二村 | D34: =F34+H34+J34 -> 15 | E34: =G34+I34+K34 -> 52 | F34: 6 | G34: 20 | H34: 6 | I34: 19 | J34: 3 | K34: 13
... A54: 32 | B54: 扎浪滩村 | D54: =F54+H54+J54 -> 29 | E54: =G54+I54+K54 -> 110 | F54: 10 | G54: 38 | H54: 10 | I54: 43 | J54: 9 | K54: 29
A55: 三 | B55: 巴燕镇 | D55: =SUM(D56:D93) -> 1270 | E55: =SUM(E56:E93) -> 4555 | F55: =SUM(F56:F93) -> 783 | G55: =SUM(G56:G93) -> 2839 | H55: =SUM(H56:H93) -> 261 | I55: =SUM(I56:I93) -> 898 | J55: =SUM(J56:J93) -> 226 | K55: =SUM(K56:K93) -> 818
A56: 1 | B56: 阿扎卜扎村 | D56: =F56+H56+J56 -> 31 | E56: =G56+I56+K56 -> 104 | F56: 13 | G56: 45 | H56: 11 | I56: 33 | J56: 7 | K56: 26
A57: 2 | B57: 北街村 | D57: =F57+H57+J57 -> 29 | E57: =G57+I57+K57 -> 104 | F57: 13 | G57: 52 | H57: 10 | I57: 34 | J57: 6 | K57: 18
A58: 3 | B58: 卜隆村 | D58: =F58+H58+J58 -> 25 | E58: =G58+I58+K58 -> 79 | F58: 14 | G58: 45 | H58: 6 | I58: 17 | J58: 5 | K58: 17
A59: 4 | B59: 藏滩村 | D59: =F59+H59+J59 -> 27 | E59: =G59+I59+K59 -> 114 | F59: 15 | G59: 62 | H59: 6 | I59: 24 | J59: 6 | K59: 28
A60: 5 | B60: 缠么村 | D60: =F60+H60+J60 -> 32 | E60: =G60+I60+K60 -> 103 | F60: 23 | G60: 78 | H60: 4 | I60: 15 | J60: 5 | K60: 10
A61: 6 | B61: 东上村 | D61: =F61+H61+J61 -> 27 | E61: =G61+I61+K61 -> 83 | F61: 20 | G61: 62 | H61: 3 | I61: 10 | J61: 4 | K61: 11
A62: 7 | B62: 东下村 | D62: =F62+H62+J62 -> 33 | E62: =G62+I62+K62 -> 91 | F62: 22 | G62: 54 | H62: 5 | I62: 17 | J62: 6 | K62: 20
A63: 8 | B63: 尕西沟村 | D63: =F63+H63+J63 -> 45 | E63: =G63+I63+K63 -> 161 | F63: 31 | G63: 110 | H63: 7 | I63: 20 | J63: 7 | K63: 31
A64: 9 | B64: 哈洞村 | D64: =F64+H64+J64 -> 27 | E64: =G64+I64+K64 -> 97 | F64: 18 | G64: 68 | H64: 5 | I64: 12 | J64: 4 | K64: 17
A65: 10 | B65: 后沟村 | D65: =F65+H65+J65 -> 37 | E65: =G65+I65+K65 -> 124 | F65: 31 | G65: 103 | H65: 3 | I65: 9 | J65: 3 | K65: 12
A66: 11 | B66: 金家庄村 | D66: =F66+H66+J66 -> 114 | E66: =G66+I66+K66 -> 357 | F66: 92 | G66: 285 | H66: 14 | I66: 42 | J66: 8 | K66: 30
A67: 12 | B67: 克么村 | D67: =F67+H67+J67 -> 31 | E67: =G67+I67+K67 -> 153 | F67: 25 | G67: 126 | H67: 3 | I67: 15 | J67: 3 | K67: 12
... A93: 38 | B93: 中拉干村 | D93: =F93+H93+J93 -> 45 | E93: =G93+I93+K93 -> 169 | F93: 20 | G93: 72 | H93: 18 | I93: 71 | J93: 7 | K93: 26
A94: 四 | B94: 查甫藏族乡 | D94: =SUM(D95:D106) -> 200 | E94: =SUM(E95:E106) -> 748 | F94: =SUM(F95:F106) -> 70 | G94: =SUM(G95:G106) -> 273 | H94: =SUM(H95:H106) -> 64 | I94: =SUM(I95:I106) -> 249 | J94: =SUM(J95:J106) -> 66 | K94: =SUM(K95:K106) -> 226
A95: 1 | B95: 查二村 | D95: =F95+H95+J95 -> 14 | E95: =G95+I95+K95 -> 51 | F95: 3 | G95: 8 | H95: 5 | I95: 24 | J95: 6 | K95: 19
A96: 2 | B96: 查让村 | D96: =F96+H96+J96 -> 9 | E96: =G96+I96+K96 -> 41 | F96: 1 | G96: 8 | H96: 6 | I96: 24 | J96: 2 | K96: 9
A97: 3 | B97: 查一村 | D97: =F97+H97+J97 -> 18 | E97: =G97+I97+K97 -> 60 | F97: 2 | G97: 6 | H97: 8 | I97: 27 | J97: 8 | K97: 27
A98: 4 | B98: 东台村 | D98: =F98+H98+J98 -> 22 | E98: =G98+I98+K98 -> 93 | F98: 14 | G98: 61 | H98: 4 | I98: 17 | J98: 4 | K98: 15
A99: 5 | B99: 加斜村 | D99: =F99+H99+J99 -> 10 | E99: =G99+I99+K99 -> 36 | F99: 2 | G99: 8 | H99: 2 | I99: 8 | J99: 6 | K99: 20
A100: 6 | B100: 来洞村 | D100: =F100+H100+J100 -> 10 | E100: =G100+I100+K100 -> 41 | F100: 2 | G100: 8 | H100: 4 | I100: 17 | J100: 4 | K100: 16
A101: 7 | B101: 上曲加村 | D101: =F101+H101+J101 -> 40 | E101: =G101+I101+K101 -> 154 | F101: 31 | G101: 114 | H101: 5 | I101: 24 | J101: 4 | K101: 16
A102: 8 | B102: 素拉村 | D102: =F102+H102+J102 -> 9 | E102: =G102+I102+K102 -> 40 | F102: 2 | G102: 8 | H102: 4 | I102: 16 | J102: 3 | K102: 16
A103: 9 | B103: 下曲加村 | D103: =F103+H103+J103 -> 24 | E103: =G103+I103+K103 -> 59 | F103: 2 | G103: 8 | H103: 10 | I103: 27 | J103: 12 | K103: 24
A104: 10 | B104: 药水泉村 | D104: =F104+H104+J104 -> 14 | E104: =G104+I104+K104 -> 46 | F104: 3 | G104: 12 | H104: 6 | I104: 18 | J104: 5 | K104: 16
A105: 11 | B105: 跃洞村 | D105: =F105+H105+J105 -> 19 | E105: =G105+I105+K105 -> 86 | F105: 6 | G105: 23 | H105: 6 | I105: 30 | J105: 7 | K105: 33
A106: 12 | B106: 中曲加村 | D106: =F106+H106+J106 -> 11 | E106: =G106+I106+K106 -> 41 | F106: 2 | G106: 9 | H106: 4 | I106: 17 | J106: 5 | K106: 15
A107: 五 | B107: 初麻乡 | D107: =SUM(D108:D123) -> 329 | E107: =SUM(E108:E123) -> 1411 | F107: =SUM(F108:F123) -> 174 | G107: =SUM(G108:G123) -> 804 | H107: =SUM(H108:H123) -> 64 | I107: =SUM(I108:I123) -> 312 | J107: =SUM(J108:J123) -> 91 | K107: =SUM(K108:K123) -> 295
A108: 1 | B108: 安关村 | D108: =F108+H108+J108 -> 19 | E108: =G108+I108+K108 -> 96 | F108: 13 | G108: 71 | H108: 2 | I108: 11 | J108: 4 | K108: 14
A109: 2 | B109: 安具乎村 | D109: =F109+H109+J109 -> 9 | E109: =G109+I109+K109 -> 34 | F109: 5 | G109: 20 | H109: 2 | I109: 8 | J109: 2 | K109: 6
A110: 3 | B110: 初二村 | D110: =F110+H110+J110 -> 33 | E110: =G110+I110+K110 -> 146 | F110: 18 | G110: 84 | H110: 5 | I110: 26 | J110: 10 | K110: 36
A111: 4 | B111: 初一村 | D111: =F111+H111+J111 -> 38 | E111: =G111+I111+K111 -> 167 | F111: 23 | G111: 114 | H111: 9 | I111: 35 | J111: 6 | K111: 18
A112: 5 | B112: 公保吾具村 | D112: =F112+H112+J112 -> 13 | E112: =G112+I112+K112 -> 46 | F112: 9 | G112: 31 | H112: 2 | I112: 10 | J112: 2 | K112: 5
A113: 6 | B113: 拉尕鲁村 | D113: =F113+H113+J113 -> 21 | E113: =G113+I113+K113 -> 87 | F113: 10 | G113: 40 | H113: 5 | I113: 28 | J113: 6 | K113: 19
A114: 7 | B114: 拉许村 | D114: =F114+H114+J114 -> 19 | E114: =G114+I114+K114 -> 80 | F114: 9 | G114: 39 | H114: 4 | I114: 21 | J114: 6 | K114: 20
A115: 8 | B115: 沙尔洞村 | D115: =F115+H115+J115 -> 37 | E115: =G115+I115+K115 -> 168 | F115: 20 | G115: 90 | H115: 8 | I115: 43 | J115: 9 | K115: 35
A116: 9 | B116: 沙让村 | D116: =F116+H116+J116 -> 8 | E116: =G116+I116+K116 -> 35 | F116: 4 | G116: 19 | H116: 1 | I116: 5 | J116: 3 | K116: 11
A117: 10 | B117: 上恰藏村 | D117: =F117+H117+J117 -> 17 | E117: =G117+I117+K117 -> 64 | F117: 4 | G117: 16 | H117: 6 | I117: 27 | J117: 7 | K117: 21
A118: 11 | B118: 塔麻村 | D118: =F118+H118+J118 -> 25 | E118: =G118+I118+K118 -> 132 | F118: 14 | G118: 75 | H118: 4 | I118: 26 | J118: 7 | K118: 31
A119: 12 | B119: 滩果村 | D119: =F119+H119+J119 -> 23 | E119: =G119+I119+K119 -> 105 | F119: 11 | G119: 57 | H119: 6 | I119: 27 | J119: 6 | K119: 21
... A123: 16 | B123: 主庄村 | D123: =F123+H123+J123 -> 21 | E123: =G123+I123+K123 -> 73 | F123: 14 | G123: 51 | H123: 1 | I123: 5 | J123: 6 | K123: 17
A124: 六 | B124: 德恒隆乡 | D124: =SUM(D125:D145) -> 773 | E124: =SUM(E125:E145) -> 2990 | F124: =SUM(F125:F145) -> 433 | G124: =SUM(G125:G145) -> 1724 | H124: =SUM(H125:H145) -> 168 | I124: =SUM(I125:I145) -> 644 | J124: =SUM(J125:J145) -> 172 | K124: =SUM(K125:K145) -> 622
A125: 1 | B125: 安措村 | D125: =F125+H125+J125 -> 21 | E125: =G125+I125+K125 -> 73 | F125: 1 | G125: 3 | H125: 10 | I125: 37 | J125: 10 | K125: 33
A126: 2 | B126: 措扎村 | D126: =F126+H126+J126 -> 16 | E126: =G126+I126+K126 -> 62 | F126: 8 | G126: 27 | H126: 4 | I126: 19 | J126: 4 | K126: 16
A127: 3 | B127: 德二村 | D127: =F127+H127+J127 -> 19 | E127: =G127+I127+K127 -> 89 | F127: 8 | G127: 35 | H127: 5 | I127: 25 | J127: 6 | K127: 29
A128: 4 | B128: 德一村 | D128: =F128+H128+J128 -> 113 | E128: =G128+I128+K128 -> 461 | F128: 85 | G128: 324 | H128: 14 | I128: 68 | J128: 14 | K128: 69
A129: 5 | B129: 东加村 | D129: =F129+H129+J129 -> 45 | E129: =G129+I129+K129 -> 162 | F129: 38 | G129: 130 | H129: 4 | I129: 17 | J129: 3 | K129: 15
A130: 6 | B130: 黄吾具村 | D130: =F130+H130+J130 -> 61 | E130: =G130+I130+K130 -> 224 | F130: 43 | G130: 156 | H130: 11 | I130: 36 | J130: 7 | K130: 32
A131: 7 | B131: 加家村 | D131: =F131+H131+J131 -> 24 | E131: =G131+I131+K131 -> 96 | F131: 12 | G131: 58 | H131: 7 | I131: 21 | J131: 5 | K131: 17
A132: 8 | B132: 卡什代村 | D132: =F132+H132+J132 -> 17 | E132: =G132+I132+K132 -> 75 | F132: 1 | G132: 3 | H132: 8 | I132: 37 | J132: 8 | K132: 35
A133: 9 | B133: 拉村 | D133: =F133+H133+J133 -> 32 | E133: =G133+I133+K133 -> 109 | F133: 8 | G133: 35 | H133: 14 | I133: 39 | J133: 10 | K133: 35
A134: 10 | B134: 列村 | D134: =F134+H134+J134 -> 52 | E134: =G134+I134+K134 -> 205 | F134: 40 | G134: 163 | H134: 6 | I134: 22 | J134: 6 | K134: 20
A135: 11 | B135: 纳加村 | D135: =F135+H135+J135 -> 20 | E135: =G135+I135+K135 -> 78 | F135: 7 | G135: 27 | H135: 6 | I135: 23 | J135: 7 | K135: 28
A136: 12 | B136: 若索村 | D136: =F136+H136+J136 -> 61 | E136: =G136+I136+K136 -> 225 | F136: 44 | G136: 183 | H136: 7 | I136: 20 | J136: 10 | K136: 22
... A145: 21 | B145: 支乎具村 | D145: =F145+H145+J145 -> 49 | E145: =G145+I145+K145 -> 205 | F145: 34 | G145: 156 | H145: 6 | I145: 25 | J145: 9 | K145: 24
A146: 七 | B146: 二塘乡 | D146: =SUM(D147:D163) -> 419 | E146: =SUM(E147:E163) -> 1500 | F146: =SUM(F147:F163) -> 198 | G146: =SUM(G147:G163) -> 798 | H146: =SUM(H147:H163) -> 95 | I146: =SUM(I147:I163) -> 363 | J146: =SUM(J147:J163) -> 126 | K146: =SUM(K147:K163) -> 339
A147: 1 | B147: 大塘村 | D147: =F147+H147+J147 -> 18 | E147: =G147+I147+K147 -> 64 | F147: 8 | G147: 28 | H147: 5 | I147: 19 | J147: 5 | K147: 17
A148: 2 | B148: 二塘村 | D148: =F148+H148+J148 -> 30 | E148: =G148+I148+K148 -> 127 | F148: 12 | G148: 70 | H148: 7 | I148: 30 | J148: 11 | K148: 27
A149: 3 | B149: 二塘沟村 | D149: =F149+H149+J149 -> 8 | E149: =G149+I149+K149 -> 29 | F149: 4 | G149: 17 | H149: 2 | I149: 6 | J149: 2 | K149: 6
A150: 4 | B150: 尕什加村 | D150: =F150+H150+J150 -> 24 | E150: =G150+I150+K150 -> 76 | F150: 13 | G150: 44 | H150: 4 | I150: 17 | J150: 7 | K150: 15
A151: 5 | B151: 尕吾山村 | D151: =F151+H151+J151 -> 29 | E151: =G151+I151+K151 -> 92 | F151: 14 | G151: 45 | H151: 6 | I151: 25 | J151: 9 | K151: 22
A152: 6 | B152: 格许村 | D152: =F152+H152+J152 -> 13 | E152: =G152+I152+K152 -> 49 | F152: 6 | G152: 27 | H152: 2 | I152: 8 | J152: 5 | K152: 14
A153: 7 | B153: 工哇滩二村 | D153: =F153+H153+J153 -> 30 | E153: =G153+I153+K153 -> 89 | F153: 16 | G153: 51 | H153: 6 | I153: 20 | J153: 8 | K153: 18
A154: 8 | B154: 工哇滩一村 | D154: =F154+H154+J154 -> 21 | E154: =G154+I154+K154 -> 75 | F154: 9 | G154: 41 | H154: 6 | I154: 16 | J154: 6 | K154: 18
A155: 9 | B155: 红牙合村 | D155: =F155+H155+J155 -> 14 | E155: =G155+I155+K155 -> 58 | F155: 8 | G155: 33 | H155: 3 | I155: 13 | J155: 3 | K155: 12
A156: 10 | B156: 角扎村 | D156: =F156+H156+J156 -> 14 | E156: =G156+I156+K156 -> 38 | F156: 5 | G156: 19 | H156: 6 | I156: 12 | J156: 3 | K156: 7
A157: 11 | B157: 科却村 | D157: =F157+H157+J157 -> 37 | E157: =G157+I157+K157 -> 128 | F157: 17 | G157: 66 | H157: 11 | I157: 32 | J157: 9 | K157: 30
A158: 12 | B158: 隆欠村 | D158: =F158+H158+J158 -> 17 | E158: =G158+I158+K158 -> 75 | F158: 9 | G158: 44 | H158: 4 | I158: 23 | J158: 4 | K158: 8
...

Sheet Sheet1
A4: 发展目标 | C4: 类 别 | D4: 指 标 | E4: 单位 | F4: 2019年 | G4: 2020年 | H4: 备注
A5: 具体发展目标 | B5: 减贫目标 | C5: 贫困人口 | D5: 现行扶贫标准下贫困人口 | E5: 人 | F5: 36327人全部脱贫 | G5: 巩固提升 | H5: 约束性
C6: 贫困村 | D6: 建档立卡贫困村 | E6: 个 | F6: 144个贫困村全部退出 | G6: 巩固提升 | H6: 约束性
C7: 贫困县 | D7: 国家、省级扶贫开发工作重点县和片区县数量 | E7: 个 | F7: 摘帽 | G7: 巩固提升 | H7: 约束性
C8: 收入 | D8: 贫困农牧民人均可支配收入 | E8: 元 | F8: 4000 | G8: 巩固提升 | H8: 预期性
B9: 基础设施 | C9: 交通 | D9: 贫困村道路通畅率 | E9: % | F9: 100 | G9: 巩固提升 | H9: 约束性
D10: 贫困村通班车比率 | E10: % | F10: 95 | H10: 预期性
C11: 饮水 | D11: 贫困村自来水普及率 | E11: % | F11: 100 | H11: 预期性
D12: 贫困村集中供水率 | E12: % | F12: 100 | G12: 巩固提升 | H12: 预期性
B13: 基本公共服务 | C13: 教育 | D13: 贫困地区义务教育巩固率 | E13: % | F13: 93 | G13: 95 | H13: 约束性
D14: 15岁以上平均受教育年限 | E14: 年 | F14: 10 | G14: 10 | H14: 预期性
C15: 文化 | D15: 贫困户通广播电视率 | E15: % | F15: 100 | G15: 巩固提升 | H15: 预期性
C16: 信息化 | D16: 贫困自然村通宽带（含有线和无线）比率 | E16: % | F16: 100 | G16: 巩固提升 | H16: 预期性
B17: 社会保障 | C17: 养老保险 | D17: 贫困户参加新型农村社会养老保险比率 | E17: % | F17: 100 | G17: 巩固提升 | H17: 预期性
C18: 医疗 | D18: 贫困户新农村合作医疗参与率 | E18: % | F18: 100 | G18: 巩固提升 | H18: 预期性
B19: 安居 | C19: 住房 | D19: 建档立卡贫困户危房改造率 | E19: % | F19: 100 | G19: 巩固提升 | H19: 约束性
C20: 易地搬迁 | D20: 易地搬迁贫困人口数量 | E20: 人 | F20: 3268 | H20: 约束性
B21: 发展产业 | C21: 有劳动能力贫困户参与增收项目比率 | E21: % | F21: 100 | G21: 巩固提升 | H21: 预期性
C22: 每个贫困家庭掌握技能 | E22: 门 | F22: 1 | G22: 巩固提升 | H22: 预期性
